Workbook
Name CapexAmount: Drivers!$K$7:$K$66
Name CapexCategory: Drivers!$I$7:$I$66
Name CapexMonth: Drivers!$J$7:$J$66
Name CapexSalvage: Drivers!$M$7:$M$66
Name CapexSalvageMonth: Drivers!$L$7:$L$66
Name COGS: Drivers!$Z$7:$Z$66
Name cogsBase: Summary!$BS$11
Name CogsCAGR: Drivers!$AA$7:$AA$66
Name DepExp: Drivers!$Q$7:$Q$66
Name DepStop: Drivers!$O$7:$O$66
Name InventoryPct: Drivers!$AL$28
Name MinCash: Drivers!$AL$26
Name Overhead: Drivers!$AC$7:$AC$66
Name OverheadCAGR: Drivers!$AD$7:$AD$66
Name overheadCagrWgtd: Summary!$BU$12
Name PayBonus: Drivers!$AH$7:$AH$66
Name payBonusWgtd: Summary!$BS$14
Name PayCAGR: Drivers!$AI$7:$AI$66
Name payCagrWgtd: Summary!$BU$13
Name PayCommissions: Drivers!$AL$29
Name PayFTE: Drivers!$AF$7:$AF$66
Name PayLoad: Drivers!$AL$30
Name PaySalary: Drivers!$AG$7:$AG$66
Name paySalaryWgtd: Summary!$BS$13
Name Price: Drivers!$X$7:$X$66
Name priceBase: Summary!$BS$10
Name PriceCAGR: Drivers!$Y$7:$Y$66
Name RateCredit: Drivers!$AL$17
Name RateEquity: Drivers!$AL$18
Name RateLong: Drivers!$AL$16
Name RateShort: Drivers!$AL$15
Name SalGain: Drivers!$T$7:$T$66
Name SalOff: Drivers!$R$7:$R$66
Name StartCommon: Drivers!$D$7
Name StartLong: Drivers!$F$7
Name StartPreferred: Drivers!$C$7
Name StartShort: Drivers!$E$7
Name Taxes: Drivers!$AL$27
Name TermsCollect30: Drivers!$AL$8
Name TermsCollect60: Drivers!$AL$9
Name TermsCollect90: Drivers!$AL$10
Name TermsCollectCash: Drivers!$AL$7
Name TermsPay30: Drivers!$AK$8
Name TermsPay60: Drivers!$AK$9
Name TermsPay90: Drivers!$AK$10
Name TermsPayCash: Drivers!$AK$7
Name Units: Drivers!$V$7:$V$66
Name unitsBase: Summary!$BS$9
Name UnitsCAGR: Drivers!$W$7:$W$66
Name unitsCMGR: Summary!$BT$9
Name ValEvEbitda: Drivers!$AL$21
Name ValPE: Drivers!$AL$22
Name ValTerminal: Drivers!$AL$23
Name ValWACC: Drivers!$AL$19

Sheet ℹ️ 
A1: info
C5: Credit | D5: CapEx | E5: Income | F5: Balance | G5: Cash | H5: Valuation | I5: Analysis
C6: Starting cash | D6: Expenditures | E6: Revenue | F6: Current assets | G6: Operations | H6: Free cash flow | I6: Ratios
C7: New capital | D7: Depreciation | E7: Gross margin | F7: Net fixed | G7: Investing | H7: Terminal | I7: Distress
C8: Collections | D8: Accum deprec | E8: EBITDA | F8: Equity | G8: Cash fr. equity | H8: Enterprise | I8: Sensitivity
C9: Disbursements | D9: Balance | E9: EBIT | F9: Current liabs | G9: Cash fr. debt | H9: Equity bridge | I9: Cost of capital
C10: Adjusted cash | D10: Salvage | E10: Net earnings | F10: L/T liabilities | G10: Cash in/out | H10: EV/EBITDA | I10: Econ. profit
C11: Borrow/repay | D11: Net salvage | E11: Retained | F11: Equity | G11: Check balance | H11: Price/Earnings | I11: Breakeven

Sheet Drivers
B3: Drivers
B4: Capitalization | H4: Capital Expenditures | U4: Gross Margin | AB4: Overhead | AE4: Payroll | AJ4: Terms | AN4: 5-year Summary
C5: Equity | E5: Debt | G5: Divs | J5: Purchase | L5: Salvage | N5: Deprc | O5: Dep | R5: Sal | V5: Units | X5: Price | Z5: COGS | AC5: Amont | AG5: Comp | AK5: Pay | AL5: Rec'v | AO5: 1 | AQ5: 2 | AS5: 3 | AU5: 4 | AW5: 5
B6: Mo | C6: Pref | D6: Com | E6: S/T | F6: L/T | G6: % NI | H6: Expense | I6: Catgry | J6: Mo | K6: $ | L6: Mo | M6: $ | N6: # Mo | O6: Stop | P6: Mos | Q6: Exp | R6: Off | S6: NAV | T6: Gain | U6: SKU | V6: Qu | W6: y/y | X6: Amt | Y6: y/y | Z6: Amt | AA6: y/y | AB6: Cateogry | AC6: y1 | AD6: y/y | AE6: Title / Level | AF6: FTE | AG6: Base | AH6: Bonus | AI6: y/y | AJ6: Time | AK6: to | AL6: from | AN6: Line of Credit
B7: 1e-06 | C7: 20 | D7: 40 | E7: 100 | F7: 15 | G7: 1e-08 | H7: Trademark | I7: Intang | J7: 6 | K7: 100 | L7: 12 | M7: 18 | N7: 14 | O7: =IF(N7=0,0,MIN(N7+J7-1,L7)) -> 12 | P7: =IF(O7=0,0,O7-J7+1) -> 7 | Q7: =IF(P7=0,0,K7/N7) -> 7.1428571 | R7: =IF( AND(N7=0,L7=0),61, IF( N7=0, L7, MIN(N7+J7-1,L7))) -> 12 | S7: =K7-(P7*Q7) -> 50 | T7: =M7-(K7-P7* Q7) -> -32 | U7: Item 1 | V7: 100 | W7: 0.06 | X7: 15 | Y7: 0.025 | Z7: 12 | AA7: 0.025 | AB7: Rent | AC7: 220 | AD7: 0.025 | AE7: CTO | AF7: 1 | AG7: 90 | AH7: 0.2 | AI7: 0.02 | AJ7: Cash | AK7: 0.05 | AL7: 0.05 | AN7: Borrow | AO7: =Credit!$E43 -> 161.48959 | AQ7: =Credit!$F43 -> -161.48959 | AS7: =Credit!$G43 -> 0 | AU7: =Credit!$H43 -> 0 | AW7: =Credit!$I43 -> 0
B8: 6 | C8: 10 | D8: 15 | F8: 25 | G8: 0.1 | H8: Machine | I8: Equip | J8: 1 | K8: 40 | L8: 55 | M8: 15 | N8: 10 | O8: =IF(N8=0,0,MIN(N8+J8-1,L8)) -> 10 | P8: =IF(O8=0,0,O8-J8+1) -> 10 | Q8: =IF(P8=0,0,K8/N8) -> 4 | R8: =IF( AND(N8=0,L8=0),61, IF( N8=0, L8, MIN(N8+J8-1,L8))) -> 10 | S8: =K8-(P8*Q8) -> 0 | T8: =M8-(K8-P8* Q8) -> 15 | U8: Item 2 | V8: 210 | W8: 0.07 | X8: 12 | Y8: 0.04 | Z8: 9 | AA8: 0.035 | AB8: Utilities | AC8: 180 | AD8: 0.02 | AE8: Developer/1 | AF8: 1 | AG8: 70 | AH8: 0.15 | AI8: 0.01 | AJ8: 30 d | AK8: 0.5 | AL8: 0.5 | AN8: Balance | AO8: =Credit!$E45 -> 161.48959 | AQ8: =Credit!$F45 -> 0 | AS8: =Credit!$G45 -> 0 | AU8: =Credit!$H45 -> 0 | AW8: =Credit!$I45 -> 0
B9: 13 | C9: 0 | D9: 60 | E9: 20 | F9: 30 | G9: 0.05 | H9: Land | I9: Land | J9: 3 | K9: 50 | L9: 58 | M9: 45 | O9: =IF(N9=0,0,MIN(N9+J9-1,L9)) -> 0 | P9: =IF(O9=0,0,O9-J9+1) -> 0 | Q9: =IF(P9=0,0,K9/N9) -> 0 | R9: =IF( AND(N9=0,L9=0),61, IF( N9=0, L9, MIN(N9+J9-1,L9))) -> 58 | S9: =K9-(P9*Q9) -> 50 | T9: =M9-(K9-P9* Q9) -> -5 | U9: Item 3 | V9: 320 | W9: 0.04 | X9: 5.1 | Y9: 0.039 | Z9: 3.46 | AA9: 0.01 | AB9: Supplies | AC9: 100 | AD9: 0.05 | AE9: Developer/2 | AF9: 2 | AG9: 60 | AH9: 0.1 | AI9: 0.01 | AJ9: 60 d | AK9: 0.4 | AL9: 0.4 | AN9: Capital Expense
O10: =IF(N10=0,0,MIN(N10+J10-1,L10)) -> 0 | P10: =IF(O10=0,0,O10-J10+1) -> 0 | Q10: =IF(P10=0,0,K10/N10) -> 0 | R10: =IF( AND(N10=0,L10=0),61, IF( N10=0, L10, MIN(N10+J10-1,L10))) -> 61 | S10: =K10-(P10*Q10) -> 0 | T10: =M10-(K10-P10* Q10) -> 0 | AJ10: 90 d | AK10: 0.05 | AL10: 0.05 | AN10: Spend | AO10: =CapEx!$E12 -> 190 | AQ10: =CapEx!$F12 -> 0 | AS10: =CapEx!$G12 -> 0 | AU10: =CapEx!$H12 -> 0 | AW10: =CapEx!$I12 -> 0
O11: =IF(N11=0,0,MIN(N11+J11-1,L11)) -> 0 | P11: =IF(O11=0,0,O11-J11+1) -> 0 | Q11: =IF(P11=0,0,K11/N11) -> 0 | R11: =IF( AND(N11=0,L11=0),61, IF( N11=0, L11, MIN(N11+J11-1,L11))) -> 61 | S11: =K11-(P11*Q11) -> 0 | T11: =M11-(K11-P11* Q11) -> 0 | AJ11: ∑ | AK11: 1 | AL11: 1 | AN11: Deprec | AO11: =CapEx!$E20 -> 90 | AQ11: =CapEx!$F20 -> 0 | AS11: =CapEx!$G20 -> 0 | AU11: =CapEx!$H20 -> 0 | AW11: =CapEx!$I20 -> 0
O12: =IF(N12=0,0,MIN(N12+J12-1,L12)) -> 0 | P12: =IF(O12=0,0,O12-J12+1) -> 0 | Q12: =IF(P12=0,0,K12/N12) -> 0 | R12: =IF( AND(N12=0,L12=0),61, IF( N12=0, L12, MIN(N12+J12-1,L12))) -> 61 | S12: =K12-(P12*Q12) -> 0 | T12: =M12-(K12-P12* Q12) -> 0 | AN12: Profit & Loss
O13: =IF(N13=0,0,MIN(N13+J13-1,L13)) -> 0 | P13: =IF(O13=0,0,O13-J13+1) -> 0 | Q13: =IF(P13=0,0,K13/N13) -> 0 | R13: =IF( AND(N13=0,L13=0),61, IF( N13=0, L13, MIN(N13+J13-1,L13))) -> 61 | S13: =K13-(P13*Q13) -> 0 | T13: =M13-(K13-P13* Q13) -> 0 | AJ13: Valuation | AN13: Rev | AO13: =Income!$E7 -> 5569.9439 | AQ13: =Income!$F7 -> 6058.7187 | AS13: =Income!$G7 -> 6590.3846 | AU13: =Income!$H7 -> 7168.7053 | AW13: =Income!$I7 -> 7797.7749
O14: =IF(N14=0,0,MIN(N14+J14-1,L14)) -> 0 | P14: =IF(O14=0,0,O14-J14+1) -> 0 | Q14: =IF(P14=0,0,K14/N14) -> 0 | R14: =IF( AND(N14=0,L14=0),61, IF( N14=0, L14, MIN(N14+J14-1,L14))) -> 61 | S14: =K14-(P14*Q14) -> 0 | T14: =M14-(K14-P14* Q14) -> 0 | AJ14: Cost of capital | AN14: COGS | AO14: =Income!$E8 -> 4147.6628 | AQ14: =Income!$F8 -> 4484.2226 | AS14: =Income!$G8 -> 4848.0924 | AU14: =Income!$H8 -> 5241.4881 | AW14: =Income!$I8 -> 5666.8057
O15: =IF(N15=0,0,MIN(N15+J15-1,L15)) -> 0 | P15: =IF(O15=0,0,O15-J15+1) -> 0 | Q15: =IF(P15=0,0,K15/N15) -> 0 | R15: =IF( AND(N15=0,L15=0),61, IF( N15=0, L15, MIN(N15+J15-1,L15))) -> 61 | S15: =K15-(P15*Q15) -> 0 | T15: =M15-(K15-P15* Q15) -> 0 | AJ15: S/T debt | AL15: 0.07 | AN15: Payroll | AO15: =Income!$E11 -> 404.5 | AQ15: =Income!$F11 -> 409.84518 | AS15: =Income!$G11 -> 415.26099 | AU15: =Income!$H11 -> 420.74837 | AW15: =Income!$I11 -> 426.30826
O16: =IF(N16=0,0,MIN(N16+J16-1,L16)) -> 0 | P16: =IF(O16=0,0,O16-J16+1) -> 0 | Q16: =IF(P16=0,0,K16/N16) -> 0 | R16: =IF( AND(N16=0,L16=0),61, IF( N16=0, L16, MIN(N16+J16-1,L16))) -> 61 | S16: =K16-(P16*Q16) -> 0 | T16: =M16-(K16-P16* Q16) -> 0 | AJ16: L/T debt | AL16: 0.085 | AN16: OH | AO16: =Income!$E12 -> 500 | AQ16: =Income!$F12 -> 514.1 | AS16: =Income!$G12 -> 528.59762 | AU16: =Income!$H12 -> 543.50407 | AW16: =Income!$I12 -> 558.83089
O17: =IF(N17=0,0,MIN(N17+J17-1,L17)) -> 0 | P17: =IF(O17=0,0,O17-J17+1) -> 0 | Q17: =IF(P17=0,0,K17/N17) -> 0 | R17: =IF( AND(N17=0,L17=0),61, IF( N17=0, L17, MIN(N17+J17-1,L17))) -> 61 | S17: =K17-(P17*Q17) -> 0 | T17: =M17-(K17-P17* Q17) -> 0 | AJ17: Credit | AL17: 0.0875 | AN17: Interest | AO17: =Income!$E24 -> 32.162252 | AQ17: =Income!$F24 -> 15.945357 | AS17: =Income!$G24 -> 14.35 | AU17: =Income!$H24 -> 14.35 | AW17: =Income!$I24 -> 14.35
O18: =IF(N18=0,0,MIN(N18+J18-1,L18)) -> 0 | P18: =IF(O18=0,0,O18-J18+1) -> 0 | Q18: =IF(P18=0,0,K18/N18) -> 0 | R18: =IF( AND(N18=0,L18=0),61, IF( N18=0, L18, MIN(N18+J18-1,L18))) -> 61 | S18: =K18-(P18*Q18) -> 0 | T18: =M18-(K18-P18* Q18) -> 0 | AJ18: Equity | AL18: 0.105 | AN18: Earnigs | AO18: =Income!$E26 -> 151.33196 | AQ18: =Income!$F26 -> 308.05871 | AS18: =Income!$G26 -> 391.36555 | AU18: =Income!$H26 -> 483.14439 | AW18: =Income!$I26 -> 591.31474
O19: =IF(N19=0,0,MIN(N19+J19-1,L19)) -> 0 | P19: =IF(O19=0,0,O19-J19+1) -> 0 | Q19: =IF(P19=0,0,K19/N19) -> 0 | R19: =IF( AND(N19=0,L19=0),61, IF( N19=0, L19, MIN(N19+J19-1,L19))) -> 61 | S19: =K19-(P19*Q19) -> 0 | T19: =M19-(K19-P19* Q19) -> 0 | AJ19: WACC | AL19: =((RateCredit*Balance!F$20)+(RateShort*Balance!F$21)+(RateLong*Balance!F$23)+(RateEquity*SUM(Balance!F25:F26))) / SUM(Balance!F$20,Balance!F$21,Balance!F$23,Balance!F$25,Balance!F$26) -> 0.088875303 | AN19: Balance Sheet
O20: =IF(N20=0,0,MIN(N20+J20-1,L20)) -> 0 | P20: =IF(O20=0,0,O20-J20+1) -> 0 | Q20: =IF(P20=0,0,K20/N20) -> 0 | R20: =IF( AND(N20=0,L20=0),61, IF( N20=0, L20, MIN(N20+J20-1,L20))) -> 61 | S20: =K20-(P20*Q20) -> 0 | T20: =M20-(K20-P20* Q20) -> 0 | AJ20: Drivers | AN20: Assets | AO20: =Balance!$E20 -> 1125.1344 | AQ20: =Balance!$F20 -> 1422.1149 | AS20: =Balance!$G20 -> 1865.7421 | AU20: =Balance!$H20 -> 2405.3889 | AW20: =Balance!$I20 -> 3057.7909
O21: =IF(N21=0,0,MIN(N21+J21-1,L21)) -> 0 | P21: =IF(O21=0,0,O21-J21+1) -> 0 | Q21: =IF(P21=0,0,K21/N21) -> 0 | R21: =IF( AND(N21=0,L21=0),61, IF( N21=0, L21, MIN(N21+J21-1,L21))) -> 61 | S21: =K21-(P21*Q21) -> 0 | T21: =M21-(K21-P21* Q21) -> 0 | AJ21: EV/EBITDA | AL21: 5 | AN21: Debt | AO21: =Balance!$E26 -> 897.20722 | AQ21: =Balance!$F26 -> 834.0568 | AS21: =Balance!$G26 -> 886.31843 | AU21: =Balance!$H26 -> 942.8208 | AW21: =Balance!$I26 -> 1003.908
O22: =IF(N22=0,0,MIN(N22+J22-1,L22)) -> 0 | P22: =IF(O22=0,0,O22-J22+1) -> 0 | Q22: =IF(P22=0,0,K22/N22) -> 0 | R22: =IF( AND(N22=0,L22=0),61, IF( N22=0, L22, MIN(N22+J22-1,L22))) -> 61 | S22: =K22-(P22*Q22) -> 0 | T22: =M22-(K22-P22* Q22) -> 0 | AJ22: P/E ratio | AL22: 8 | AN22: Equity | AO22: =Balance!$E30 -> 227.92714 | AQ22: =Balance!$F30 -> 588.05814 | AS22: =Balance!$G30 -> 979.42369 | AU22: =Balance!$H30 -> 1462.5681 | AW22: =Balance!$I30 -> 2053.8828
O23: =IF(N23=0,0,MIN(N23+J23-1,L23)) -> 0 | P23: =IF(O23=0,0,O23-J23+1) -> 0 | Q23: =IF(P23=0,0,K23/N23) -> 0 | R23: =IF( AND(N23=0,L23=0),61, IF( N23=0, L23, MIN(N23+J23-1,L23))) -> 61 | S23: =K23-(P23*Q23) -> 0 | T23: =M23-(K23-P23* Q23) -> 0 | AJ23: Terminal | AL23: 0.025 | AN23: Cash Flows
O24: =IF(N24=0,0,MIN(N24+J24-1,L24)) -> 0 | P24: =IF(O24=0,0,O24-J24+1) -> 0 | Q24: =IF(P24=0,0,K24/N24) -> 0 | R24: =IF( AND(N24=0,L24=0),61, IF( N24=0, L24, MIN(N24+J24-1,L24))) -> 61 | S24: =K24-(P24*Q24) -> 0 | T24: =M24-(K24-P24* Q24) -> 0 | AN24: Ops | AO24: =Cash!$E14 -> 93.915229 | AQ24: =Cash!$F14 -> 288.89158 | AS24: =Cash!$G14 -> 370.23871 | AU24: =Cash!$H14 -> 459.86334 | AW24: =Cash!$I14 -> 555.66607
O25: =IF(N25=0,0,MIN(N25+J25-1,L25)) -> 0 | P25: =IF(O25=0,0,O25-J25+1) -> 0 | Q25: =IF(P25=0,0,K25/N25) -> 0 | R25: =IF( AND(N25=0,L25=0),61, IF( N25=0, L25, MIN(N25+J25-1,L25))) -> 61 | S25: =K25-(P25*Q25) -> 0 | T25: =M25-(K25-P25* Q25) -> 0 | AJ25: Other | AN25: Invest | AO25: =Cash!$E23 -> -172 | AQ25: =Cash!$F23 -> 0 | AS25: =Cash!$G23 -> 0 | AU25: =Cash!$H23 -> 0 | AW25: =Cash!$I23 -> 60
O26: =IF(N26=0,0,MIN(N26+J26-1,L26)) -> 0 | P26: =IF(O26=0,0,O26-J26+1) -> 0 | Q26: =IF(P26=0,0,K26/N26) -> 0 | R26: =IF( AND(N26=0,L26=0),61, IF( N26=0, L26, MIN(N26+J26-1,L26))) -> 61 | S26: =K26-(P26*Q26) -> 0 | T26: =M26-(K26-P26* Q26) -> 0 | AJ26: Min. cash | AL26: 300 | AN26: Finance | AO26: =Cash!$E32 -> 378.08477 | AQ26: =Cash!$F32 -> -59.417298 | AS26: =Cash!$G32 -> 0 | AU26: =Cash!$H32 -> 0 | AW26: =Cash!$I32 -> 0
O27: =IF(N27=0,0,MIN(N27+J27-1,L27)) -> 0 | P27: =IF(O27=0,0,O27-J27+1) -> 0 | Q27: =IF(P27=0,0,K27/N27) -> 0 | R27: =IF( AND(N27=0,L27=0),61, IF( N27=0, L27, MIN(N27+J27-1,L27))) -> 61 | S27: =K27-(P27*Q27) -> 0 | T27: =M27-(K27-P27* Q27) -> 0 | AJ27: Income tax | AL27: 0.4 | AN27: Valuation
O28: =IF(N28=0,0,MIN(N28+J28-1,L28)) -> 0 | P28: =IF(O28=0,0,O28-J28+1) -> 0 | Q28: =IF(P28=0,0,K28/N28) -> 0 | R28: =IF( AND(N28=0,L28=0),61, IF( N28=0, L28, MIN(N28+J28-1,L28))) -> 61 | S28: =K28-(P28*Q28) -> 0 | T28: =M28-(K28-P28* Q28) -> 0 | AJ28: Invntory/AP | AL28: 0.15 | AO28: Discounted CF: | AT28: Multiples:
O29: =IF(N29=0,0,MIN(N29+J29-1,L29)) -> 0 | P29: =IF(O29=0,0,O29-J29+1) -> 0 | Q29: =IF(P29=0,0,K29/N29) -> 0 | R29: =IF( AND(N29=0,L29=0),61, IF( N29=0, L29, MIN(N29+J29-1,L29))) -> 61 | S29: =K29-(P29*Q29) -> 0 | T29: =M29-(K29-P29* Q29) -> 0 | AJ29: Commisns | AL29: 0.02 | AO29: Enterprise | AQ29: =Valuation!$H25 -> 7182.4925 | AT29: EV/EBITDA | AV29: =ValEvEbitda*Income!$F15 -> 2646.8827
O30: =IF(N30=0,0,MIN(N30+J30-1,L30)) -> 0 | P30: =IF(O30=0,0,O30-J30+1) -> 0 | Q30: =IF(P30=0,0,K30/N30) -> 0 | R30: =IF( AND(N30=0,L30=0),61, IF( N30=0, L30, MIN(N30+J30-1,L30))) -> 61 | S30: =K30-(P30*Q30) -> 0 | T30: =M30-(K30-P30* Q30) -> 0 | AJ30: Salary load | AL30: 0.3 | AO30: Equity | AQ30: =Valuation!$H$28 -> 7521.9667 | AT30: P/E | AV30: =ValPE*Income!F26 -> 2464.4697
O31: =IF(N31=0,0,MIN(N31+J31-1,L31)) -> 0 | P31: =IF(O31=0,0,O31-J31+1) -> 0 | Q31: =IF(P31=0,0,K31/N31) -> 0 | R31: =IF( AND(N31=0,L31=0),61, IF( N31=0, L31, MIN(N31+J31-1,L31))) -> 61 | S31: =K31-(P31*Q31) -> 0 | T31: =M31-(K31-P31* Q31) -> 0
O32: =IF(N32=0,0,MIN(N32+J32-1,L32)) -> 0 | P32: =IF(O32=0,0,O32-J32+1) -> 0 | Q32: =IF(P32=0,0,K32/N32) -> 0 | R32: =IF( AND(N32=0,L32=0),61, IF( N32=0, L32, MIN(N32+J32-1,L32))) -> 61 | S32: =K32-(P32*Q32) -> 0 | T32: =M32-(K32-P32* Q32) -> 0
O33: =IF(N33=0,0,MIN(N33+J33-1,L33)) -> 0 | P33: =IF(O33=0,0,O33-J33+1) -> 0 | Q33: =IF(P33=0,0,K33/N33) -> 0 | R33: =IF( AND(N33=0,L33=0),61, IF( N33=0, L33, MIN(N33+J33-1,L33))) -> 61 | S33: =K33-(P33*Q33) -> 0 | T33: =M33-(K33-P33* Q33) -> 0
O34: =IF(N34=0,0,MIN(N34+J34-1,L34)) -> 0 | P34: =IF(O34=0,0,O34-J34+1) -> 0 | Q34: =IF(P34=0,0,K34/N34) -> 0 | R34: =IF( AND(N34=0,L34=0),61, IF( N34=0, L34, MIN(N34+J34-1,L34))) -> 61 | S34: =K34-(P34*Q34) -> 0 | T34: =M34-(K34-P34* Q34) -> 0
O35: =IF(N35=0,0,MIN(N35+J35-1,L35)) -> 0 | P35: =IF(O35=0,0,O35-J35+1) -> 0 | Q35: =IF(P35=0,0,K35/N35) -> 0 | R35: =IF( AND(N35=0,L35=0),61, IF( N35=0, L35, MIN(N35+J35-1,L35))) -> 61 | S35: =K35-(P35*Q35) -> 0 | T35: =M35-(K35-P35* Q35) -> 0
O36: =IF(N36=0,0,MIN(N36+J36-1,L36)) -> 0 | P36: =IF(O36=0,0,O36-J36+1) -> 0 | Q36: =IF(P36=0,0,K36/N36) -> 0 | R36: =IF( AND(N36=0,L36=0),61, IF( N36=0, L36, MIN(N36+J36-1,L36))) -> 61 | S36: =K36-(P36*Q36) -> 0 | T36: =M36-(K36-P36* Q36) -> 0
O37: =IF(N37=0,0,MIN(N37+J37-1,L37)) -> 0 | P37: =IF(O37=0,0,O37-J37+1) -> 0 | Q37: =IF(P37=0,0,K37/N37) -> 0 | R37: =IF( AND(N37=0,L37=0),61, IF( N37=0, L37, MIN(N37+J37-1,L37))) -> 61 | S37: =K37-(P37*Q37) -> 0 | T37: =M37-(K37-P37* Q37) -> 0
O38: =IF(N38=0,0,MIN(N38+J38-1,L38)) -> 0 | P38: =IF(O38=0,0,O38-J38+1) -> 0 | Q38: =IF(P38=0,0,K38/N38) -> 0 | R38: =IF( AND(N38=0,L38=0),61, IF( N38=0, L38, MIN(N38+J38-1,L38))) -> 61 | S38: =K38-(P38*Q38) -> 0 | T38: =M38-(K38-P38* Q38) -> 0
O39: =IF(N39=0,0,MIN(N39+J39-1,L39)) -> 0 | P39: =IF(O39=0,0,O39-J39+1) -> 0 | Q39: =IF(P39=0,0,K39/N39) -> 0 | R39: =IF( AND(N39=0,L39=0),61, IF( N39=0, L39, MIN(N39+J39-1,L39))) -> 61 | S39: =K39-(P39*Q39) -> 0 | T39: =M39-(K39-P39* Q39) -> 0
O40: =IF(N40=0,0,MIN(N40+J40-1,L40)) -> 0 | P40: =IF(O40=0,0,O40-J40+1) -> 0 | Q40: =IF(P40=0,0,K40/N40) -> 0 | R40: =IF( AND(N40=0,L40=0),61, IF( N40=0, L40, MIN(N40+J40-1,L40))) -> 61 | S40: =K40-(P40*Q40) -> 0 | T40: =M40-(K40-P40* Q40) -> 0
O41: =IF(N41=0,0,MIN(N41+J41-1,L41)) -> 0 | P41: =IF(O41=0,0,O41-J41+1) -> 0 | Q41: =IF(P41=0,0,K41/N41) -> 0 | R41: =IF( AND(N41=0,L41=0),61, IF( N41=0, L41, MIN(N41+J41-1,L41))) -> 61 | S41: =K41-(P41*Q41) -> 0 | T41: =M41-(K41-P41* Q41) -> 0
O42: =IF(N42=0,0,MIN(N42+J42-1,L42)) -> 0 | P42: =IF(O42=0,0,O42-J42+1) -> 0 | Q42: =IF(P42=0,0,K42/N42) -> 0 | R42: =IF( AND(N42=0,L42=0),61, IF( N42=0, L42, MIN(N42+J42-1,L42))) -> 61 | S42: =K42-(P42*Q42) -> 0 | T42: =M42-(K42-P42* Q42) -> 0
... O66: =IF(N66=0,0,MIN(N66+J66-1,L66)) -> 0 | P66: =IF(O66=0,0,O66-J66+1) -> 0 | Q66: =IF(P66=0,0,K66/N66) -> 0 | R66: =IF( AND(N66=0,L66=0),61, IF( N66=0, L66, MIN(N66+J66-1,L66))) -> 61 | S66: =K66-(P66*Q66) -> 0 | T66: =M66-(K66-P66* Q66) -> 0
AO170: =LEN(AF172) -> 0

Sheet Credit
A1: info
C3: Line of Credit
E4: 1 | F4: 2 | G4: 3 | H4: 4 | I4: 5 | K4: 1 | L4: 2 | M4: 3 | N4: 4 | O4: 5 | P4: 6 | Q4: 7 | R4: 8 | S4: 9 | T4: 10 | U4: 11 | V4: 12 | W4: 13 | X4: 14 | Y4: 15 | Z4: 16 | AA4: 17 | AB4: 18 | AC4: 19 | AD4: 20 | AE4: 21 | AF4: 22 | AG4: 23 | AH4: 24 | AI4: 25 | AJ4: 26 | AK4: 27 | AL4: 28 | AM4: 29 | AN4: 30 | AO4: 31 | AP4: 32 | AQ4: 33 | AR4: 34 | AS4: 35 | AT4: 36 | AU4: 37 | AV4: 38 | AW4: 39 | AX4: 40 | AY4: 41 | AZ4: 42 | BA4: 43 | BB4: 44 | BC4: 45 | BD4: 46 | BE4: 47 | BF4: 48 | BG4: 49 | BH4: 50 | BI4: 51 | BJ4: 52 | BK4: 53 | BL4: 54 | BM4: 55 | BN4: 56 | BO4: 57 | BP4: 58 | BQ4: 59 | BR4: 60
C6: Starting cash | E6: =K6 -> 175 | F6: =W6 -> 300 | G6: =AI6 -> 529.47428 | H6: =AU6 -> 899.71299 | I6: =BG6 -> 1359.5763 | K6: =SUM(StartShort,StartLong,StartCommon,StartPreferred) -> 175 | L6: =K44 -> 300 | M6: =L44 -> 300 | N6: =M44 -> 300 | O6: =N44 -> 300 | P6: =O44 -> 300 | Q6: =P44 -> 300 | R6: =Q44 -> 300 | S6: =R44 -> 300 | ... BR6: =BQ44 -> 1924.0392
C7: Preferred stock | E7: =SUM(K7:V7) -> 10 | F7: =SUM(W7:AH7) -> 0 | G7: =SUM(AI7:AT7) -> 0 | H7: =SUM(AU7:BF7) -> 0 | I7: =SUM(BG7:BR7) -> 0 | K7: =IFERROR(VLOOKUP(K$4,Drivers!$B$8:$F$66,2,FALSE),0) -> 0 | L7: =IFERROR(VLOOKUP(L$4,Drivers!$B$8:$F$66,2,FALSE),0) -> 0 | M7: =IFERROR(VLOOKUP(M$4,Drivers!$B$8:$F$66,2,FALSE),0) -> 0 | N7: =IFERROR(VLOOKUP(N$4,Drivers!$B$8:$F$66,2,FALSE),0) -> 0 | O7: =IFERROR(VLOOKUP(O$4,Drivers!$B$8:$F$66,2,FALSE),0) -> 0 | P7: =IFERROR(VLOOKUP(P$4,Drivers!$B$8:$F$66,2,FALSE),0) -> 10 | Q7: =IFERROR(VLOOKUP(Q$4,Drivers!$B$8:$F$66,2,FALSE),0) -> 0 | R7: =IFERROR(VLOOKUP(R$4,Drivers!$B$8:$F$66,2,FALSE),0) -> 0 | ... BR7: =IFERROR(VLOOKUP(BR$4,Drivers!$B$8:$F$66,2,FALSE),0) -> 0
C8: Common stock | E8: =SUM(K8:V8) -> 15 | F8: =SUM(W8:AH8) -> 60 | G8: =SUM(AI8:AT8) -> 0 | H8: =SUM(AU8:BF8) -> 0 | I8: =SUM(BG8:BR8) -> 0 | K8: =IFERROR(VLOOKUP(K$4,Drivers!$B$8:$F$66,3,FALSE),0) -> 0 | L8: =IFERROR(VLOOKUP(L$4,Drivers!$B$8:$F$66,3,FALSE),0) -> 0 | M8: =IFERROR(VLOOKUP(M$4,Drivers!$B$8:$F$66,3,FALSE),0) -> 0 | N8: =IFERROR(VLOOKUP(N$4,Drivers!$B$8:$F$66,3,FALSE),0) -> 0 | O8: =IFERROR(VLOOKUP(O$4,Drivers!$B$8:$F$66,3,FALSE),0) -> 0 | P8: =IFERROR(VLOOKUP(P$4,Drivers!$B$8:$F$66,3,FALSE),0) -> 15 | Q8: =IFERROR(VLOOKUP(Q$4,Drivers!$B$8:$F$66,3,FALSE),0) -> 0 | R8: =IFERROR(VLOOKUP(R$4,Drivers!$B$8:$F$66,3,FALSE),0) -> 0 | ... BR8: =IFERROR(VLOOKUP(BR$4,Drivers!$B$8:$F$66,3,FALSE),0) -> 0
C9: Short-term debt | E9: =SUM(K9:V9) -> 0 | F9: =SUM(W9:AH9) -> 20 | G9: =SUM(AI9:AT9) -> 0 | H9: =SUM(AU9:BF9) -> 0 | I9: =SUM(BG9:BR9) -> 0 | K9: =IFERROR(VLOOKUP(K$4,Drivers!$B$8:$F$66,4,FALSE),0) -> 0 | L9: =IFERROR(VLOOKUP(L$4,Drivers!$B$8:$F$66,4,FALSE),0) -> 0 | M9: =IFERROR(VLOOKUP(M$4,Drivers!$B$8:$F$66,4,FALSE),0) -> 0 | N9: =IFERROR(VLOOKUP(N$4,Drivers!$B$8:$F$66,4,FALSE),0) -> 0 | O9: =IFERROR(VLOOKUP(O$4,Drivers!$B$8:$F$66,4,FALSE),0) -> 0 | P9: =IFERROR(VLOOKUP(P$4,Drivers!$B$8:$F$66,4,FALSE),0) -> 0 | Q9: =IFERROR(VLOOKUP(Q$4,Drivers!$B$8:$F$66,4,FALSE),0) -> 0 | R9: =IFERROR(VLOOKUP(R$4,Drivers!$B$8:$F$66,4,FALSE),0) -> 0 | ... BR9: =IFERROR(VLOOKUP(BR$4,Drivers!$B$8:$F$66,4,FALSE),0) -> 0
C10: Long-term debt | E10: =SUM(K10:V10) -> 25 | F10: =SUM(W10:AH10) -> 30 | G10: =SUM(AI10:AT10) -> 0 | H10: =SUM(AU10:BF10) -> 0 | I10: =SUM(BG10:BR10) -> 0 | K10: =IFERROR(VLOOKUP(K$4,Drivers!$B$8:$F$66,5,FALSE),0) -> 0 | L10: =IFERROR(VLOOKUP(L$4,Drivers!$B$8:$F$66,5,FALSE),0) -> 0 | M10: =IFERROR(VLOOKUP(M$4,Drivers!$B$8:$F$66,5,FALSE),0) -> 0 | N10: =IFERROR(VLOOKUP(N$4,Drivers!$B$8:$F$66,5,FALSE),0) -> 0 | O10: =IFERROR(VLOOKUP(O$4,Drivers!$B$8:$F$66,5,FALSE),0) -> 0 | P10: =IFERROR(VLOOKUP(P$4,Drivers!$B$8:$F$66,5,FALSE),0) -> 25 | Q10: =IFERROR(VLOOKUP(Q$4,Drivers!$B$8:$F$66,5,FALSE),0) -> 0 | R10: =IFERROR(VLOOKUP(R$4,Drivers!$B$8:$F$66,5,FALSE),0) -> 0 | ... BR10: =IFERROR(VLOOKUP(BR$4,Drivers!$B$8:$F$66,5,FALSE),0) -> 0
C11: New Capital | K11: =SUM(K7:K10) -> 0 | L11: =SUM(L7:L10) -> 0 | M11: =SUM(M7:M10) -> 0 | N11: =SUM(N7:N10) -> 0 | O11: =SUM(O7:O10) -> 0 | P11: =SUM(P7:P10) -> 50 | Q11: =SUM(Q7:Q10) -> 0 | R11: =SUM(R7:R10) -> 0 | ... BR11: =SUM(BR7:BR10) -> 0
C12: Forecasted sales | E12: =SUM(K12:V12) -> 5569.9439 | F12: =SUM(W12:AH12) -> 6058.7187 | G12: =SUM(AI12:AT12) -> 6590.3846 | H12: =SUM(AU12:BF12) -> 7168.7053 | I12: =SUM(BG12:BR12) -> 7797.7749 | K12: =Income!K7 -> 446.47746 | L12: =Income!L7 -> 449.61802 | M12: =Income!M7 -> 452.78066 | N12: =Income!N7 -> 455.96555 | O12: =Income!O7 -> 459.17285 | P12: =Income!P7 -> 462.4027 | Q12: =Income!Q7 -> 465.65527 | R12: =Income!R7 -> 468.93073 | ... BR12: =Income!BR7 -> 675.15769
C13: Cash proceeds | E13: =SUM(K13:V13) -> 278.4972 | F13: =SUM(W13:AH13) -> 302.93594 | G13: =SUM(AI13:AT13) -> 329.51923 | H13: =SUM(AU13:BF13) -> 358.43526 | I13: =SUM(BG13:BR13) -> 389.88875 | K13: =TermsCollectCash*K12 -> 22.323873 | L13: =TermsCollectCash*L12 -> 22.480901 | M13: =TermsCollectCash*M12 -> 22.639033 | N13: =TermsCollectCash*N12 -> 22.798278 | O13: =TermsCollectCash*O12 -> 22.958642 | P13: =TermsCollectCash*P12 -> 23.120135 | Q13: =TermsCollectCash*Q12 -> 23.282764 | R13: =TermsCollectCash*R12 -> 23.446536 | ... BR13: =TermsCollectCash*BR12 -> 33.757885
C14: 30-day | E14: =SUM(K14:V14) -> 2543.8397 | F14: =SUM(W14:AH14) -> 3008.1995 | G14: =SUM(AI14:AT14) -> 3272.1756 | H14: =SUM(AU14:BF14) -> 3559.3162 | I14: =SUM(BG14:BR14) -> 3871.654 | L14: =TermsCollect30*K12 -> 223.23873 | M14: =TermsCollect30*L12 -> 224.80901 | N14: =TermsCollect30*M12 -> 226.39033 | O14: =TermsCollect30*N12 -> 227.98278 | P14: =TermsCollect30*O12 -> 229.58642 | Q14: =TermsCollect30*P12 -> 231.20135 | R14: =TermsCollect30*Q12 -> 232.82764 | S14: =TermsCollect30*R12 -> 234.46536 | ... BR14: =TermsCollect30*BQ12 -> 335.22088
C15: 60-day | E15: =SUM(K15:V15) -> 1843.5134 | F15: =SUM(W15:AH15) -> 2389.7499 | G15: =SUM(AI15:AT15) -> 2599.4557 | H15: =SUM(AU15:BF15) -> 2827.5637 | I15: =SUM(BG15:BR15) -> 3075.6886 | M15: =TermsCollect60*K12 -> 178.59099 | N15: =TermsCollect60*L12 -> 179.84721 | O15: =TermsCollect60*M12 -> 181.11226 | P15: =TermsCollect60*N12 -> 182.38622 | Q15: =TermsCollect60*O12 -> 183.66914 | R15: =TermsCollect60*P12 -> 184.96108 | S15: =TermsCollect60*Q12 -> 186.26211 | T15: =TermsCollect60*R12 -> 187.57229 | ... BR15: =TermsCollect60*BP12 -> 266.30351
C16: 90-day | E16: =SUM(K16:V16) -> 206.66162 | F16: =SUM(W16:AH16) -> 296.63221 | G16: =SUM(AI16:AT16) -> 322.66233 | H16: =SUM(AU16:BF16) -> 350.97666 | I16: =SUM(BG16:BR16) -> 381.77563 | N16: =TermsCollect90*K12 -> 22.323873 | O16: =TermsCollect90*L12 -> 22.480901 | P16: =TermsCollect90*M12 -> 22.639033 | Q16: =TermsCollect90*N12 -> 22.798278 | R16: =TermsCollect90*O12 -> 22.958642 | S16: =TermsCollect90*P12 -> 23.120135 | T16: =TermsCollect90*Q12 -> 23.282764 | U16: =TermsCollect90*R12 -> 23.446536 | ... BR16: =TermsCollect90*BO12 -> 33.055424
C17: Credit proceeds | E17: =SUM(K17:V17) -> 4594.0146 | F17: =SUM(W17:AH17) -> 5694.5816 | G17: =SUM(AI17:AT17) -> 6194.2936 | H17: =SUM(AU17:BF17) -> 6737.8565 | I17: =SUM(BG17:BR17) -> 7329.1182 | K17: =SUM(K14:K16) -> 0 | L17: =SUM(L14:L16) -> 223.23873 | M17: =SUM(M14:M16) -> 403.39999 | N17: =SUM(N14:N16) -> 428.56141 | O17: =SUM(O14:O16) -> 431.57594 | P17: =SUM(P14:P16) -> 434.61168 | Q17: =SUM(Q14:Q16) -> 437.66877 | R17: =SUM(R14:R16) -> 440.74736 | ... BR17: =SUM(BR14:BR16) -> 634.57981
C18: Accounts Receivable | E18: =V18 -> 697.43206 | F18: =AH18 -> 758.63326 | G18: =AT18 -> 825.20499 | H18: =BF18 -> 897.61854 | I18: =BR18 -> 976.38654 | K18: =K12-SUM(K13,K17) -> 424.15359 | L18: =K18+L12-SUM(L13,L17) -> 628.05198 | M18: =L18+M12-SUM(M13,M17) -> 654.79361 | N18: =M18+N12-SUM(N13,N17) -> 659.39947 | O18: =N18+O12-SUM(O13,O17) -> 664.03774 | P18: =O18+P12-SUM(P13,P17) -> 668.70863 | Q18: =P18+Q12-SUM(Q13,Q17) -> 673.41237 | R18: =Q18+R12-SUM(R13,R17) -> 678.1492 | S18: =R18+S12-SUM(S13,S17) -> 682.91935 | ... BR18: =BQ18+BR12-SUM(BR13,BR17) -> 976.38654
C19: Asset sales | E19: =SUM(K19:V19) -> 18 | F19: =SUM(W19:AH19) -> 0 | G19: =SUM(AI19:AT19) -> 0 | H19: =SUM(AU19:BF19) -> 0 | I19: =SUM(BG19:BR19) -> 60 | K19: =CapEx!K44 -> 0 | L19: =CapEx!L44 -> 0 | M19: =CapEx!M44 -> 0 | N19: =CapEx!N44 -> 0 | O19: =CapEx!O44 -> 0 | P19: =CapEx!P44 -> 0 | Q19: =CapEx!Q44 -> 0 | R19: =CapEx!R44 -> 0 | ... BR19: =CapEx!BR44 -> 0
C20: Cash collected | E20: =SUM(K20:V20) -> 4940.5118 | F20: =SUM(W20:AH20) -> 6107.5175 | G20: =SUM(AI20:AT20) -> 6523.8128 | H20: =SUM(AU20:BF20) -> 7096.2917 | I20: =SUM(BG20:BR20) -> 7779.0069 | K20: =SUM(K11,K13,K17,K19) -> 22.323873 | L20: =SUM(L11,L13,L17,L19) -> 245.71963 | M20: =SUM(M11,M13,M17,M19) -> 426.03903 | N20: =SUM(N11,N13,N17,N19) -> 451.35969 | O20: =SUM(O11,O13,O17,O19) -> 454.53458 | P20: =SUM(P11,P13,P17,P19) -> 507.73181 | Q20: =SUM(Q11,Q13,Q17,Q19) -> 460.95153 | R20: =SUM(R11,R13,R17,R19) -> 464.1939 | ... BR20: =SUM(BR11,BR13,BR17,BR19) -> 668.33769
C21: Forecasted COGS | E21: =SUM(K21:V21) -> 4147.6628 | F21: =SUM(W21:AH21) -> 4484.2226 | G21: =SUM(AI21:AT21) -> 4848.0924 | H21: =SUM(AU21:BF21) -> 5241.4881 | I21: =SUM(BG21:BR21) -> 5666.8057 | K21: =Income!K8 -> 333.41319 | L21: =Income!L8 -> 335.588 | M21: =Income!M8 -> 337.777 | N21: =Income!N8 -> 339.98027 | O21: =Income!O8 -> 342.19791 | P21: =Income!P8 -> 344.43002 | Q21: =Income!Q8 -> 346.67669 | R21: =Income!R8 -> 348.93801 | ... BR21: =Income!BR8 -> 489.30284
C22: Cash payments | E22: =SUM(K22:V22) -> 207.38314 | F22: =SUM(W22:AH22) -> 224.21113 | G22: =SUM(AI22:AT22) -> 242.40462 | H22: =SUM(AU22:BF22) -> 262.07441 | I22: =SUM(BG22:BR22) -> 283.34029 | K22: =TermsPayCash*K21 -> 16.67066 | L22: =TermsPayCash*L21 -> 16.7794 | M22: =TermsPayCash*M21 -> 16.88885 | N22: =TermsPayCash*N21 -> 16.999013 | O22: =TermsPayCash*O21 -> 17.109896 | P22: =TermsPayCash*P21 -> 17.221501 | Q22: =TermsPayCash*Q21 -> 17.333835 | R22: =TermsPayCash*R21 -> 17.446901 | ... BR22: =TermsPayCash*BR21 -> 24.465142
C23: 30-day | E23: =SUM(K23:V23) -> 1894.7655 | F23: =SUM(W23:AH23) -> 2227.5811 | G23: =SUM(AI23:AT23) -> 2408.3369 | H23: =SUM(AU23:BF23) -> 2603.7601 | I23: =SUM(BG23:BR23) -> 2815.0407 | L23: =TermsPay30*K21 -> 166.7066 | M23: =TermsPay30*L21 -> 167.794 | N23: =TermsPay30*M21 -> 168.8885 | O23: =TermsPay30*N21 -> 169.99013 | P23: =TermsPay30*O21 -> 171.09896 | Q23: =TermsPay30*P21 -> 172.21501 | R23: =TermsPay30*Q21 -> 173.33835 | S23: =TermsPay30*R21 -> 174.46901 | ... BR23: =TermsPay30*BQ21 -> 243.06593
C24: 60-day | E24: =SUM(K24:V24) -> 1373.4881 | F24: =SUM(W24:AH24) -> 1770.5161 | G24: =SUM(AI24:AT24) -> 1914.1836 | H24: =SUM(AU24:BF24) -> 2069.5089 | I24: =SUM(BG24:BR24) -> 2237.4381 | M24: =TermsPay60*K21 -> 133.36528 | N24: =TermsPay60*L21 -> 134.2352 | O24: =TermsPay60*M21 -> 135.1108 | P24: =TermsPay60*N21 -> 135.99211 | Q24: =TermsPay60*O21 -> 136.87916 | R24: =TermsPay60*P21 -> 137.77201 | S24: =TermsPay60*Q21 -> 138.67068 | T24: =TermsPay60*R21 -> 139.57521 | ... BR24: =TermsPay60*BP21 -> 193.19258
C25: 90-day | E25: =SUM(K25:V25) -> 154.01076 | F25: =SUM(W25:AH25) -> 219.88026 | G25: =SUM(AI25:AT25) -> 237.72232 | H25: =SUM(AU25:BF25) -> 257.01216 | I25: =SUM(BG25:BR25) -> 277.86727 | N25: =TermsPay90*K21 -> 16.67066 | O25: =TermsPay90*L21 -> 16.7794 | P25: =TermsPay90*M21 -> 16.88885 | Q25: =TermsPay90*N21 -> 16.999013 | R25: =TermsPay90*O21 -> 17.109896 | S25: =TermsPay90*P21 -> 17.221501 | T25: =TermsPay90*Q21 -> 17.333835 | U25: =TermsPay90*R21 -> 17.446901 | ... BR25: =TermsPay90*BO21 -> 23.992572
C26: Credit payments | E26: =SUM(K26:V26) -> 3422.2644 | F26: =SUM(W26:AH26) -> 4217.9774 | G26: =SUM(AI26:AT26) -> 4560.2428 | H26: =SUM(AU26:BF26) -> 4930.2812 | I26: =SUM(BG26:BR26) -> 5330.3461 | K26: =SUM(K23:K25) -> 0 | L26: =SUM(L23:L25) -> 166.7066 | M26: =SUM(M23:M25) -> 301.15928 | N26: =SUM(N23:N25) -> 319.79436 | O26: =SUM(O23:O25) -> 321.88033 | P26: =SUM(P23:P25) -> 323.97991 | Q26: =SUM(Q23:Q25) -> 326.09319 | R26: =SUM(R23:R25) -> 328.22025 | ... BR26: =SUM(BR23:BR25) -> 460.25109
C27: Accounts Payable | E27: =V27 -> 518.01533 | F27: =AH27 -> 560.0494 | G27: =AT27 -> 605.49429 | H27: =BF27 -> 654.62679 | I27: =BR27 -> 707.74611 | K27: =K21-SUM(K22,K26) -> 316.74253 | L27: =K27+L21-SUM(L22,L26) -> 468.84454 | M27: =L27+M21-SUM(M22,M26) -> 488.57341 | N27: =M27+N21-SUM(N22,N26) -> 491.7603 | O27: =N27+O21-SUM(O22,O26) -> 494.96799 | P27: =O27+P21-SUM(P22,P26) -> 498.19659 | Q27: =P27+Q21-SUM(Q22,Q26) -> 501.44626 | R27: =Q27+R21-SUM(R22,R26) -> 504.71712 | S27: =R27+S21-SUM(S22,S26) -> 508.00932 | ... BR27: =BQ27+BR21-SUM(BR22,BR26) -> 707.74611
C28: (inventory carve-out) | E28: =V28 -> 77.7023 | F28: =AH28 -> 84.007409 | G28: =AT28 -> 90.824144 | H28: =BF28 -> 98.194018 | I28: =BR28 -> 106.16192 | K28: =K27*InventoryPct -> 47.51138 | L28: =L27*InventoryPct -> 70.326681 | M28: =M27*InventoryPct -> 73.286011 | N28: =N27*InventoryPct -> 73.764045 | O28: =O27*InventoryPct -> 74.245198 | P28: =P27*InventoryPct -> 74.729489 | Q28: =Q27*InventoryPct -> 75.216939 | R28: =R27*InventoryPct -> 75.707569 | ... BR28: =BR27*InventoryPct -> 106.16192
C29: Capital expense | E29: =SUM(K29:V29) -> 190 | F29: =SUM(W29:AH29) -> 0 | G29: =SUM(AI29:AT29) -> 0 | H29: =SUM(AU29:BF29) -> 0 | I29: =SUM(BG29:BR29) -> 0 | K29: =CapEx!K12 -> 40 | L29: =CapEx!L12 -> 0 | M29: =CapEx!M12 -> 50 | N29: =CapEx!N12 -> 0 | O29: =CapEx!O12 -> 0 | P29: =CapEx!P12 -> 100 | Q29: =CapEx!Q12 -> 0 | R29: =CapEx!R12 -> 0 | ... BR29: =CapEx!BR12 -> 0
C30: Payroll expense | E30: =SUM(K30:V30) -> 404.5 | F30: =SUM(W30:AH30) -> 409.84518 | G30: =SUM(AI30:AT30) -> 415.26099 | H30: =SUM(AU30:BF30) -> 420.74837 | I30: =SUM(BG30:BR30) -> 426.30826 | K30: =Income!K11 -> 33.708333 | L30: =Income!L11 -> 33.708333 | M30: =Income!M11 -> 33.708333 | N30: =Income!N11 -> 33.708333 | O30: =Income!O11 -> 33.708333 | P30: =Income!P11 -> 33.708333 | Q30: =Income!Q11 -> 33.708333 | R30: =Income!R11 -> 33.708333 | ... BR30: =Income!BR11 -> 35.525688
C31: Commissions | E31: =SUM(K31:V31) -> 111.39888 | F31: =SUM(W31:AH31) -> 121.17437 | G31: =SUM(AI31:AT31) -> 131.80769 | H31: =SUM(AU31:BF31) -> 143.37411 | I31: =SUM(BG31:BR31) -> 155.9555 | K31: =Income!K13 -> 8.9295493 | L31: =Income!L13 -> 8.9923604 | M31: =Income!M13 -> 9.0556132 | N31: =Income!N13 -> 9.1193111 | O31: =Income!O13 -> 9.1834569 | P31: =Income!P13 -> 9.248054 | Q31: =Income!Q13 -> 9.3131055 | R31: =Income!R13 -> 9.3786145 | ... BR31: =Income!BR13 -> 13.503154
C32: Overhead expense | E32: =SUM(K32:V32) -> 500 | F32: =SUM(W32:AH32) -> 514.1 | G32: =SUM(AI32:AT32) -> 528.59762 | H32: =SUM(AU32:BF32) -> 543.50407 | I32: =SUM(BG32:BR32) -> 558.83089 | K32: =Income!K12 -> 41.666667 | L32: =Income!L12 -> 41.666667 | M32: =Income!M12 -> 41.666667 | N32: =Income!N12 -> 41.666667 | O32: =Income!O12 -> 41.666667 | P32: =Income!P12 -> 41.666667 | Q32: =Income!Q12 -> 41.666667 | R32: =Income!R12 -> 41.666667 | ... BR32: =Income!BR12 -> 46.569241
C33: Operating expense | E33: =SUM(K33:V33) -> 1015.8989 | F33: =SUM(W33:AH33) -> 1045.1196 | G33: =SUM(AI33:AT33) -> 1075.6663 | H33: =SUM(AU33:BF33) -> 1107.6265 | I33: =SUM(BG33:BR33) -> 1141.0946 | K33: =SUM(K30:K32) -> 84.304549 | L33: =SUM(L30:L32) -> 84.36736 | M33: =SUM(M30:M32) -> 84.430613 | N33: =SUM(N30:N32) -> 84.494311 | O33: =SUM(O30:O32) -> 84.558457 | P33: =SUM(P30:P32) -> 84.623054 | Q33: =SUM(Q30:Q32) -> 84.688105 | R33: =SUM(R30:R32) -> 84.753615 | ... BR33: =SUM(BR30:BR32) -> 95.598083
C34: Interest on S/T debt | E34: =SUM(K34:V34) -> 7 | F34: =SUM(W34:AH34) -> 8.4 | G34: =SUM(AI34:AT34) -> 8.4 | H34: =SUM(AU34:BF34) -> 8.4 | I34: =SUM(BG34:BR34) -> 8.4 | K34: =RateShort/12*Balance!K23 -> 0.58333333 | L34: =RateShort/12*Balance!L23 -> 0.58333333 | M34: =RateShort/12*Balance!M23 -> 0.58333333 | N34: =RateShort/12*Balance!N23 -> 0.58333333 | O34: =RateShort/12*Balance!O23 -> 0.58333333 | P34: =RateShort/12*Balance!P23 -> 0.58333333 | Q34: =RateShort/12*Balance!Q23 -> 0.58333333 | R34: =RateShort/12*Balance!R23 -> 0.58333333 | ... BR34: =RateShort/12*Balance!BR23 -> 0.7
C35: Interest on L/T debt | E35: =SUM(K35:V35) -> 2.5145833 | F35: =SUM(W35:AH35) -> 5.95 | G35: =SUM(AI35:AT35) -> 5.95 | H35: =SUM(AU35:BF35) -> 5.95 | I35: =SUM(BG35:BR35) -> 5.95 | K35: =RateLong/12*Balance!K25 -> 0.10625 | L35: =RateLong/12*Balance!L25 -> 0.10625 | M35: =RateLong/12*Balance!M25 -> 0.10625 | N35: =RateLong/12*Balance!N25 -> 0.10625 | O35: =RateLong/12*Balance!O25 -> 0.10625 | P35: =RateLong/12*Balance!P25 -> 0.28333333 | Q35: =RateLong/12*Balance!Q25 -> 0.28333333 | R35: =RateLong/12*Balance!R25 -> 0.28333333 | ... BR35: =RateLong/12*Balance!BR25 -> 0.49583333
C36: Interest on credit line | E36: =SUM(K36:V36) -> 22.647669 | F36: =SUM(W36:AH36) -> 1.5953571 | G36: =SUM(AI36:AT36) -> 0 | H36: =SUM(AU36:BF36) -> 0 | I36: =SUM(BG36:BR36) -> 0 | L36: =RateCredit/12*K45 -> 1.8518571 | M36: =RateCredit/12*L45 -> 2.0992171 | N36: =RateCredit/12*M45 -> 2.3817124 | O36: =RateCredit/12*N45 -> 2.2560563 | P36: =RateCredit/12*O45 -> 2.125886 | Q36: =RateCredit/12*P45 -> 2.3969589 | R36: =RateCredit/12*Q45 -> 2.239319 | S36: =RateCredit/12*R45 -> 2.076926 | ... BR36: =RateCredit/12*BQ45 -> 0
C37: Interest expense | E37: =SUM(K37:V37) -> 32.162252 | F37: =SUM(W37:AH37) -> 15.945357 | G37: =SUM(AI37:AT37) -> 14.35 | H37: =SUM(AU37:BF37) -> 14.35 | I37: =SUM(BG37:BR37) -> 14.35 | K37: =SUM(K34:K36) -> 0.68958333 | L37: =SUM(L34:L36) -> 2.5414404 | M37: =SUM(M34:M36) -> 2.7888004 | N37: =SUM(N34:N36) -> 3.0712957 | O37: =SUM(O34:O36) -> 2.9456396 | P37: =SUM(P34:P36) -> 2.9925526 | Q37: =SUM(Q34:Q36) -> 3.2636256 | R37: =SUM(R34:R36) -> 3.1059857 | ... BR37: =SUM(BR34:BR36) -> 1.1958333
C38: Taxes | E38: =SUM(K38:V38) -> 100.88797 | F38: =SUM(W38:AH38) -> 205.37247 | G38: =SUM(AI38:AT38) -> 260.91037 | H38: =SUM(AU38:BF38) -> 322.09626 | I38: =SUM(BG38:BR38) -> 394.20983 | K38: =Income!K25 -> 9.6280549 | L38: =Income!L25 -> 9.248486 | M38: =Income!M25 -> 9.5137013 | N38: =Income!N25 -> 9.7678716 | O38: =Income!O25 -> 10.188336 | P38: =Income!P25 -> 7.6856866 | Q38: =Income!Q25 -> 7.9535985 | R38: =Income!R25 -> 8.3961021 | ... BR38: =Income!BR25 -> 35.624376
C39: Dividends | E39: =SUM(K39:V39) -> 8.4048204 | F39: =SUM(W39:AH39) -> 7.9277066 | G39: =SUM(AI39:AT39) -> 0 | H39: =SUM(AU39:BF39) -> 0 | I39: =SUM(BG39:BR39) -> 0 | K39: =Income!K28 -> 0 | L39: =Income!L28 -> 0 | M39: =Income!M28 -> 0 | N39: =Income!N28 -> 0 | O39: =Income!O28 -> 0 | P39: =Income!P28 -> 8.4048204 | Q39: =Income!Q28 -> 0 | R39: =Income!R28 -> 0 | ... BR39: =Income!BR28 -> 0
C40: Cash disbursed | E40: =SUM(K40:V40) -> 4977.0014 | F40: =SUM(W40:AH40) -> 5716.5536 | G40: =SUM(AI40:AT40) -> 6153.5741 | H40: =SUM(AU40:BF40) -> 6636.4284 | I40: =SUM(BG40:BR40) -> 7163.3409 | K40: =SUM(K22,K26,K29,K33,K37:K39) -> 151.29285 | L40: =SUM(L22,L26,L29,L33,L37:L39) -> 279.64328 | M40: =SUM(M22,M26,M29,M33,M37:M39) -> 464.78124 | N40: =SUM(N22,N26,N29,N33,N37:N39) -> 434.12685 | O40: =SUM(O22,O26,O29,O33,O37:O39) -> 436.68266 | P40: =SUM(P22,P26,P29,P33,P37:P39) -> 544.90753 | Q40: =SUM(Q22,Q26,Q29,Q33,Q37:Q39) -> 439.33235 | R40: =SUM(R22,R26,R29,R33,R37:R39) -> 441.92285 | ... BR40: =SUM(BR22,BR26,BR29,BR33,BR37:BR39) -> 617.13452
C41: ∑ Cash in/out | E41: =SUM(K41:V41) -> -36.489591 | F41: =SUM(W41:AH41) -> 390.96387 | G41: =SUM(AI41:AT41) -> 370.23871 | H41: =SUM(AU41:BF41) -> 459.86334 | I41: =SUM(BG41:BR41) -> 615.66607 | K41: =K20-K40 -> -128.96897 | L41: =L20-L40 -> -33.923651 | M41: =M20-M40 -> -38.742216 | N41: =N20-N40 -> 17.232839 | O41: =O20-O40 -> 17.851925 | P41: =P20-P40 -> -37.175714 | Q41: =Q20-Q40 -> 21.619178 | R41: =R20-R40 -> 22.271044 | ... BR41: =BR20-BR40 -> 51.203176
C42: Unadjusted cash | E42: =V42 -> 354.14675 | F42: =AH42 -> 529.47428 | G42: =AT42 -> 899.71299 | H42: =BF42 -> 1359.5763 | I42: =BR42 -> 1975.2424 | K42: =K6+K41 -> 46.031026 | L42: =L6+L41 -> 266.07635 | M42: =M6+M41 -> 261.25778 | N42: =N6+N41 -> 317.23284 | O42: =O6+O41 -> 317.85193 | P42: =P6+P41 -> 262.82429 | Q42: =Q6+Q41 -> 321.61918 | R42: =R6+R41 -> 322.27104 | ... BR42: =BR6+BR41 -> 1975.2424
C43: LOC borrow/lend | E43: =SUM(K43:V43) -> 161.48959 | F43: =SUM(W43:AH43) -> -161.48959 | G43: =SUM(AI43:AT43) -> 0 | H43: =SUM(AU43:BF43) -> 0 | I43: =SUM(BG43:BR43) -> 0 | K43: =IF(K42 < MinCash, MinCash - K42, IF(J45 > 0, -MIN(K42 - MinCash, J45), 0)) -> 253.96897 | L43: =IF(L42 < MinCash, MinCash - L42, IF(K45 > 0, -MIN(L42 - MinCash, K45), 0)) -> 33.923651 | M43: =IF(M42 < MinCash, MinCash - M42, IF(L45 > 0, -MIN(M42 - MinCash, L45), 0)) -> 38.742216 | N43: =IF(N42 < MinCash, MinCash - N42, IF(M45 > 0, -MIN(N42 - MinCash, M45), 0)) -> -17.232839 | O43: =IF(O42 < MinCash, MinCash - O42, IF(N45 > 0, -MIN(O42 - MinCash, N45), 0)) -> -17.851925 | P43: =IF(P42 < MinCash, MinCash - P42, IF(O45 > 0, -MIN(P42 - MinCash, O45), 0)) -> 37.175714 | Q43: =IF(Q42 < MinCash, MinCash - Q42, IF(P45 > 0, -MIN(Q42 - MinCash, P45), 0)) -> -21.619178 | R43: =IF(R42 < MinCash, MinCash - R42, IF(Q45 > 0, -MIN(R42 - MinCash, Q45), 0)) -> -22.271044 | ... BR43: =IF(BR42 < MinCash, MinCash - BR42, IF(BQ45 > 0, -MIN(BR42 - MinCash, BQ45), 0)) -> 0
C44: Ending cash | E44: =V44 -> 300 | F44: =AH44 -> 529.47428 | G44: =AT44 -> 899.71299 | H44: =BF44 -> 1359.5763 | I44: =BR44 -> 1975.2424 | K44: =SUM(K42:K43) -> 300 | L44: =SUM(L42:L43) -> 300 | M44: =SUM(M42:M43) -> 300 | N44: =SUM(N42:N43) -> 300 | O44: =SUM(O42:O43) -> 300 | P44: =SUM(P42:P43) -> 300 | Q44: =SUM(Q42:Q43) -> 300 | R44: =SUM(R42:R43) -> 300 | ... BR44: =SUM(BR42:BR43) -> 1975.2424
C45: Credit line balance | E45: =V45 -> 161.48959 | F45: =AH45 -> 0 | G45: =AT45 -> 0 | H45: =BF45 -> 0 | I45: =BR45 -> 0 | K45: =K43 -> 253.96897 | L45: =K45+L43 -> 287.89263 | M45: =L45+M43 -> 326.63484 | N45: =M45+N43 -> 309.402 | O45: =N45+O43 -> 291.55008 | P45: =O45+P43 -> 328.72579 | Q45: =P45+Q43 -> 307.10661 | R45: =Q45+R43 -> 284.83557 | S45: =R45+S43 -> 261.9052 | ... BR45: =BQ45+BR43 -> 0

Sheet CapEx
A1: info
C3: Capital Expense
E4: 1 | F4: 2 | G4: 3 | H4: 4 | I4: 5 | K4: 1 | L4: 2 | M4: 3 | N4: 4 | O4: 5 | P4: 6 | Q4: 7 | R4: 8 | S4: 9 | T4: 10 | U4: 11 | V4: 12 | W4: 13 | X4: 14 | Y4: 15 | Z4: 16 | AA4: 17 | AB4: 18 | AC4: 19 | AD4: 20 | AE4: 21 | AF4: 22 | AG4: 23 | AH4: 24 | AI4: 25 | AJ4: 26 | AK4: 27 | AL4: 28 | AM4: 29 | AN4: 30 | AO4: 31 | AP4: 32 | AQ4: 33 | AR4: 34 | AS4: 35 | AT4: 36 | AU4: 37 | AV4: 38 | AW4: 39 | AX4: 40 | AY4: 41 | AZ4: 42 | BA4: 43 | BB4: 44 | BC4: 45 | BD4: 46 | BE4: 47 | BF4: 48 | BG4: 49 | BH4: 50 | BI4: 51 | BJ4: 52 | BK4: 53 | BL4: 54 | BM4: 55 | BN4: 56 | BO4: 57 | BP4: 58 | BQ4: 59 | BR4: 60
C6: Facility | E6: =SUM(K6:V6) -> 0 | F6: =SUM(W6:AH6) -> 0 | G6: =SUM(AI6:AT6) -> 0 | H6: =SUM(AU6:BF6) -> 0 | I6: =SUM(BG6:BR6) -> 0 | K6: {=SUMPRODUCT(($C6=CapexCategory)*(K$4=CapexMonth)*CapexAmount)} -> 0 | L6: {=SUMPRODUCT(($C6=CapexCategory)*(L$4=CapexMonth)*CapexAmount)} -> 0 | M6: {=SUMPRODUCT(($C6=CapexCategory)*(M$4=CapexMonth)*CapexAmount)} -> 0 | N6: {=SUMPRODUCT(($C6=CapexCategory)*(N$4=CapexMonth)*CapexAmount)} -> 0 | O6: {=SUMPRODUCT(($C6=CapexCategory)*(O$4=CapexMonth)*CapexAmount)} -> 0 | P6: {=SUMPRODUCT(($C6=CapexCategory)*(P$4=CapexMonth)*CapexAmount)} -> 0 | Q6: {=SUMPRODUCT(($C6=CapexCategory)*(Q$4=CapexMonth)*CapexAmount)} -> 0 | R6: {=SUMPRODUCT(($C6=CapexCategory)*(R$4=CapexMonth)*CapexAmount)} -> 0 | ... BR6: {=SUMPRODUCT(($C6=CapexCategory)*(BR$4=CapexMonth)*CapexAmount)} -> 0
C7: Equip | E7: =SUM(K7:V7) -> 40 | F7: =SUM(W7:AH7) -> 0 | G7: =SUM(AI7:AT7) -> 0 | H7: =SUM(AU7:BF7) -> 0 | I7: =SUM(BG7:BR7) -> 0 | K7: {=SUMPRODUCT(($C7=CapexCategory)*(K$4=CapexMonth)*CapexAmount)} -> 40 | L7: {=SUMPRODUCT(($C7=CapexCategory)*(L$4=CapexMonth)*CapexAmount)} -> 0 | M7: {=SUMPRODUCT(($C7=CapexCategory)*(M$4=CapexMonth)*CapexAmount)} -> 0 | N7: {=SUMPRODUCT(($C7=CapexCategory)*(N$4=CapexMonth)*CapexAmount)} -> 0 | O7: {=SUMPRODUCT(($C7=CapexCategory)*(O$4=CapexMonth)*CapexAmount)} -> 0 | P7: {=SUMPRODUCT(($C7=CapexCategory)*(P$4=CapexMonth)*CapexAmount)} -> 0 | Q7: {=SUMPRODUCT(($C7=CapexCategory)*(Q$4=CapexMonth)*CapexAmount)} -> 0 | R7: {=SUMPRODUCT(($C7=CapexCategory)*(R$4=CapexMonth)*CapexAmount)} -> 0 | ... BR7: {=SUMPRODUCT(($C7=CapexCategory)*(BR$4=CapexMonth)*CapexAmount)} -> 0
C8: Fixture | E8: =SUM(K8:V8) -> 0 | F8: =SUM(W8:AH8) -> 0 | G8: =SUM(AI8:AT8) -> 0 | H8: =SUM(AU8:BF8) -> 0 | I8: =SUM(BG8:BR8) -> 0 | K8: {=SUMPRODUCT(($C8=CapexCategory)*(K$4=CapexMonth)*CapexAmount)} -> 0 | L8: {=SUMPRODUCT(($C8=CapexCategory)*(L$4=CapexMonth)*CapexAmount)} -> 0 | M8: {=SUMPRODUCT(($C8=CapexCategory)*(M$4=CapexMonth)*CapexAmount)} -> 0 | N8: {=SUMPRODUCT(($C8=CapexCategory)*(N$4=CapexMonth)*CapexAmount)} -> 0 | O8: {=SUMPRODUCT(($C8=CapexCategory)*(O$4=CapexMonth)*CapexAmount)} -> 0 | P8: {=SUMPRODUCT(($C8=CapexCategory)*(P$4=CapexMonth)*CapexAmount)} -> 0 | Q8: {=SUMPRODUCT(($C8=CapexCategory)*(Q$4=CapexMonth)*CapexAmount)} -> 0 | R8: {=SUMPRODUCT(($C8=CapexCategory)*(R$4=CapexMonth)*CapexAmount)} -> 0 | ... BR8: {=SUMPRODUCT(($C8=CapexCategory)*(BR$4=CapexMonth)*CapexAmount)} -> 0
C9: Intang | E9: =SUM(K9:V9) -> 100 | F9: =SUM(W9:AH9) -> 0 | G9: =SUM(AI9:AT9) -> 0 | H9: =SUM(AU9:BF9) -> 0 | I9: =SUM(BG9:BR9) -> 0 | K9: {=SUMPRODUCT(($C9=CapexCategory)*(K$4=CapexMonth)*CapexAmount)} -> 0 | L9: {=SUMPRODUCT(($C9=CapexCategory)*(L$4=CapexMonth)*CapexAmount)} -> 0 | M9: {=SUMPRODUCT(($C9=CapexCategory)*(M$4=CapexMonth)*CapexAmount)} -> 0 | N9: {=SUMPRODUCT(($C9=CapexCategory)*(N$4=CapexMonth)*CapexAmount)} -> 0 | O9: {=SUMPRODUCT(($C9=CapexCategory)*(O$4=CapexMonth)*CapexAmount)} -> 0 | P9: {=SUMPRODUCT(($C9=CapexCategory)*(P$4=CapexMonth)*CapexAmount)} -> 100 | Q9: {=SUMPRODUCT(($C9=CapexCategory)*(Q$4=CapexMonth)*CapexAmount)} -> 0 | R9: {=SUMPRODUCT(($C9=CapexCategory)*(R$4=CapexMonth)*CapexAmount)} -> 0 | ... BR9: {=SUMPRODUCT(($C9=CapexCategory)*(BR$4=CapexMonth)*CapexAmount)} -> 0
C10: Land | E10: =SUM(K10:V10) -> 50 | F10: =SUM(W10:AH10) -> 0 | G10: =SUM(AI10:AT10) -> 0 | H10: =SUM(AU10:BF10) -> 0 | I10: =SUM(BG10:BR10) -> 0 | K10: {=SUMPRODUCT(($C10=CapexCategory)*(K$4=CapexMonth)*CapexAmount)} -> 0 | L10: {=SUMPRODUCT(($C10=CapexCategory)*(L$4=CapexMonth)*CapexAmount)} -> 0 | M10: {=SUMPRODUCT(($C10=CapexCategory)*(M$4=CapexMonth)*CapexAmount)} -> 50 | N10: {=SUMPRODUCT(($C10=CapexCategory)*(N$4=CapexMonth)*CapexAmount)} -> 0 | O10: {=SUMPRODUCT(($C10=CapexCategory)*(O$4=CapexMonth)*CapexAmount)} -> 0 | P10: {=SUMPRODUCT(($C10=CapexCategory)*(P$4=CapexMonth)*CapexAmount)} -> 0 | Q10: {=SUMPRODUCT(($C10=CapexCategory)*(Q$4=CapexMonth)*CapexAmount)} -> 0 | R10: {=SUMPRODUCT(($C10=CapexCategory)*(R$4=CapexMonth)*CapexAmount)} -> 0 | ... BR10: {=SUMPRODUCT(($C10=CapexCategory)*(BR$4=CapexMonth)*CapexAmount)} -> 0
C11: All other | E11: =SUM(K11:V11) -> 0 | F11: =SUM(W11:AH11) -> 0 | G11: =SUM(AI11:AT11) -> 0 | H11: =SUM(AU11:BF11) -> 0 | I11: =SUM(BG11:BR11) -> 0 | K11: {=SUMPRODUCT( ((ISBLANK(CapexCategory) + (CapexCategory="Other"))>0) * (K$4=CapexMonth)*CapexAmount)} -> 0 | L11: {=SUMPRODUCT( ((ISBLANK(CapexCategory) + (CapexCategory="Other"))>0) * (L$4=CapexMonth)*CapexAmount)} -> 0 | M11: {=SUMPRODUCT( ((ISBLANK(CapexCategory) + (CapexCategory="Other"))>0) * (M$4=CapexMonth)*CapexAmount)} -> 0 | N11: {=SUMPRODUCT( ((ISBLANK(CapexCategory) + (CapexCategory="Other"))>0) * (N$4=CapexMonth)*CapexAmount)} -> 0 | O11: {=SUMPRODUCT( ((ISBLANK(CapexCategory) + (CapexCategory="Other"))>0) * (O$4=CapexMonth)*CapexAmount)} -> 0 | P11: {=SUMPRODUCT( ((ISBLANK(CapexCategory) + (CapexCategory="Other"))>0) * (P$4=CapexMonth)*CapexAmount)} -> 0 | Q11: {=SUMPRODUCT( ((ISBLANK(CapexCategory) + (CapexCategory="Other"))>0) * (Q$4=CapexMonth)*CapexAmount)} -> 0 | R11: {=SUMPRODUCT( ((ISBLANK(CapexCategory) + (CapexCategory="Other"))>0) * (R$4=CapexMonth)*CapexAmount)} -> 0 | ... BR11: {=SUMPRODUCT( ((ISBLANK(CapexCategory) + (CapexCategory="Other"))>0) * (BR$4=CapexMonth)*CapexAmount)} -> 0
C12: Expenditures | E12: =SUM(K12:V12) -> 190 | F12: =SUM(W12:AH12) -> 0 | G12: =SUM(AI12:AT12) -> 0 | H12: =SUM(AU12:BF12) -> 0 | I12: =SUM(BG12:BR12) -> 0 | K12: =SUM(K6:K11) -> 40 | L12: =SUM(L6:L11) -> 0 | M12: =SUM(M6:M11) -> 50 | N12: =SUM(N6:N11) -> 0 | O12: =SUM(O6:O11) -> 0 | P12: =SUM(P6:P11) -> 100 | Q12: =SUM(Q6:Q11) -> 0 | R12: =SUM(R6:R11) -> 0 | ... BR12: =SUM(BR6:BR11) -> 0
C14: Facility | E14: =SUM(K14:V14) -> 0 | F14: =SUM(W14:AH14) -> 0 | G14: =SUM(AI14:AT14) -> 0 | H14: =SUM(AU14:BF14) -> 0 | I14: =SUM(BG14:BR14) -> 0 | K14: {=SUMPRODUCT(( $C14=CapexCategory)*(K$4>=CapexMonth)*(K$4<=SalOff)*DepExp)} -> 0 | L14: {=SUMPRODUCT(( $C14=CapexCategory)*(L$4>=CapexMonth)*(L$4<=SalOff)*DepExp)} -> 0 | M14: {=SUMPRODUCT(( $C14=CapexCategory)*(M$4>=CapexMonth)*(M$4<=SalOff)*DepExp)} -> 0 | N14: {=SUMPRODUCT(( $C14=CapexCategory)*(N$4>=CapexMonth)*(N$4<=SalOff)*DepExp)} -> 0 | O14: {=SUMPRODUCT(( $C14=CapexCategory)*(O$4>=CapexMonth)*(O$4<=SalOff)*DepExp)} -> 0 | P14: {=SUMPRODUCT(( $C14=CapexCategory)*(P$4>=CapexMonth)*(P$4<=SalOff)*DepExp)} -> 0 | Q14: {=SUMPRODUCT(( $C14=CapexCategory)*(Q$4>=CapexMonth)*(Q$4<=SalOff)*DepExp)} -> 0 | R14: {=SUMPRODUCT(( $C14=CapexCategory)*(R$4>=CapexMonth)*(R$4<=SalOff)*DepExp)} -> 0 | ... BR14: {=SUMPRODUCT(( $C14=CapexCategory)*(BR$4>=CapexMonth)*(BR$4<=SalOff)*DepExp)} -> 0
C15: Equip | E15: =SUM(K15:V15) -> 40 | F15: =SUM(W15:AH15) -> 0 | G15: =SUM(AI15:AT15) -> 0 | H15: =SUM(AU15:BF15) -> 0 | I15: =SUM(BG15:BR15) -> 0 | K15: {=SUMPRODUCT(( $C15=CapexCategory)*(K$4>=CapexMonth)*(K$4<=SalOff)*DepExp)} -> 4 | L15: {=SUMPRODUCT(( $C15=CapexCategory)*(L$4>=CapexMonth)*(L$4<=SalOff)*DepExp)} -> 4 | M15: {=SUMPRODUCT(( $C15=CapexCategory)*(M$4>=CapexMonth)*(M$4<=SalOff)*DepExp)} -> 4 | N15: {=SUMPRODUCT(( $C15=CapexCategory)*(N$4>=CapexMonth)*(N$4<=SalOff)*DepExp)} -> 4 | O15: {=SUMPRODUCT(( $C15=CapexCategory)*(O$4>=CapexMonth)*(O$4<=SalOff)*DepExp)} -> 4 | P15: {=SUMPRODUCT(( $C15=CapexCategory)*(P$4>=CapexMonth)*(P$4<=SalOff)*DepExp)} -> 4 | Q15: {=SUMPRODUCT(( $C15=CapexCategory)*(Q$4>=CapexMonth)*(Q$4<=SalOff)*DepExp)} -> 4 | R15: {=SUMPRODUCT(( $C15=CapexCategory)*(R$4>=CapexMonth)*(R$4<=SalOff)*DepExp)} -> 4 | ... BR15: {=SUMPRODUCT(( $C15=CapexCategory)*(BR$4>=CapexMonth)*(BR$4<=SalOff)*DepExp)} -> 0
C16: Fixture | E16: =SUM(K16:V16) -> 0 | F16: =SUM(W16:AH16) -> 0 | G16: =SUM(AI16:AT16) -> 0 | H16: =SUM(AU16:BF16) -> 0 | I16: =SUM(BG16:BR16) -> 0 | K16: {=SUMPRODUCT(( $C16=CapexCategory)*(K$4>=CapexMonth)*(K$4<=SalOff)*DepExp)} -> 0 | L16: {=SUMPRODUCT(( $C16=CapexCategory)*(L$4>=CapexMonth)*(L$4<=SalOff)*DepExp)} -> 0 | M16: {=SUMPRODUCT(( $C16=CapexCategory)*(M$4>=CapexMonth)*(M$4<=SalOff)*DepExp)} -> 0 | N16: {=SUMPRODUCT(( $C16=CapexCategory)*(N$4>=CapexMonth)*(N$4<=SalOff)*DepExp)} -> 0 | O16: {=SUMPRODUCT(( $C16=CapexCategory)*(O$4>=CapexMonth)*(O$4<=SalOff)*DepExp)} -> 0 | P16: {=SUMPRODUCT(( $C16=CapexCategory)*(P$4>=CapexMonth)*(P$4<=SalOff)*DepExp)} -> 0 | Q16: {=SUMPRODUCT(( $C16=CapexCategory)*(Q$4>=CapexMonth)*(Q$4<=SalOff)*DepExp)} -> 0 | R16: {=SUMPRODUCT(( $C16=CapexCategory)*(R$4>=CapexMonth)*(R$4<=SalOff)*DepExp)} -> 0 | ... BR16: {=SUMPRODUCT(( $C16=CapexCategory)*(BR$4>=CapexMonth)*(BR$4<=SalOff)*DepExp)} -> 0
C17: Intang | E17: =SUM(K17:V17) -> 50 | F17: =SUM(W17:AH17) -> 0 | G17: =SUM(AI17:AT17) -> 0 | H17: =SUM(AU17:BF17) -> 0 | I17: =SUM(BG17:BR17) -> 0 | K17: {=SUMPRODUCT(( $C17=CapexCategory)*(K$4>=CapexMonth)*(K$4<=SalOff)*DepExp)} -> 0 | L17: {=SUMPRODUCT(( $C17=CapexCategory)*(L$4>=CapexMonth)*(L$4<=SalOff)*DepExp)} -> 0 | M17: {=SUMPRODUCT(( $C17=CapexCategory)*(M$4>=CapexMonth)*(M$4<=SalOff)*DepExp)} -> 0 | N17: {=SUMPRODUCT(( $C17=CapexCategory)*(N$4>=CapexMonth)*(N$4<=SalOff)*DepExp)} -> 0 | O17: {=SUMPRODUCT(( $C17=CapexCategory)*(O$4>=CapexMonth)*(O$4<=SalOff)*DepExp)} -> 0 | P17: {=SUMPRODUCT(( $C17=CapexCategory)*(P$4>=CapexMonth)*(P$4<=SalOff)*DepExp)} -> 7.1428571 | Q17: {=SUMPRODUCT(( $C17=CapexCategory)*(Q$4>=CapexMonth)*(Q$4<=SalOff)*DepExp)} -> 7.1428571 | R17: {=SUMPRODUCT(( $C17=CapexCategory)*(R$4>=CapexMonth)*(R$4<=SalOff)*DepExp)} -> 7.1428571 | ... BR17: {=SUMPRODUCT(( $C17=CapexCategory)*(BR$4>=CapexMonth)*(BR$4<=SalOff)*DepExp)} -> 0
C18: Land | K18: {=SUMPRODUCT(( $C18=CapexCategory)*(K$4>=CapexMonth)*(K$4<=SalOff)*DepExp)} -> 0 | L18: {=SUMPRODUCT(( $C18=CapexCategory)*(L$4>=CapexMonth)*(L$4<=SalOff)*DepExp)} -> 0 | M18: {=SUMPRODUCT(( $C18=CapexCategory)*(M$4>=CapexMonth)*(M$4<=SalOff)*DepExp)} -> 0 | N18: {=SUMPRODUCT(( $C18=CapexCategory)*(N$4>=CapexMonth)*(N$4<=SalOff)*DepExp)} -> 0 | O18: {=SUMPRODUCT(( $C18=CapexCategory)*(O$4>=CapexMonth)*(O$4<=SalOff)*DepExp)} -> 0 | P18: {=SUMPRODUCT(( $C18=CapexCategory)*(P$4>=CapexMonth)*(P$4<=SalOff)*DepExp)} -> 0 | Q18: {=SUMPRODUCT(( $C18=CapexCategory)*(Q$4>=CapexMonth)*(Q$4<=SalOff)*DepExp)} -> 0 | R18: {=SUMPRODUCT(( $C18=CapexCategory)*(R$4>=CapexMonth)*(R$4<=SalOff)*DepExp)} -> 0 | ... BR18: {=SUMPRODUCT(( $C18=CapexCategory)*(BR$4>=CapexMonth)*(BR$4<=SalOff)*DepExp)} -> 0
C19: All other | E19: =SUM(K19:V19) -> 0 | F19: =SUM(W19:AH19) -> 0 | G19: =SUM(AI19:AT19) -> 0 | H19: =SUM(AU19:BF19) -> 0 | I19: =SUM(BG19:BR19) -> 0 | K19: {=SUMPRODUCT( ((ISBLANK(CapexCategory) + (CapexCategory="Other"))>0) * (K$4>=CapexMonth)*( K$4<=SalOff)*DepExp)} -> 0 | L19: {=SUMPRODUCT( ((ISBLANK(CapexCategory) + (CapexCategory="Other"))>0) * (L$4>=CapexMonth)*( L$4<=SalOff)*DepExp)} -> 0 | M19: {=SUMPRODUCT( ((ISBLANK(CapexCategory) + (CapexCategory="Other"))>0) * (M$4>=CapexMonth)*( M$4<=SalOff)*DepExp)} -> 0 | N19: {=SUMPRODUCT( ((ISBLANK(CapexCategory) + (CapexCategory="Other"))>0) * (N$4>=CapexMonth)*( N$4<=SalOff)*DepExp)} -> 0 | O19: {=SUMPRODUCT( ((ISBLANK(CapexCategory) + (CapexCategory="Other"))>0) * (O$4>=CapexMonth)*( O$4<=SalOff)*DepExp)} -> 0 | P19: {=SUMPRODUCT( ((ISBLANK(CapexCategory) + (CapexCategory="Other"))>0) * (P$4>=CapexMonth)*( P$4<=SalOff)*DepExp)} -> 0 | Q19: {=SUMPRODUCT( ((ISBLANK(CapexCategory) + (CapexCategory="Other"))>0) * (Q$4>=CapexMonth)*( Q$4<=SalOff)*DepExp)} -> 0 | R19: {=SUMPRODUCT( ((ISBLANK(CapexCategory) + (CapexCategory="Other"))>0) * (R$4>=CapexMonth)*( R$4<=SalOff)*DepExp)} -> 0 | ... BR19: {=SUMPRODUCT( ((ISBLANK(CapexCategory) + (CapexCategory="Other"))>0) * (BR$4>=CapexMonth)*( BR$4<=SalOff)*DepExp)} -> 0
C20: Depreciation | E20: =SUM(K20:V20) -> 90 | F20: =SUM(W20:AH20) -> 0 | G20: =SUM(AI20:AT20) -> 0 | H20: =SUM(AU20:BF20) -> 0 | I20: =SUM(BG20:BR20) -> 0 | K20: =SUM(K14:K19) -> 4 | L20: =SUM(L14:L19) -> 4 | M20: =SUM(M14:M19) -> 4 | N20: =SUM(N14:N19) -> 4 | O20: =SUM(O14:O19) -> 4 | P20: =SUM(P14:P19) -> 11.142857 | Q20: =SUM(Q14:Q19) -> 11.142857 | R20: =SUM(R14:R19) -> 11.142857 | ... BR20: =SUM(BR14:BR19) -> 0
C22: Facility | E22: =V22 -> 0 | F22: =AH22 -> 0 | G22: =AT22 -> 0 | H22: =BF22 -> 0 | I22: =BR22 -> 0 | K22: {=SUMPRODUCT( (CapexCategory=$C22)*(K$4>=CapexMonth) * (K$4<=DepStop)* ((K$4-CapexMonth+1)*-DepExp) )} -> 0 | L22: {=SUMPRODUCT( (CapexCategory=$C22)*(L$4>=CapexMonth) * (L$4<=DepStop)* ((L$4-CapexMonth+1)*-DepExp) )} -> 0 | M22: {=SUMPRODUCT( (CapexCategory=$C22)*(M$4>=CapexMonth) * (M$4<=DepStop)* ((M$4-CapexMonth+1)*-DepExp) )} -> 0 | N22: {=SUMPRODUCT( (CapexCategory=$C22)*(N$4>=CapexMonth) * (N$4<=DepStop)* ((N$4-CapexMonth+1)*-DepExp) )} -> 0 | O22: {=SUMPRODUCT( (CapexCategory=$C22)*(O$4>=CapexMonth) * (O$4<=DepStop)* ((O$4-CapexMonth+1)*-DepExp) )} -> 0 | P22: {=SUMPRODUCT( (CapexCategory=$C22)*(P$4>=CapexMonth) * (P$4<=DepStop)* ((P$4-CapexMonth+1)*-DepExp) )} -> 0 | Q22: {=SUMPRODUCT( (CapexCategory=$C22)*(Q$4>=CapexMonth) * (Q$4<=DepStop)* ((Q$4-CapexMonth+1)*-DepExp) )} -> 0 | R22: {=SUMPRODUCT( (CapexCategory=$C22)*(R$4>=CapexMonth) * (R$4<=DepStop)* ((R$4-CapexMonth+1)*-DepExp) )} -> 0 | ... BR22: {=SUMPRODUCT( (CapexCategory=$C22)*(BR$4>=CapexMonth) * (BR$4<=DepStop)* ((BR$4-CapexMonth+1)*-DepExp) )} -> 0
C23: Equip | E23: =V23 -> 0 | F23: =AH23 -> 0 | G23: =AT23 -> 0 | H23: =BF23 -> 0 | I23: =BR23 -> 0 | K23: {=SUMPRODUCT( (CapexCategory=$C23)*(K$4>=CapexMonth) * (K$4<=DepStop)* ((K$4-CapexMonth+1)*-DepExp) )} -> -4 | L23: {=SUMPRODUCT( (CapexCategory=$C23)*(L$4>=CapexMonth) * (L$4<=DepStop)* ((L$4-CapexMonth+1)*-DepExp) )} -> -8 | M23: {=SUMPRODUCT( (CapexCategory=$C23)*(M$4>=CapexMonth) * (M$4<=DepStop)* ((M$4-CapexMonth+1)*-DepExp) )} -> -12 | N23: {=SUMPRODUCT( (CapexCategory=$C23)*(N$4>=CapexMonth) * (N$4<=DepStop)* ((N$4-CapexMonth+1)*-DepExp) )} -> -16 | O23: {=SUMPRODUCT( (CapexCategory=$C23)*(O$4>=CapexMonth) * (O$4<=DepStop)* ((O$4-CapexMonth+1)*-DepExp) )} -> -20 | P23: {=SUMPRODUCT( (CapexCategory=$C23)*(P$4>=CapexMonth) * (P$4<=DepStop)* ((P$4-CapexMonth+1)*-DepExp) )} -> -24 | Q23: {=SUMPRODUCT( (CapexCategory=$C23)*(Q$4>=CapexMonth) * (Q$4<=DepStop)* ((Q$4-CapexMonth+1)*-DepExp) )} -> -28 | R23: {=SUMPRODUCT( (CapexCategory=$C23)*(R$4>=CapexMonth) * (R$4<=DepStop)* ((R$4-CapexMonth+1)*-DepExp) )} -> -32 | ... BR23: {=SUMPRODUCT( (CapexCategory=$C23)*(BR$4>=CapexMonth) * (BR$4<=DepStop)* ((BR$4-CapexMonth+1)*-DepExp) )} -> 0
C24: Fixture | E24: =V24 -> 0 | F24: =AH24 -> 0 | G24: =AT24 -> 0 | H24: =BF24 -> 0 | I24: =BR24 -> 0 | K24: {=SUMPRODUCT( (CapexCategory=$C24)*(K$4>=CapexMonth) * (K$4<=DepStop)* ((K$4-CapexMonth+1)*-DepExp) )} -> 0 | L24: {=SUMPRODUCT( (CapexCategory=$C24)*(L$4>=CapexMonth) * (L$4<=DepStop)* ((L$4-CapexMonth+1)*-DepExp) )} -> 0 | M24: {=SUMPRODUCT( (CapexCategory=$C24)*(M$4>=CapexMonth) * (M$4<=DepStop)* ((M$4-CapexMonth+1)*-DepExp) )} -> 0 | N24: {=SUMPRODUCT( (CapexCategory=$C24)*(N$4>=CapexMonth) * (N$4<=DepStop)* ((N$4-CapexMonth+1)*-DepExp) )} -> 0 | O24: {=SUMPRODUCT( (CapexCategory=$C24)*(O$4>=CapexMonth) * (O$4<=DepStop)* ((O$4-CapexMonth+1)*-DepExp) )} -> 0 | P24: {=SUMPRODUCT( (CapexCategory=$C24)*(P$4>=CapexMonth) * (P$4<=DepStop)* ((P$4-CapexMonth+1)*-DepExp) )} -> 0 | Q24: {=SUMPRODUCT( (CapexCategory=$C24)*(Q$4>=CapexMonth) * (Q$4<=DepStop)* ((Q$4-CapexMonth+1)*-DepExp) )} -> 0 | R24: {=SUMPRODUCT( (CapexCategory=$C24)*(R$4>=CapexMonth) * (R$4<=DepStop)* ((R$4-CapexMonth+1)*-DepExp) )} -> 0 | ... BR24: {=SUMPRODUCT( (CapexCategory=$C24)*(BR$4>=CapexMonth) * (BR$4<=DepStop)* ((BR$4-CapexMonth+1)*-DepExp) )} -> 0
C25: Intang | E25: =V25 -> -50 | F25: =AH25 -> 0 | G25: =AT25 -> 0 | H25: =BF25 -> 0 | I25: =BR25 -> 0 | K25: {=SUMPRODUCT( (CapexCategory=$C25)*(K$4>=CapexMonth) * (K$4<=DepStop)* ((K$4-CapexMonth+1)*-DepExp) )} -> 0 | L25: {=SUMPRODUCT( (CapexCategory=$C25)*(L$4>=CapexMonth) * (L$4<=DepStop)* ((L$4-CapexMonth+1)*-DepExp) )} -> 0 | M25: {=SUMPRODUCT( (CapexCategory=$C25)*(M$4>=CapexMonth) * (M$4<=DepStop)* ((M$4-CapexMonth+1)*-DepExp) )} -> 0 | N25: {=SUMPRODUCT( (CapexCategory=$C25)*(N$4>=CapexMonth) * (N$4<=DepStop)* ((N$4-CapexMonth+1)*-DepExp) )} -> 0 | O25: {=SUMPRODUCT( (CapexCategory=$C25)*(O$4>=CapexMonth) * (O$4<=DepStop)* ((O$4-CapexMonth+1)*-DepExp) )} -> 0 | P25: {=SUMPRODUCT( (CapexCategory=$C25)*(P$4>=CapexMonth) * (P$4<=DepStop)* ((P$4-CapexMonth+1)*-DepExp) )} -> -7.1428571 | Q25: {=SUMPRODUCT( (CapexCategory=$C25)*(Q$4>=CapexMonth) * (Q$4<=DepStop)* ((Q$4-CapexMonth+1)*-DepExp) )} -> -14.285714 | R25: {=SUMPRODUCT( (CapexCategory=$C25)*(R$4>=CapexMonth) * (R$4<=DepStop)* ((R$4-CapexMonth+1)*-DepExp) )} -> -21.428571 | ... BR25: {=SUMPRODUCT( (CapexCategory=$C25)*(BR$4>=CapexMonth) * (BR$4<=DepStop)* ((BR$4-CapexMonth+1)*-DepExp) )} -> 0
C26: Land | K26: {=SUMPRODUCT( (CapexCategory=$C26)*(K$4>=CapexMonth) * (K$4<=DepStop)* ((K$4-CapexMonth+1)*-DepExp) )} -> 0 | L26: {=SUMPRODUCT( (CapexCategory=$C26)*(L$4>=CapexMonth) * (L$4<=DepStop)* ((L$4-CapexMonth+1)*-DepExp) )} -> 0 | M26: {=SUMPRODUCT( (CapexCategory=$C26)*(M$4>=CapexMonth) * (M$4<=DepStop)* ((M$4-CapexMonth+1)*-DepExp) )} -> 0 | N26: {=SUMPRODUCT( (CapexCategory=$C26)*(N$4>=CapexMonth) * (N$4<=DepStop)* ((N$4-CapexMonth+1)*-DepExp) )} -> 0 | O26: {=SUMPRODUCT( (CapexCategory=$C26)*(O$4>=CapexMonth) * (O$4<=DepStop)* ((O$4-CapexMonth+1)*-DepExp) )} -> 0 | P26: {=SUMPRODUCT( (CapexCategory=$C26)*(P$4>=CapexMonth) * (P$4<=DepStop)* ((P$4-CapexMonth+1)*-DepExp) )} -> 0 | Q26: {=SUMPRODUCT( (CapexCategory=$C26)*(Q$4>=CapexMonth) * (Q$4<=DepStop)* ((Q$4-CapexMonth+1)*-DepExp) )} -> 0 | R26: {=SUMPRODUCT( (CapexCategory=$C26)*(R$4>=CapexMonth) * (R$4<=DepStop)* ((R$4-CapexMonth+1)*-DepExp) )} -> 0 | ... BR26: {=SUMPRODUCT( (CapexCategory=$C26)*(BR$4>=CapexMonth) * (BR$4<=DepStop)* ((BR$4-CapexMonth+1)*-DepExp) )} -> 0
C27: All other | E27: =V27 -> 0 | F27: =AH27 -> 0 | G27: =AT27 -> 0 | H27: =BF27 -> 0 | I27: =BR27 -> 0 | K27: {=SUMPRODUCT( ((ISBLANK(CapexCategory) + (CapexCategory="Other"))>0) *(K$4>=CapexMonth) * (K$4<=DepStop)* ((K$4-CapexMonth+1)*-DepExp) )} -> 0 | L27: {=SUMPRODUCT( ((ISBLANK(CapexCategory) + (CapexCategory="Other"))>0) *(L$4>=CapexMonth) * (L$4<=DepStop)* ((L$4-CapexMonth+1)*-DepExp) )} -> 0 | M27: {=SUMPRODUCT( ((ISBLANK(CapexCategory) + (CapexCategory="Other"))>0) *(M$4>=CapexMonth) * (M$4<=DepStop)* ((M$4-CapexMonth+1)*-DepExp) )} -> 0 | N27: {=SUMPRODUCT( ((ISBLANK(CapexCategory) + (CapexCategory="Other"))>0) *(N$4>=CapexMonth) * (N$4<=DepStop)* ((N$4-CapexMonth+1)*-DepExp) )} -> 0 | O27: {=SUMPRODUCT( ((ISBLANK(CapexCategory) + (CapexCategory="Other"))>0) *(O$4>=CapexMonth) * (O$4<=DepStop)* ((O$4-CapexMonth+1)*-DepExp) )} -> 0 | P27: {=SUMPRODUCT( ((ISBLANK(CapexCategory) + (CapexCategory="Other"))>0) *(P$4>=CapexMonth) * (P$4<=DepStop)* ((P$4-CapexMonth+1)*-DepExp) )} -> 0 | Q27: {=SUMPRODUCT( ((ISBLANK(CapexCategory) + (CapexCategory="Other"))>0) *(Q$4>=CapexMonth) * (Q$4<=DepStop)* ((Q$4-CapexMonth+1)*-DepExp) )} -> 0 | R27: {=SUMPRODUCT( ((ISBLANK(CapexCategory) + (CapexCategory="Other"))>0) *(R$4>=CapexMonth) * (R$4<=DepStop)* ((R$4-CapexMonth+1)*-DepExp) )} -> 0 | ... BR27: {=SUMPRODUCT( ((ISBLANK(CapexCategory) + (CapexCategory="Other"))>0) *(BR$4>=CapexMonth) * (BR$4<=DepStop)* ((BR$4-CapexMonth+1)*-DepExp) )} -> 0
C28: Accum. Depreciation | E28: =V28 -> -50 | F28: =AH28 -> 0 | G28: =AT28 -> 0 | H28: =BF28 -> 0 | I28: =BR28 -> 0 | K28: =SUM(K22:K27) -> -4 | L28: =SUM(L22:L27) -> -8 | M28: =SUM(M22:M27) -> -12 | N28: =SUM(N22:N27) -> -16 | O28: =SUM(O22:O27) -> -20 | P28: =SUM(P22:P27) -> -31.142857 | Q28: =SUM(Q22:Q27) -> -42.285714 | R28: =SUM(R22:R27) -> -53.428571 | ... BR28: =SUM(BR22:BR27) -> 0
C30: Facility | E30: =V30 -> 0 | F30: =AH30 -> 0 | G30: =AT30 -> 0 | H30: =BF30 -> 0 | I30: =BR30 -> 0 | K30: {=SUMPRODUCT( (CapexCategory=$C30)* (K$4>=CapexMonth) *(K$4<=SalOff) * CapexAmount)} -> 0 | L30: {=SUMPRODUCT( (CapexCategory=$C30)* (L$4>=CapexMonth) *(L$4<=SalOff) * CapexAmount)} -> 0 | M30: {=SUMPRODUCT( (CapexCategory=$C30)* (M$4>=CapexMonth) *(M$4<=SalOff) * CapexAmount)} -> 0 | N30: {=SUMPRODUCT( (CapexCategory=$C30)* (N$4>=CapexMonth) *(N$4<=SalOff) * CapexAmount)} -> 0 | O30: {=SUMPRODUCT( (CapexCategory=$C30)* (O$4>=CapexMonth) *(O$4<=SalOff) * CapexAmount)} -> 0 | P30: {=SUMPRODUCT( (CapexCategory=$C30)* (P$4>=CapexMonth) *(P$4<=SalOff) * CapexAmount)} -> 0 | Q30: {=SUMPRODUCT( (CapexCategory=$C30)* (Q$4>=CapexMonth) *(Q$4<=SalOff) * CapexAmount)} -> 0 | R30: {=SUMPRODUCT( (CapexCategory=$C30)* (R$4>=CapexMonth) *(R$4<=SalOff) * CapexAmount)} -> 0 | ... BR30: {=SUMPRODUCT( (CapexCategory=$C30)* (BR$4>=CapexMonth) *(BR$4<=SalOff) * CapexAmount)} -> 0
C31: Equip | E31: =V31 -> 0 | F31: =AH31 -> 0 | G31: =AT31 -> 0 | H31: =BF31 -> 0 | I31: =BR31 -> 0 | K31: {=SUMPRODUCT( (CapexCategory=$C31)* (K$4>=CapexMonth) *(K$4<=SalOff) * CapexAmount)} -> 40 | L31: {=SUMPRODUCT( (CapexCategory=$C31)* (L$4>=CapexMonth) *(L$4<=SalOff) * CapexAmount)} -> 40 | M31: {=SUMPRODUCT( (CapexCategory=$C31)* (M$4>=CapexMonth) *(M$4<=SalOff) * CapexAmount)} -> 40 | N31: {=SUMPRODUCT( (CapexCategory=$C31)* (N$4>=CapexMonth) *(N$4<=SalOff) * CapexAmount)} -> 40 | O31: {=SUMPRODUCT( (CapexCategory=$C31)* (O$4>=CapexMonth) *(O$4<=SalOff) * CapexAmount)} -> 40 | P31: {=SUMPRODUCT( (CapexCategory=$C31)* (P$4>=CapexMonth) *(P$4<=SalOff) * CapexAmount)} -> 40 | Q31: {=SUMPRODUCT( (CapexCategory=$C31)* (Q$4>=CapexMonth) *(Q$4<=SalOff) * CapexAmount)} -> 40 | R31: {=SUMPRODUCT( (CapexCategory=$C31)* (R$4>=CapexMonth) *(R$4<=SalOff) * CapexAmount)} -> 40 | ... BR31: {=SUMPRODUCT( (CapexCategory=$C31)* (BR$4>=CapexMonth) *(BR$4<=SalOff) * CapexAmount)} -> 0
C32: Fixture | E32: =V32 -> 0 | F32: =AH32 -> 0 | G32: =AT32 -> 0 | H32: =BF32 -> 0 | I32: =BR32 -> 0 | K32: {=SUMPRODUCT( (CapexCategory=$C32)* (K$4>=CapexMonth) *(K$4<=SalOff) * CapexAmount)} -> 0 | L32: {=SUMPRODUCT( (CapexCategory=$C32)* (L$4>=CapexMonth) *(L$4<=SalOff) * CapexAmount)} -> 0 | M32: {=SUMPRODUCT( (CapexCategory=$C32)* (M$4>=CapexMonth) *(M$4<=SalOff) * CapexAmount)} -> 0 | N32: {=SUMPRODUCT( (CapexCategory=$C32)* (N$4>=CapexMonth) *(N$4<=SalOff) * CapexAmount)} -> 0 | O32: {=SUMPRODUCT( (CapexCategory=$C32)* (O$4>=CapexMonth) *(O$4<=SalOff) * CapexAmount)} -> 0 | P32: {=SUMPRODUCT( (CapexCategory=$C32)* (P$4>=CapexMonth) *(P$4<=SalOff) * CapexAmount)} -> 0 | Q32: {=SUMPRODUCT( (CapexCategory=$C32)* (Q$4>=CapexMonth) *(Q$4<=SalOff) * CapexAmount)} -> 0 | R32: {=SUMPRODUCT( (CapexCategory=$C32)* (R$4>=CapexMonth) *(R$4<=SalOff) * CapexAmount)} -> 0 | ... BR32: {=SUMPRODUCT( (CapexCategory=$C32)* (BR$4>=CapexMonth) *(BR$4<=SalOff) * CapexAmount)} -> 0
C33: Intang | E33: =V33 -> 100 | F33: =AH33 -> 0 | G33: =AT33 -> 0 | H33: =BF33 -> 0 | I33: =BR33 -> 0 | K33: {=SUMPRODUCT( (CapexCategory=$C33)* (K$4>=CapexMonth) *(K$4<=SalOff) * CapexAmount)} -> 0 | L33: {=SUMPRODUCT( (CapexCategory=$C33)* (L$4>=CapexMonth) *(L$4<=SalOff) * CapexAmount)} -> 0 | M33: {=SUMPRODUCT( (CapexCategory=$C33)* (M$4>=CapexMonth) *(M$4<=SalOff) * CapexAmount)} -> 0 | N33: {=SUMPRODUCT( (CapexCategory=$C33)* (N$4>=CapexMonth) *(N$4<=SalOff) * CapexAmount)} -> 0 | O33: {=SUMPRODUCT( (CapexCategory=$C33)* (O$4>=CapexMonth) *(O$4<=SalOff) * CapexAmount)} -> 0 | P33: {=SUMPRODUCT( (CapexCategory=$C33)* (P$4>=CapexMonth) *(P$4<=SalOff) * CapexAmount)} -> 100 | Q33: {=SUMPRODUCT( (CapexCategory=$C33)* (Q$4>=CapexMonth) *(Q$4<=SalOff) * CapexAmount)} -> 100 | R33: {=SUMPRODUCT( (CapexCategory=$C33)* (R$4>=CapexMonth) *(R$4<=SalOff) * CapexAmount)} -> 100 | ... BR33: {=SUMPRODUCT( (CapexCategory=$C33)* (BR$4>=CapexMonth) *(BR$4<=SalOff) * CapexAmount)} -> 0
C34: Land | E34: =V34 -> 50 | F34: =AH34 -> 50 | G34: =AT34 -> 50 | H34: =BF34 -> 50 | I34: =BR34 -> 0 | K34: {=SUMPRODUCT( (CapexCategory=$C34)* (K$4>=CapexMonth) *(K$4<=SalOff) * CapexAmount)} -> 0 | L34: {=SUMPRODUCT( (CapexCategory=$C34)* (L$4>=CapexMonth) *(L$4<=SalOff) * CapexAmount)} -> 0 | M34: {=SUMPRODUCT( (CapexCategory=$C34)* (M$4>=CapexMonth) *(M$4<=SalOff) * CapexAmount)} -> 50 | N34: {=SUMPRODUCT( (CapexCategory=$C34)* (N$4>=CapexMonth) *(N$4<=SalOff) * CapexAmount)} -> 50 | O34: {=SUMPRODUCT( (CapexCategory=$C34)* (O$4>=CapexMonth) *(O$4<=SalOff) * CapexAmount)} -> 50 | P34: {=SUMPRODUCT( (CapexCategory=$C34)* (P$4>=CapexMonth) *(P$4<=SalOff) * CapexAmount)} -> 50 | Q34: {=SUMPRODUCT( (CapexCategory=$C34)* (Q$4>=CapexMonth) *(Q$4<=SalOff) * CapexAmount)} -> 50 | R34: {=SUMPRODUCT( (CapexCategory=$C34)* (R$4>=CapexMonth) *(R$4<=SalOff) * CapexAmount)} -> 50 | ... BR34: {=SUMPRODUCT( (CapexCategory=$C34)* (BR$4>=CapexMonth) *(BR$4<=SalOff) * CapexAmount)} -> 0
C35: All other | E35: =V35 -> 0 | F35: =AH35 -> 0 | G35: =AT35 -> 0 | H35: =BF35 -> 0 | I35: =BR35 -> 0 | K35: {=SUMPRODUCT( ((ISBLANK(CapexCategory) + (CapexCategory="Other"))>0) * (K$4>=CapexMonth) *(K$4<=SalOff) * CapexAmount)} -> 0 | L35: {=SUMPRODUCT( ((ISBLANK(CapexCategory) + (CapexCategory="Other"))>0) * (L$4>=CapexMonth) *(L$4<=SalOff) * CapexAmount)} -> 0 | M35: {=SUMPRODUCT( ((ISBLANK(CapexCategory) + (CapexCategory="Other"))>0) * (M$4>=CapexMonth) *(M$4<=SalOff) * CapexAmount)} -> 0 | N35: {=SUMPRODUCT( ((ISBLANK(CapexCategory) + (CapexCategory="Other"))>0) * (N$4>=CapexMonth) *(N$4<=SalOff) * CapexAmount)} -> 0 | O35: {=SUMPRODUCT( ((ISBLANK(CapexCategory) + (CapexCategory="Other"))>0) * (O$4>=CapexMonth) *(O$4<=SalOff) * CapexAmount)} -> 0 | P35: {=SUMPRODUCT( ((ISBLANK(CapexCategory) + (CapexCategory="Other"))>0) * (P$4>=CapexMonth) *(P$4<=SalOff) * CapexAmount)} -> 0 | Q35: {=SUMPRODUCT( ((ISBLANK(CapexCategory) + (CapexCategory="Other"))>0) * (Q$4>=CapexMonth) *(Q$4<=SalOff) * CapexAmount)} -> 0 | R35: {=SUMPRODUCT( ((ISBLANK(CapexCategory) + (CapexCategory="Other"))>0) * (R$4>=CapexMonth) *(R$4<=SalOff) * CapexAmount)} -> 0 | ... BR35: {=SUMPRODUCT( ((ISBLANK(CapexCategory) + (CapexCategory="Other"))>0) * (BR$4>=CapexMonth) *(BR$4<=SalOff) * CapexAmount)} -> 0
C36: Balance | E36: =V36 -> 150 | F36: =AH36 -> 50 | G36: =AT36 -> 50 | H36: =BF36 -> 50 | I36: =BR36 -> 0 | K36: =SUM(K30:K35) -> 40 | L36: =SUM(L30:L35) -> 40 | M36: =SUM(M30:M35) -> 90 | N36: =SUM(N30:N35) -> 90 | O36: =SUM(O30:O35) -> 90 | P36: =SUM(P30:P35) -> 190 | Q36: =SUM(Q30:Q35) -> 190 | R36: =SUM(R30:R35) -> 190 | ... BR36: =SUM(BR30:BR35) -> 0
C38: Facility | E38: =SUM(K38:V38) -> 0 | F38: =SUM(W38:AH38) -> 0 | G38: =SUM(AI38:AT38) -> 0 | H38: =SUM(AU38:BF38) -> 0 | I38: =SUM(BG38:BR38) -> 0 | K38: {=SUMPRODUCT(($C38=CapexCategory)*(K$4=CapexSalvageMonth)*CapexSalvage)} -> 0 | L38: {=SUMPRODUCT(($C38=CapexCategory)*(L$4=CapexSalvageMonth)*CapexSalvage)} -> 0 | M38: {=SUMPRODUCT(($C38=CapexCategory)*(M$4=CapexSalvageMonth)*CapexSalvage)} -> 0 | N38: {=SUMPRODUCT(($C38=CapexCategory)*(N$4=CapexSalvageMonth)*CapexSalvage)} -> 0 | O38: {=SUMPRODUCT(($C38=CapexCategory)*(O$4=CapexSalvageMonth)*CapexSalvage)} -> 0 | P38: {=SUMPRODUCT(($C38=CapexCategory)*(P$4=CapexSalvageMonth)*CapexSalvage)} -> 0 | Q38: {=SUMPRODUCT(($C38=CapexCategory)*(Q$4=CapexSalvageMonth)*CapexSalvage)} -> 0 | R38: {=SUMPRODUCT(($C38=CapexCategory)*(R$4=CapexSalvageMonth)*CapexSalvage)} -> 0 | ... BR38: {=SUMPRODUCT(($C38=CapexCategory)*(BR$4=CapexSalvageMonth)*CapexSalvage)} -> 0
C39: Equip | E39: =SUM(K39:V39) -> 0 | F39: =SUM(W39:AH39) -> 0 | G39: =SUM(AI39:AT39) -> 0 | H39: =SUM(AU39:BF39) -> 0 | I39: =SUM(BG39:BR39) -> 15 | K39: {=SUMPRODUCT(($C39=CapexCategory)*(K$4=CapexSalvageMonth)*CapexSalvage)} -> 0 | L39: {=SUMPRODUCT(($C39=CapexCategory)*(L$4=CapexSalvageMonth)*CapexSalvage)} -> 0 | M39: {=SUMPRODUCT(($C39=CapexCategory)*(M$4=CapexSalvageMonth)*CapexSalvage)} -> 0 | N39: {=SUMPRODUCT(($C39=CapexCategory)*(N$4=CapexSalvageMonth)*CapexSalvage)} -> 0 | O39: {=SUMPRODUCT(($C39=CapexCategory)*(O$4=CapexSalvageMonth)*CapexSalvage)} -> 0 | P39: {=SUMPRODUCT(($C39=CapexCategory)*(P$4=CapexSalvageMonth)*CapexSalvage)} -> 0 | Q39: {=SUMPRODUCT(($C39=CapexCategory)*(Q$4=CapexSalvageMonth)*CapexSalvage)} -> 0 | R39: {=SUMPRODUCT(($C39=CapexCategory)*(R$4=CapexSalvageMonth)*CapexSalvage)} -> 0 | ... BR39: {=SUMPRODUCT(($C39=CapexCategory)*(BR$4=CapexSalvageMonth)*CapexSalvage)} -> 0
C40: Fixture | E40: =SUM(K40:V40) -> 0 | F40: =SUM(W40:AH40) -> 0 | G40: =SUM(AI40:AT40) -> 0 | H40: =SUM(AU40:BF40) -> 0 | I40: =SUM(BG40:BR40) -> 0 | K40: {=SUMPRODUCT(($C40=CapexCategory)*(K$4=CapexSalvageMonth)*CapexSalvage)} -> 0 | L40: {=SUMPRODUCT(($C40=CapexCategory)*(L$4=CapexSalvageMonth)*CapexSalvage)} -> 0 | M40: {=SUMPRODUCT(($C40=CapexCategory)*(M$4=CapexSalvageMonth)*CapexSalvage)} -> 0 | N40: {=SUMPRODUCT(($C40=CapexCategory)*(N$4=CapexSalvageMonth)*CapexSalvage)} -> 0 | O40: {=SUMPRODUCT(($C40=CapexCategory)*(O$4=CapexSalvageMonth)*CapexSalvage)} -> 0 | P40: {=SUMPRODUCT(($C40=CapexCategory)*(P$4=CapexSalvageMonth)*CapexSalvage)} -> 0 | Q40: {=SUMPRODUCT(($C40=CapexCategory)*(Q$4=CapexSalvageMonth)*CapexSalvage)} -> 0 | R40: {=SUMPRODUCT(($C40=CapexCategory)*(R$4=CapexSalvageMonth)*CapexSalvage)} -> 0 | ... BR40: {=SUMPRODUCT(($C40=CapexCategory)*(BR$4=CapexSalvageMonth)*CapexSalvage)} -> 0
C41: Intang | E41: =SUM(K41:V41) -> 18 | F41: =SUM(W41:AH41) -> 0 | G41: =SUM(AI41:AT41) -> 0 | H41: =SUM(AU41:BF41) -> 0 | I41: =SUM(BG41:BR41) -> 0 | K41: {=SUMPRODUCT(($C41=CapexCategory)*(K$4=CapexSalvageMonth)*CapexSalvage)} -> 0 | L41: {=SUMPRODUCT(($C41=CapexCategory)*(L$4=CapexSalvageMonth)*CapexSalvage)} -> 0 | M41: {=SUMPRODUCT(($C41=CapexCategory)*(M$4=CapexSalvageMonth)*CapexSalvage)} -> 0 | N41: {=SUMPRODUCT(($C41=CapexCategory)*(N$4=CapexSalvageMonth)*CapexSalvage)} -> 0 | O41: {=SUMPRODUCT(($C41=CapexCategory)*(O$4=CapexSalvageMonth)*CapexSalvage)} -> 0 | P41: {=SUMPRODUCT(($C41=CapexCategory)*(P$4=CapexSalvageMonth)*CapexSalvage)} -> 0 | Q41: {=SUMPRODUCT(($C41=CapexCategory)*(Q$4=CapexSalvageMonth)*CapexSalvage)} -> 0 | R41: {=SUMPRODUCT(($C41=CapexCategory)*(R$4=CapexSalvageMonth)*CapexSalvage)} -> 0 | ... BR41: {=SUMPRODUCT(($C41=CapexCategory)*(BR$4=CapexSalvageMonth)*CapexSalvage)} -> 0
C42: Land | E42: =SUM(K42:V42) -> 0 | F42: =SUM(W42:AH42) -> 0 | G42: =SUM(AI42:AT42) -> 0 | H42: =SUM(AU42:BF42) -> 0 | I42: =SUM(BG42:BR42) -> 45 | K42: {=SUMPRODUCT(($C42=CapexCategory)*(K$4=CapexSalvageMonth)*CapexSalvage)} -> 0 | L42: {=SUMPRODUCT(($C42=CapexCategory)*(L$4=CapexSalvageMonth)*CapexSalvage)} -> 0 | M42: {=SUMPRODUCT(($C42=CapexCategory)*(M$4=CapexSalvageMonth)*CapexSalvage)} -> 0 | N42: {=SUMPRODUCT(($C42=CapexCategory)*(N$4=CapexSalvageMonth)*CapexSalvage)} -> 0 | O42: {=SUMPRODUCT(($C42=CapexCategory)*(O$4=CapexSalvageMonth)*CapexSalvage)} -> 0 | P42: {=SUMPRODUCT(($C42=CapexCategory)*(P$4=CapexSalvageMonth)*CapexSalvage)} -> 0 | Q42: {=SUMPRODUCT(($C42=CapexCategory)*(Q$4=CapexSalvageMonth)*CapexSalvage)} -> 0 | R42: {=SUMPRODUCT(($C42=CapexCategory)*(R$4=CapexSalvageMonth)*CapexSalvage)} -> 0 | ... BR42: {=SUMPRODUCT(($C42=CapexCategory)*(BR$4=CapexSalvageMonth)*CapexSalvage)} -> 0
C43: All other | E43: =SUM(K43:V43) -> 0 | F43: =SUM(W43:AH43) -> 0 | G43: =SUM(AI43:AT43) -> 0 | H43: =SUM(AU43:BF43) -> 0 | I43: =SUM(BG43:BR43) -> 0 | K43: {=SUMPRODUCT( ((ISBLANK(CapexCategory) + (CapexCategory="Other"))>0) * (K$4=CapexSalvageMonth)*CapexSalvage)} -> 0 | L43: {=SUMPRODUCT( ((ISBLANK(CapexCategory) + (CapexCategory="Other"))>0) * (L$4=CapexSalvageMonth)*CapexSalvage)} -> 0 | M43: {=SUMPRODUCT( ((ISBLANK(CapexCategory) + (CapexCategory="Other"))>0) * (M$4=CapexSalvageMonth)*CapexSalvage)} -> 0 | N43: {=SUMPRODUCT( ((ISBLANK(CapexCategory) + (CapexCategory="Other"))>0) * (N$4=CapexSalvageMonth)*CapexSalvage)} -> 0 | O43: {=SUMPRODUCT( ((ISBLANK(CapexCategory) + (CapexCategory="Other"))>0) * (O$4=CapexSalvageMonth)*CapexSalvage)} -> 0 | P43: {=SUMPRODUCT( ((ISBLANK(CapexCategory) + (CapexCategory="Other"))>0) * (P$4=CapexSalvageMonth)*CapexSalvage)} -> 0 | Q43: {=SUMPRODUCT( ((ISBLANK(CapexCategory) + (CapexCategory="Other"))>0) * (Q$4=CapexSalvageMonth)*CapexSalvage)} -> 0 | R43: {=SUMPRODUCT( ((ISBLANK(CapexCategory) + (CapexCategory="Other"))>0) * (R$4=CapexSalvageMonth)*CapexSalvage)} -> 0 | ... BR43: {=SUMPRODUCT( ((ISBLANK(CapexCategory) + (CapexCategory="Other"))>0) * (BR$4=CapexSalvageMonth)*CapexSalvage)} -> 0
C44: Salvage Proceeds | E44: =SUM(K44:V44) -> 18 | F44: =SUM(W44:AH44) -> 0 | G44: =SUM(AI44:AT44) -> 0 | H44: =SUM(AU44:BF44) -> 0 | I44: =SUM(BG44:BR44) -> 60 | K44: =SUM(K38:K43) -> 0 | L44: =SUM(L38:L43) -> 0 | M44: =SUM(M38:M43) -> 0 | N44: =SUM(N38:N43) -> 0 | O44: =SUM(O38:O43) -> 0 | P44: =SUM(P38:P43) -> 0 | Q44: =SUM(Q38:Q43) -> 0 | R44: =SUM(R38:R43) -> 0 | ... BR44: =SUM(BR38:BR43) -> 0
C46: Facility | E46: =SUM(K46:V46) -> 0 | F46: =SUM(W46:AH46) -> 0 | G46: =SUM(AI46:AT46) -> 0 | H46: =SUM(AU46:BF46) -> 0 | I46: =SUM(BG46:BR46) -> 0 | K46: {=SUMPRODUCT(($C46=CapexCategory)*(K$4=CapexSalvageMonth)*SalGain)} -> 0 | L46: {=SUMPRODUCT(($C46=CapexCategory)*(L$4=CapexSalvageMonth)*SalGain)} -> 0 | M46: {=SUMPRODUCT(($C46=CapexCategory)*(M$4=CapexSalvageMonth)*SalGain)} -> 0 | N46: {=SUMPRODUCT(($C46=CapexCategory)*(N$4=CapexSalvageMonth)*SalGain)} -> 0 | O46: {=SUMPRODUCT(($C46=CapexCategory)*(O$4=CapexSalvageMonth)*SalGain)} -> 0 | P46: {=SUMPRODUCT(($C46=CapexCategory)*(P$4=CapexSalvageMonth)*SalGain)} -> 0 | Q46: {=SUMPRODUCT(($C46=CapexCategory)*(Q$4=CapexSalvageMonth)*SalGain)} -> 0 | R46: {=SUMPRODUCT(($C46=CapexCategory)*(R$4=CapexSalvageMonth)*SalGain)} -> 0 | ... BR46: {=SUMPRODUCT(($C46=CapexCategory)*(BR$4=CapexSalvageMonth)*SalGain)} -> 0
C47: Equip | E47: =SUM(K47:V47) -> 0 | F47: =SUM(W47:AH47) -> 0 | G47: =SUM(AI47:AT47) -> 0 | H47: =SUM(AU47:BF47) -> 0 | I47: =SUM(BG47:BR47) -> 15 | K47: {=SUMPRODUCT(($C47=CapexCategory)*(K$4=CapexSalvageMonth)*SalGain)} -> 0 | L47: {=SUMPRODUCT(($C47=CapexCategory)*(L$4=CapexSalvageMonth)*SalGain)} -> 0 | M47: {=SUMPRODUCT(($C47=CapexCategory)*(M$4=CapexSalvageMonth)*SalGain)} -> 0 | N47: {=SUMPRODUCT(($C47=CapexCategory)*(N$4=CapexSalvageMonth)*SalGain)} -> 0 | O47: {=SUMPRODUCT(($C47=CapexCategory)*(O$4=CapexSalvageMonth)*SalGain)} -> 0 | P47: {=SUMPRODUCT(($C47=CapexCategory)*(P$4=CapexSalvageMonth)*SalGain)} -> 0 | Q47: {=SUMPRODUCT(($C47=CapexCategory)*(Q$4=CapexSalvageMonth)*SalGain)} -> 0 | R47: {=SUMPRODUCT(($C47=CapexCategory)*(R$4=CapexSalvageMonth)*SalGain)} -> 0 | ... BR47: {=SUMPRODUCT(($C47=CapexCategory)*(BR$4=CapexSalvageMonth)*SalGain)} -> 0
C48: Fixture | E48: =SUM(K48:V48) -> 0 | F48: =SUM(W48:AH48) -> 0 | G48: =SUM(AI48:AT48) -> 0 | H48: =SUM(AU48:BF48) -> 0 | I48: =SUM(BG48:BR48) -> 0 | K48: {=SUMPRODUCT(($C48=CapexCategory)*(K$4=CapexSalvageMonth)*SalGain)} -> 0 | L48: {=SUMPRODUCT(($C48=CapexCategory)*(L$4=CapexSalvageMonth)*SalGain)} -> 0 | M48: {=SUMPRODUCT(($C48=CapexCategory)*(M$4=CapexSalvageMonth)*SalGain)} -> 0 | N48: {=SUMPRODUCT(($C48=CapexCategory)*(N$4=CapexSalvageMonth)*SalGain)} -> 0 | O48: {=SUMPRODUCT(($C48=CapexCategory)*(O$4=CapexSalvageMonth)*SalGain)} -> 0 | P48: {=SUMPRODUCT(($C48=CapexCategory)*(P$4=CapexSalvageMonth)*SalGain)} -> 0 | Q48: {=SUMPRODUCT(($C48=CapexCategory)*(Q$4=CapexSalvageMonth)*SalGain)} -> 0 | R48: {=SUMPRODUCT(($C48=CapexCategory)*(R$4=CapexSalvageMonth)*SalGain)} -> 0 | ... BR48: {=SUMPRODUCT(($C48=CapexCategory)*(BR$4=CapexSalvageMonth)*SalGain)} -> 0
C49: Intang | E49: =SUM(K49:V49) -> -32 | F49: =SUM(W49:AH49) -> 0 | G49: =SUM(AI49:AT49) -> 0 | H49: =SUM(AU49:BF49) -> 0 | I49: =SUM(BG49:BR49) -> 0 | K49: {=SUMPRODUCT(($C49=CapexCategory)*(K$4=CapexSalvageMonth)*SalGain)} -> 0 | L49: {=SUMPRODUCT(($C49=CapexCategory)*(L$4=CapexSalvageMonth)*SalGain)} -> 0 | M49: {=SUMPRODUCT(($C49=CapexCategory)*(M$4=CapexSalvageMonth)*SalGain)} -> 0 | N49: {=SUMPRODUCT(($C49=CapexCategory)*(N$4=CapexSalvageMonth)*SalGain)} -> 0 | O49: {=SUMPRODUCT(($C49=CapexCategory)*(O$4=CapexSalvageMonth)*SalGain)} -> 0 | P49: {=SUMPRODUCT(($C49=CapexCategory)*(P$4=CapexSalvageMonth)*SalGain)} -> 0 | Q49: {=SUMPRODUCT(($C49=CapexCategory)*(Q$4=CapexSalvageMonth)*SalGain)} -> 0 | R49: {=SUMPRODUCT(($C49=CapexCategory)*(R$4=CapexSalvageMonth)*SalGain)} -> 0 | ... BR49: {=SUMPRODUCT(($C49=CapexCategory)*(BR$4=CapexSalvageMonth)*SalGain)} -> 0
C50: Land | E50: =SUM(K50:V50) -> 0 | F50: =SUM(W50:AH50) -> 0 | G50: =SUM(AI50:AT50) -> 0 | H50: =SUM(AU50:BF50) -> 0 | I50: =SUM(BG50:BR50) -> -5 | K50: {=SUMPRODUCT(($C50=CapexCategory)*(K$4=CapexSalvageMonth)*SalGain)} -> 0 | L50: {=SUMPRODUCT(($C50=CapexCategory)*(L$4=CapexSalvageMonth)*SalGain)} -> 0 | M50: {=SUMPRODUCT(($C50=CapexCategory)*(M$4=CapexSalvageMonth)*SalGain)} -> 0 | N50: {=SUMPRODUCT(($C50=CapexCategory)*(N$4=CapexSalvageMonth)*SalGain)} -> 0 | O50: {=SUMPRODUCT(($C50=CapexCategory)*(O$4=CapexSalvageMonth)*SalGain)} -> 0 | P50: {=SUMPRODUCT(($C50=CapexCategory)*(P$4=CapexSalvageMonth)*SalGain)} -> 0 | Q50: {=SUMPRODUCT(($C50=CapexCategory)*(Q$4=CapexSalvageMonth)*SalGain)} -> 0 | R50: {=SUMPRODUCT(($C50=CapexCategory)*(R$4=CapexSalvageMonth)*SalGain)} -> 0 | ... BR50: {=SUMPRODUCT(($C50=CapexCategory)*(BR$4=CapexSalvageMonth)*SalGain)} -> 0
C51: All other | E51: =SUM(K51:V51) -> 0 | F51: =SUM(W51:AH51) -> 0 | G51: =SUM(AI51:AT51) -> 0 | H51: =SUM(AU51:BF51) -> 0 | I51: =SUM(BG51:BR51) -> 0 | K51: {=SUMPRODUCT((K$4=CapexSalvageMonth)*SalGain)-SUM(K46:K50)} -> 0 | L51: {=SUMPRODUCT((L$4=CapexSalvageMonth)*SalGain)-SUM(L46:L50)} -> 0 | M51: {=SUMPRODUCT((M$4=CapexSalvageMonth)*SalGain)-SUM(M46:M50)} -> 0 | N51: {=SUMPRODUCT((N$4=CapexSalvageMonth)*SalGain)-SUM(N46:N50)} -> 0 | O51: {=SUMPRODUCT((O$4=CapexSalvageMonth)*SalGain)-SUM(O46:O50)} -> 0 | P51: {=SUMPRODUCT((P$4=CapexSalvageMonth)*SalGain)-SUM(P46:P50)} -> 0 | Q51: {=SUMPRODUCT((Q$4=CapexSalvageMonth)*SalGain)-SUM(Q46:Q50)} -> 0 | R51: {=SUMPRODUCT((R$4=CapexSalvageMonth)*SalGain)-SUM(R46:R50)} -> 0 | ... BR51: {=SUMPRODUCT((BR$4=CapexSalvageMonth)*SalGain)-SUM(BR46:BR50)} -> 0
C52: Gain/Loss on Salvage | E52: =SUM(K52:V52) -> -32 | F52: =SUM(W52:AH52) -> 0 | G52: =SUM(AI52:AT52) -> 0 | H52: =SUM(AU52:BF52) -> 0 | I52: =SUM(BG52:BR52) -> 10 | K52: =SUM(K46:K51) -> 0 | L52: =SUM(L46:L51) -> 0 | M52: =SUM(M46:M51) -> 0 | N52: =SUM(N46:N51) -> 0 | O52: =SUM(O46:O51) -> 0 | P52: =SUM(P46:P51) -> 0 | Q52: =SUM(Q46:Q51) -> 0 | R52: =SUM(R46:R51) -> 0 | ... BR52: =SUM(BR46:BR51) -> 0

Sheet Income
A1: info
C3: Profit & Loss
E4: 1 | F4: 2 | G4: 3 | H4: 4 | I4: 5 | K4: 1 | L4: 2 | M4: 3 | N4: 4 | O4: 5 | P4: 6 | Q4: 7 | R4: 8 | S4: 9 | T4: 10 | U4: 11 | V4: 12 | W4: 13 | X4: 14 | Y4: 15 | Z4: 16 | AA4: 17 | AB4: 18 | AC4: 19 | AD4: 20 | AE4: 21 | AF4: 22 | AG4: 23 | AH4: 24 | AI4: 25 | AJ4: 26 | AK4: 27 | AL4: 28 | AM4: 29 | AN4: 30 | AO4: 31 | AP4: 32 | AQ4: 33 | AR4: 34 | AS4: 35 | AT4: 36 | AU4: 37 | AV4: 38 | AW4: 39 | AX4: 40 | AY4: 41 | AZ4: 42 | BA4: 43 | BB4: 44 | BC4: 45 | BD4: 46 | BE4: 47 | BF4: 48 | BG4: 49 | BH4: 50 | BI4: 51 | BJ4: 52 | BK4: 53 | BL4: 54 | BM4: 55 | BN4: 56 | BO4: 57 | BP4: 58 | BQ4: 59 | BR4: 60
B6: Units | S6: =R44 -> 0
C7: Revenue | E7: =SUM(K7:V7) -> 5569.9439 | F7: =SUM(W7:AH7) -> 6058.7187 | G7: =SUM(AI7:AT7) -> 6590.3846 | H7: =SUM(AU7:BF7) -> 7168.7053 | I7: =SUM(BG7:BR7) -> 7797.7749 | K7: =Summary!CO9*Summary!CO10 -> 446.47746 | L7: =Summary!CP9*Summary!CP10 -> 449.61802 | M7: =Summary!CQ9*Summary!CQ10 -> 452.78066 | N7: =Summary!CR9*Summary!CR10 -> 455.96555 | O7: =Summary!CS9*Summary!CS10 -> 459.17285 | P7: =Summary!CT9*Summary!CT10 -> 462.4027 | Q7: =Summary!CU9*Summary!CU10 -> 465.65527 | R7: =Summary!CV9*Summary!CV10 -> 468.93073 | ... BR7: =Summary!EV9*Summary!EV10 -> 675.15769
C8: COGS | E8: =SUM(K8:V8) -> 4147.6628 | F8: =SUM(W8:AH8) -> 4484.2226 | G8: =SUM(AI8:AT8) -> 4848.0924 | H8: =SUM(AU8:BF8) -> 5241.4881 | I8: =SUM(BG8:BR8) -> 5666.8057 | K8: =Summary!CO11*Summary!CO9 -> 333.41319 | L8: =Summary!CP11*Summary!CP9 -> 335.588 | M8: =Summary!CQ11*Summary!CQ9 -> 337.777 | N8: =Summary!CR11*Summary!CR9 -> 339.98027 | O8: =Summary!CS11*Summary!CS9 -> 342.19791 | P8: =Summary!CT11*Summary!CT9 -> 344.43002 | Q8: =Summary!CU11*Summary!CU9 -> 346.67669 | R8: =Summary!CV11*Summary!CV9 -> 348.93801 | ... BR8: =Summary!EV11*Summary!EV9 -> 489.30284
C9: Gross Margin | E9: =SUM(K9:V9) -> 1422.2811 | F9: =SUM(W9:AH9) -> 1574.4961 | G9: =SUM(AI9:AT9) -> 1742.2922 | H9: =SUM(AU9:BF9) -> 1927.2172 | I9: =SUM(BG9:BR9) -> 2130.9692 | K9: =K7-K8 -> 113.06427 | L9: =L7-L8 -> 114.03002 | M9: =M7-M8 -> 115.00367 | N9: =N7-N8 -> 115.98529 | O9: =O7-O8 -> 116.97494 | P9: =P7-P8 -> 117.97268 | Q9: =Q7-Q8 -> 118.97858 | R9: =R7-R8 -> 119.99271 | ... BR9: =BR7-BR8 -> 185.85485
C10: Gross Margin % | E10: =E9/E7 -> 0.25534926 | F10: =F9/F7 -> 0.25987278 | G10: =G9/G7 -> 0.26436882 | H10: =H9/H7 -> 0.26883755 | I10: =I9/I7 -> 0.27327914 | K10: =K9/K7 -> 0.25323623 | L10: =L9/L7 -> 0.25361532 | M10: =M9/M7 -> 0.25399421 | N10: =N9/N7 -> 0.25437291 | O10: =O9/O7 -> 0.25475142 | P10: =P9/P7 -> 0.25512974 | Q10: =Q9/Q7 -> 0.25550786 | R10: =R9/R7 -> 0.2558858 | ... BR10: =BR9/BR7 -> 0.27527622
C11: Payroll | E11: =paySalaryWgtd*(1+payBonusWgtd+PayLoad)*(1+payCagrWgtd)^(E$4-1) -> 404.5 | F11: =paySalaryWgtd*(1+payBonusWgtd+PayLoad)*(1+payCagrWgtd)^(F$4-1) -> 409.84518 | G11: =paySalaryWgtd*(1+payBonusWgtd+PayLoad)*(1+payCagrWgtd)^(G$4-1) -> 415.26099 | H11: =paySalaryWgtd*(1+payBonusWgtd+PayLoad)*(1+payCagrWgtd)^(H$4-1) -> 420.74837 | I11: =paySalaryWgtd*(1+payBonusWgtd+PayLoad)*(1+payCagrWgtd)^(I$4-1) -> 426.30826 | K11: =$E11/12 -> 33.708333 | L11: =$E11/12 -> 33.708333 | M11: =$E11/12 -> 33.708333 | N11: =$E11/12 -> 33.708333 | O11: =$E11/12 -> 33.708333 | P11: =$E11/12 -> 33.708333 | Q11: =$E11/12 -> 33.708333 | R11: =$E11/12 -> 33.708333 | ... V11: =$E11/12 -> 33.708333 | W11: =$F11/12 -> 34.153765 | X11: =$F11/12 -> 34.153765 | Y11: =$F11/12 -> 34.153765 | Z11: =$F11/12 -> 34.153765 | AA11: =$F11/12 -> 34.153765 | AB11: =$F11/12 -> 34.153765 | AC11: =$F11/12 -> 34.153765 | AD11: =$F11/12 -> 34.153765 | ... AH11: =$F11/12 -> 34.153765 | AI11: =$G11/12 -> 34.605082 | AJ11: =$G11/12 -> 34.605082 | AK11: =$G11/12 -> 34.605082 | AL11: =$G11/12 -> 34.605082 | AM11: =$G11/12 -> 34.605082 | AN11: =$G11/12 -> 34.605082 | AO11: =$G11/12 -> 34.605082 | AP11: =$G11/12 -> 34.605082 | ... AT11: =$G11/12 -> 34.605082 | AU11: =$H11/12 -> 35.062364 | AV11: =$H11/12 -> 35.062364 | AW11: =$H11/12 -> 35.062364 | AX11: =$H11/12 -> 35.062364 | AY11: =$H11/12 -> 35.062364 | AZ11: =$H11/12 -> 35.062364 | BA11: =$H11/12 -> 35.062364 | BB11: =$H11/12 -> 35.062364 | ... BF11: =$H11/12 -> 35.062364 | BG11: =$I11/12 -> 35.525688 | BH11: =$I11/12 -> 35.525688 | BI11: =$I11/12 -> 35.525688 | BJ11: =$I11/12 -> 35.525688 | BK11: =$I11/12 -> 35.525688 | BL11: =$I11/12 -> 35.525688 | BM11: =$I11/12 -> 35.525688 | BN11: =$I11/12 -> 35.525688 | ... BR11: =$I11/12 -> 35.525688
C12: Overhead | E12: =SUM(Overhead)*(1+overheadCagrWgtd)^(E$4-1) -> 500 | F12: =SUM(Overhead)*(1+overheadCagrWgtd)^(F$4-1) -> 514.1 | G12: =SUM(Overhead)*(1+overheadCagrWgtd)^(G$4-1) -> 528.59762 | H12: =SUM(Overhead)*(1+overheadCagrWgtd)^(H$4-1) -> 543.50407 | I12: =SUM(Overhead)*(1+overheadCagrWgtd)^(I$4-1) -> 558.83089 | K12: =$E12/12 -> 41.666667 | L12: =$E12/12 -> 41.666667 | M12: =$E12/12 -> 41.666667 | N12: =$E12/12 -> 41.666667 | O12: =$E12/12 -> 41.666667 | P12: =$E12/12 -> 41.666667 | Q12: =$E12/12 -> 41.666667 | R12: =$E12/12 -> 41.666667 | ... V12: =$E12/12 -> 41.666667 | W12: =$F12/12 -> 42.841667 | X12: =$F12/12 -> 42.841667 | Y12: =$F12/12 -> 42.841667 | Z12: =$F12/12 -> 42.841667 | AA12: =$F12/12 -> 42.841667 | AB12: =$F12/12 -> 42.841667 | AC12: =$F12/12 -> 42.841667 | AD12: =$F12/12 -> 42.841667 | ... AH12: =$F12/12 -> 42.841667 | AI12: =$G12/12 -> 44.049802 | AJ12: =$G12/12 -> 44.049802 | AK12: =$G12/12 -> 44.049802 | AL12: =$G12/12 -> 44.049802 | AM12: =$G12/12 -> 44.049802 | AN12: =$G12/12 -> 44.049802 | AO12: =$G12/12 -> 44.049802 | AP12: =$G12/12 -> 44.049802 | ... AT12: =$G12/12 -> 44.049802 | AU12: =$H12/12 -> 45.292006 | AV12: =$H12/12 -> 45.292006 | AW12: =$H12/12 -> 45.292006 | AX12: =$H12/12 -> 45.292006 | AY12: =$H12/12 -> 45.292006 | AZ12: =$H12/12 -> 45.292006 | BA12: =$H12/12 -> 45.292006 | BB12: =$H12/12 -> 45.292006 | ... BF12: =$H12/12 -> 45.292006 | BG12: =$I12/12 -> 46.569241 | BH12: =$I12/12 -> 46.569241 | BI12: =$I12/12 -> 46.569241 | BJ12: =$I12/12 -> 46.569241 | BK12: =$I12/12 -> 46.569241 | BL12: =$I12/12 -> 46.569241 | BM12: =$I12/12 -> 46.569241 | BN12: =$I12/12 -> 46.569241 | ... BR12: =$I12/12 -> 46.569241
C13: Commissions | E13: =SUM(K13:V13) -> 111.39888 | F13: =SUM(W13:AH13) -> 121.17437 | G13: =SUM(AI13:AT13) -> 131.80769 | H13: =SUM(AU13:BF13) -> 143.37411 | I13: =SUM(BG13:BR13) -> 155.9555 | K13: =PayCommissions*K7 -> 8.9295493 | L13: =PayCommissions*L7 -> 8.9923604 | M13: =PayCommissions*M7 -> 9.0556132 | N13: =PayCommissions*N7 -> 9.1193111 | O13: =PayCommissions*O7 -> 9.1834569 | P13: =PayCommissions*P7 -> 9.248054 | Q13: =PayCommissions*Q7 -> 9.3131055 | R13: =PayCommissions*R7 -> 9.3786145 | ... BR13: =PayCommissions*BR7 -> 13.503154
C14: Operating expense | E14: =SUM(K14:V14) -> 1015.8989 | F14: =SUM(W14:AH14) -> 1045.1196 | G14: =SUM(AI14:AT14) -> 1075.6663 | H14: =SUM(AU14:BF14) -> 1107.6265 | I14: =SUM(BG14:BR14) -> 1141.0946 | K14: {=SUM(+K11:K13)} -> 84.304549 | L14: =SUM(L11:L13) -> 84.36736 | M14: =SUM(M11:M13) -> 84.430613 | N14: =SUM(N11:N13) -> 84.494311 | O14: =SUM(O11:O13) -> 84.558457 | P14: =SUM(P11:P13) -> 84.623054 | Q14: =SUM(Q11:Q13) -> 84.688105 | R14: =SUM(R11:R13) -> 84.753615 | S14: =SUM(S11:S13) -> 84.819584 | ... BR14: =SUM(BR11:BR13) -> 95.598083
C15: EBITDA | E15: =SUM(K15:V15) -> 406.38219 | F15: =SUM(W15:AH15) -> 529.37654 | G15: =SUM(AI15:AT15) -> 666.62592 | H15: =SUM(AU15:BF15) -> 819.59065 | I15: =SUM(BG15:BR15) -> 989.87456 | K15: =K9-K14 -> 28.759721 | L15: =L9-L14 -> 29.662656 | M15: =M9-M14 -> 30.573054 | N15: =N9-N14 -> 31.490975 | O15: =O9-O14 -> 32.416479 | P15: =P9-P14 -> 33.349626 | Q15: =Q9-Q14 -> 34.290479 | R15: =R9-R14 -> 35.239098 | ... BR15: =BR9-BR14 -> 90.256772
C16: Facilities | E16: =SUM(K16:V16) -> 0 | F16: =SUM(W16:AH16) -> 0 | G16: =SUM(AI16:AT16) -> 0 | H16: =SUM(AU16:BF16) -> 0 | I16: =SUM(BG16:BR16) -> 0 | K16: =CapEx!K14 -> 0 | L16: =CapEx!L14 -> 0 | M16: =CapEx!M14 -> 0 | N16: =CapEx!N14 -> 0 | O16: =CapEx!O14 -> 0 | P16: =CapEx!P14 -> 0 | Q16: =CapEx!Q14 -> 0 | R16: =CapEx!R14 -> 0 | ... BR16: =CapEx!BR14 -> 0
C17: Equipment | E17: =SUM(K17:V17) -> 40 | F17: =SUM(W17:AH17) -> 0 | G17: =SUM(AI17:AT17) -> 0 | H17: =SUM(AU17:BF17) -> 0 | I17: =SUM(BG17:BR17) -> 0 | K17: =CapEx!K15 -> 4 | L17: =CapEx!L15 -> 4 | M17: =CapEx!M15 -> 4 | N17: =CapEx!N15 -> 4 | O17: =CapEx!O15 -> 4 | P17: =CapEx!P15 -> 4 | Q17: =CapEx!Q15 -> 4 | R17: =CapEx!R15 -> 4 | ... BR17: =CapEx!BR15 -> 0
C18: Fixtures | E18: =SUM(K18:V18) -> 0 | F18: =SUM(W18:AH18) -> 0 | G18: =SUM(AI18:AT18) -> 0 | H18: =SUM(AU18:BF18) -> 0 | I18: =SUM(BG18:BR18) -> 0 | K18: =CapEx!K16 -> 0 | L18: =CapEx!L16 -> 0 | M18: =CapEx!M16 -> 0 | N18: =CapEx!N16 -> 0 | O18: =CapEx!O16 -> 0 | P18: =CapEx!P16 -> 0 | Q18: =CapEx!Q16 -> 0 | R18: =CapEx!R16 -> 0 | ... BR18: =CapEx!BR16 -> 0
C19: Intangibles | E19: =SUM(K19:V19) -> 50 | F19: =SUM(W19:AH19) -> 0 | G19: =SUM(AI19:AT19) -> 0 | H19: =SUM(AU19:BF19) -> 0 | I19: =SUM(BG19:BR19) -> 0 | K19: =CapEx!K17 -> 0 | L19: =CapEx!L17 -> 0 | M19: =CapEx!M17 -> 0 | N19: =CapEx!N17 -> 0 | O19: =CapEx!O17 -> 0 | P19: =CapEx!P17 -> 7.1428571 | Q19: =CapEx!Q17 -> 7.1428571 | R19: =CapEx!R17 -> 7.1428571 | ... BR19: =CapEx!BR17 -> 0
C20: =CapEx!C19 -> All other | E20: =SUM(K20:V20) -> 0 | F20: =SUM(W20:AH20) -> 0 | G20: =SUM(AI20:AT20) -> 0 | H20: =SUM(AU20:BF20) -> 0 | I20: =SUM(BG20:BR20) -> 0 | K20: =CapEx!K19 -> 0 | L20: =CapEx!L19 -> 0 | M20: =CapEx!M19 -> 0 | N20: =CapEx!N19 -> 0 | O20: =CapEx!O19 -> 0 | P20: =CapEx!P19 -> 0 | Q20: =CapEx!Q19 -> 0 | R20: =CapEx!R19 -> 0 | ... BR20: =CapEx!BR19 -> 0
C21: Depreciation expense | E21: =SUM(K21:V21) -> 90 | F21: =SUM(W21:AH21) -> 0 | G21: =SUM(AI21:AT21) -> 0 | H21: =SUM(AU21:BF21) -> 0 | I21: =SUM(BG21:BR21) -> 0 | K21: =SUM(K16:K20) -> 4 | L21: =SUM(L16:L20) -> 4 | M21: =SUM(M16:M20) -> 4 | N21: =SUM(N16:N20) -> 4 | O21: =SUM(O16:O20) -> 4 | P21: =SUM(P16:P20) -> 11.142857 | Q21: =SUM(Q16:Q20) -> 11.142857 | R21: =SUM(R16:R20) -> 11.142857 | ... BR21: =SUM(BR16:BR20) -> 0
C22: EBIT | E22: =SUM(K22:V22) -> 316.38219 | F22: =SUM(W22:AH22) -> 529.37654 | G22: =SUM(AI22:AT22) -> 666.62592 | H22: =SUM(AU22:BF22) -> 819.59065 | I22: =SUM(BG22:BR22) -> 989.87456 | K22: =K15-K21 -> 24.759721 | L22: =L15-L21 -> 25.662656 | M22: =M15-M21 -> 26.573054 | N22: =N15-N21 -> 27.490975 | O22: =O15-O21 -> 28.416479 | P22: =P15-P21 -> 22.206769 | Q22: =Q15-Q21 -> 23.147622 | R22: =R15-R21 -> 24.096241 | ... BR22: =BR15-BR21 -> 90.256772
C23: Asset sales gain/loss | E23: =SUM(K23:V23) -> -32 | F23: =SUM(W23:AH23) -> 0 | G23: =SUM(AI23:AT23) -> 0 | H23: =SUM(AU23:BF23) -> 0 | I23: =SUM(BG23:BR23) -> 10 | K23: =CapEx!K52 -> 0 | L23: =CapEx!L52 -> 0 | M23: =CapEx!M52 -> 0 | N23: =CapEx!N52 -> 0 | O23: =CapEx!O52 -> 0 | P23: =CapEx!P52 -> 0 | Q23: =CapEx!Q52 -> 0 | R23: =CapEx!R52 -> 0 | ... BR23: =CapEx!BR52 -> 0
C24: Interest expense | E24: =SUM(K24:V24) -> 32.162252 | F24: =SUM(W24:AH24) -> 15.945357 | G24: =SUM(AI24:AT24) -> 14.35 | H24: =SUM(AU24:BF24) -> 14.35 | I24: =SUM(BG24:BR24) -> 14.35 | K24: =SUM(Credit!K34:K36) -> 0.68958333 | L24: =SUM(Credit!L34:L36) -> 2.5414404 | M24: =SUM(Credit!M34:M36) -> 2.7888004 | N24: =SUM(Credit!N34:N36) -> 3.0712957 | O24: =SUM(Credit!O34:O36) -> 2.9456396 | P24: =SUM(Credit!P34:P36) -> 2.9925526 | Q24: =SUM(Credit!Q34:Q36) -> 3.2636256 | R24: =SUM(Credit!R34:R36) -> 3.1059857 | ... BR24: =SUM(Credit!BR34:BR36) -> 1.1958333
C25: Income taxes | E25: =SUM(K25:V25) -> 100.88797 | F25: =SUM(W25:AH25) -> 205.37247 | G25: =SUM(AI25:AT25) -> 260.91037 | H25: =SUM(AU25:BF25) -> 322.09626 | I25: =SUM(BG25:BR25) -> 394.20983 | K25: =(SUM(K22:K23)-K24)*Taxes -> 9.6280549 | L25: =(SUM(L22:L23)-L24)*Taxes -> 9.248486 | M25: =(SUM(M22:M23)-M24)*Taxes -> 9.5137013 | N25: =(SUM(N22:N23)-N24)*Taxes -> 9.7678716 | O25: =(SUM(O22:O23)-O24)*Taxes -> 10.188336 | P25: =(SUM(P22:P23)-P24)*Taxes -> 7.6856866 | Q25: =(SUM(Q22:Q23)-Q24)*Taxes -> 7.9535985 | R25: =(SUM(R22:R23)-R24)*Taxes -> 8.3961021 | ... BR25: =(SUM(BR22:BR23)-BR24)*Taxes -> 35.624376
C26: Net Earnings | E26: =SUM(K26:V26) -> 151.33196 | F26: =SUM(W26:AH26) -> 308.05871 | G26: =SUM(AI26:AT26) -> 391.36555 | H26: =SUM(AU26:BF26) -> 483.14439 | I26: =SUM(BG26:BR26) -> 591.31474 | K26: =SUM(K22:K23)-SUM(K24:K25) -> 14.442082 | L26: =SUM(L22:L23)-SUM(L24:L25) -> 13.872729 | M26: =SUM(M22:M23)-SUM(M24:M25) -> 14.270552 | N26: =SUM(N22:N23)-SUM(N24:N25) -> 14.651807 | O26: =SUM(O22:O23)-SUM(O24:O25) -> 15.282503 | P26: =SUM(P22:P23)-SUM(P24:P25) -> 11.52853 | Q26: =SUM(Q22:Q23)-SUM(Q24:Q25) -> 11.930398 | R26: =SUM(R22:R23)-SUM(R24:R25) -> 12.594153 | ... BR26: =SUM(BR22:BR23)-SUM(BR24:BR25) -> 53.436563
C27: Net Margin % | E27: =E26/E7 -> 0.027169387 | F27: =F26/F7 -> 0.050845521 | G27: =G26/G7 -> 0.059384327 | H27: =H26/H7 -> 0.067396325 | I27: =I26/I7 -> 0.075831214 | K27: =K26/K7 -> 0.032346722 | L27: =L26/L7 -> 0.030854478 | M27: =M26/M7 -> 0.031517583 | N27: =N26/N7 -> 0.032133584 | O27: =O26/O7 -> 0.033282681 | P27: =P26/P7 -> 0.024931796 | Q27: =Q26/Q7 -> 0.025620665 | R27: =R26/R7 -> 0.026857172 | ... BR27: =BR26/BR7 -> 0.079146789
C28: Dividends | E28: =SUM(K28:V28) -> 8.4048204 | F28: =SUM(W28:AH28) -> 7.9277066 | G28: =SUM(AI28:AT28) -> 0 | H28: =SUM(AU28:BF28) -> 0 | I28: =SUM(BG28:BR28) -> 0 | K28: =IFERROR(IF(SUM(K26:OFFSET(K26,0,MAX(-K4+1,-11)))<0,0,SUM(K26:OFFSET(K26,0,MAX(-K4+1,-11)))*VLOOKUP(K4,Drivers!$B$7:$G$66,6,FALSE)),0) -> 0 | L28: =IFERROR(IF(SUM(L26:OFFSET(L26,0,MAX(-L4+1,-11)))<0,0,SUM(L26:OFFSET(L26,0,MAX(-L4+1,-11)))*VLOOKUP(L4,Drivers!$B$7:$G$66,6,FALSE)),0) -> 0 | M28: =IFERROR(IF(SUM(M26:OFFSET(M26,0,MAX(-M4+1,-11)))<0,0,SUM(M26:OFFSET(M26,0,MAX(-M4+1,-11)))*VLOOKUP(M4,Drivers!$B$7:$G$66,6,FALSE)),0) -> 0 | N28: =IFERROR(IF(SUM(N26:OFFSET(N26,0,MAX(-N4+1,-11)))<0,0,SUM(N26:OFFSET(N26,0,MAX(-N4+1,-11)))*VLOOKUP(N4,Drivers!$B$7:$G$66,6,FALSE)),0) -> 0 | O28: =IFERROR(IF(SUM(O26:OFFSET(O26,0,MAX(-O4+1,-11)))<0,0,SUM(O26:OFFSET(O26,0,MAX(-O4+1,-11)))*VLOOKUP(O4,Drivers!$B$7:$G$66,6,FALSE)),0) -> 0 | P28: =IFERROR(IF(SUM(P26:OFFSET(P26,0,MAX(-P4+1,-11)))<0,0,SUM(P26:OFFSET(P26,0,MAX(-P4+1,-11)))*VLOOKUP(P4,Drivers!$B$7:$G$66,6,FALSE)),0) -> 8.4048204 | Q28: =IFERROR(IF(SUM(Q26:OFFSET(Q26,0,MAX(-Q4+1,-11)))<0,0,SUM(Q26:OFFSET(Q26,0,MAX(-Q4+1,-11)))*VLOOKUP(Q4,Drivers!$B$7:$G$66,6,FALSE)),0) -> 0 | R28: =IFERROR(IF(SUM(R26:OFFSET(R26,0,MAX(-R4+1,-11)))<0,0,SUM(R26:OFFSET(R26,0,MAX(-R4+1,-11)))*VLOOKUP(R4,Drivers!$B$7:$G$66,6,FALSE)),0) -> 0 | ... BR28: =IFERROR(IF(SUM(BR26:OFFSET(BR26,0,MAX(-BR4+1,-11)))<0,0,SUM(BR26:OFFSET(BR26,0,MAX(-BR4+1,-11)))*VLOOKUP(BR4,Drivers!$B$7:$G$66,6,FALSE)),0) -> 0
C29: Retained Earnings | E29: =V29 -> 142.92714 | F29: =AH29 -> 443.05814 | G29: =AT29 -> 834.42369 | H29: =BF29 -> 1317.5681 | I29: =BR29 -> 1908.8828 | K29: =K26-K28 -> 14.442082 | L29: =L26-L28+K29 -> 28.314811 | M29: =M26-M28+L29 -> 42.585363 | N29: =N26-N28+M29 -> 57.237171 | O29: =O26-O28+N29 -> 72.519674 | P29: =P26-P28+O29 -> 75.643384 | Q29: =Q26-Q28+P29 -> 87.573781 | R29: =R26-R28+Q29 -> 100.16793 | S29: =S26-S28+R29 -> 113.43339 | ... BR29: =BR26-BR28+BQ29 -> 1908.8828

Sheet Balance
A1: info
C3: Balance Sheet
E4: 1 | F4: 2 | G4: 3 | H4: 4 | I4: 5 | K4: 1 | L4: 2 | M4: 3 | N4: 4 | O4: 5 | P4: 6 | Q4: 7 | R4: 8 | S4: 9 | T4: 10 | U4: 11 | V4: 12 | W4: 13 | X4: 14 | Y4: 15 | Z4: 16 | AA4: 17 | AB4: 18 | AC4: 19 | AD4: 20 | AE4: 21 | AF4: 22 | AG4: 23 | AH4: 24 | AI4: 25 | AJ4: 26 | AK4: 27 | AL4: 28 | AM4: 29 | AN4: 30 | AO4: 31 | AP4: 32 | AQ4: 33 | AR4: 34 | AS4: 35 | AT4: 36 | AU4: 37 | AV4: 38 | AW4: 39 | AX4: 40 | AY4: 41 | AZ4: 42 | BA4: 43 | BB4: 44 | BC4: 45 | BD4: 46 | BE4: 47 | BF4: 48 | BG4: 49 | BH4: 50 | BI4: 51 | BJ4: 52 | BK4: 53 | BL4: 54 | BM4: 55 | BN4: 56 | BO4: 57 | BP4: 58 | BQ4: 59 | BR4: 60
C6: Cash | E6: =V6 -> 300 | F6: =AH6 -> 529.47428 | G6: =AT6 -> 899.71299 | H6: =BF6 -> 1359.5763 | I6: =BR6 -> 1975.2424 | K6: =Credit!K44 -> 300 | L6: =Credit!L44 -> 300 | M6: =Credit!M44 -> 300 | N6: =Credit!N44 -> 300 | O6: =Credit!O44 -> 300 | P6: =Credit!P44 -> 300 | Q6: =Credit!Q44 -> 300 | R6: =Credit!R44 -> 300 | ... BR6: =Credit!BR44 -> 1975.2424
C7: Accounts Receivable | E7: =V7 -> 697.43206 | F7: =AH7 -> 758.63326 | G7: =AT7 -> 825.20499 | H7: =BF7 -> 897.61854 | I7: =BR7 -> 976.38654 | K7: =Credit!K18 -> 424.15359 | L7: =Credit!L18 -> 628.05198 | M7: =Credit!M18 -> 654.79361 | N7: =Credit!N18 -> 659.39947 | O7: =Credit!O18 -> 664.03774 | P7: =Credit!P18 -> 668.70863 | Q7: =Credit!Q18 -> 673.41237 | R7: =Credit!R18 -> 678.1492 | ... BR7: =Credit!BR18 -> 976.38654
C8: Inventory | E8: =V8 -> 77.7023 | F8: =AH8 -> 84.007409 | G8: =AT8 -> 90.824144 | H8: =BF8 -> 98.194018 | I8: =BR8 -> 106.16192 | K8: =Credit!K28 -> 47.51138 | L8: =Credit!L28 -> 70.326681 | M8: =Credit!M28 -> 73.286011 | N8: =Credit!N28 -> 73.764045 | O8: =Credit!O28 -> 74.245198 | P8: =Credit!P28 -> 74.729489 | Q8: =Credit!Q28 -> 75.216939 | R8: =Credit!R28 -> 75.707569 | ... BR8: =Credit!BR28 -> 106.16192
C9: Current Assets | E9: =V9 -> 1075.1344 | F9: =AH9 -> 1372.1149 | G9: =AT9 -> 1815.7421 | H9: =BF9 -> 2355.3889 | I9: =BR9 -> 3057.7909 | K9: =SUM(K6:K8) -> 771.66497 | L9: =SUM(L6:L8) -> 998.37866 | M9: =SUM(M6:M8) -> 1028.0796 | N9: =SUM(N6:N8) -> 1033.1635 | O9: =SUM(O6:O8) -> 1038.2829 | P9: =SUM(P6:P8) -> 1043.4381 | Q9: =SUM(Q6:Q8) -> 1048.6293 | R9: =SUM(R6:R8) -> 1053.8568 | ... BR9: =SUM(BR6:BR8) -> 3057.7909
C10: Facilities | E10: =V10 -> 0 | F10: =AH10 -> 0 | G10: =AT10 -> 0 | H10: =BF10 -> 0 | I10: =BR10 -> 0 | K10: =CapEx!K30 -> 0 | L10: =CapEx!L30 -> 0 | M10: =CapEx!M30 -> 0 | N10: =CapEx!N30 -> 0 | O10: =CapEx!O30 -> 0 | P10: =CapEx!P30 -> 0 | Q10: =CapEx!Q30 -> 0 | R10: =CapEx!R30 -> 0 | ... BR10: =CapEx!BR30 -> 0
C11: Equipment | E11: =V11 -> 0 | F11: =AH11 -> 0 | G11: =AT11 -> 0 | H11: =BF11 -> 0 | I11: =BR11 -> 0 | K11: =CapEx!K31 -> 40 | L11: =CapEx!L31 -> 40 | M11: =CapEx!M31 -> 40 | N11: =CapEx!N31 -> 40 | O11: =CapEx!O31 -> 40 | P11: =CapEx!P31 -> 40 | Q11: =CapEx!Q31 -> 40 | R11: =CapEx!R31 -> 40 | ... BR11: =CapEx!BR31 -> 0
C12: Fixtures | E12: =V12 -> 0 | F12: =AH12 -> 0 | G12: =AT12 -> 0 | H12: =BF12 -> 0 | I12: =BR12 -> 0 | K12: =CapEx!K32 -> 0 | L12: =CapEx!L32 -> 0 | M12: =CapEx!M32 -> 0 | N12: =CapEx!N32 -> 0 | O12: =CapEx!O32 -> 0 | P12: =CapEx!P32 -> 0 | Q12: =CapEx!Q32 -> 0 | R12: =CapEx!R32 -> 0 | ... BR12: =CapEx!BR32 -> 0
C13: Intangibles | E13: =V13 -> 100 | F13: =AH13 -> 0 | G13: =AT13 -> 0 | H13: =BF13 -> 0 | I13: =BR13 -> 0 | K13: =CapEx!K33 -> 0 | L13: =CapEx!L33 -> 0 | M13: =CapEx!M33 -> 0 | N13: =CapEx!N33 -> 0 | O13: =CapEx!O33 -> 0 | P13: =CapEx!P33 -> 100 | Q13: =CapEx!Q33 -> 100 | R13: =CapEx!R33 -> 100 | ... BR13: =CapEx!BR33 -> 0
C14: =CapEx!C10 -> Land | E14: =V14 -> 50 | F14: =AH14 -> 50 | G14: =AT14 -> 50 | H14: =BF14 -> 50 | I14: =BR14 -> 0 | K14: =CapEx!K34 -> 0 | L14: =CapEx!L34 -> 0 | M14: =CapEx!M34 -> 50 | N14: =CapEx!N34 -> 50 | O14: =CapEx!O34 -> 50 | P14: =CapEx!P34 -> 50 | Q14: =CapEx!Q34 -> 50 | R14: =CapEx!R34 -> 50 | ... BR14: =CapEx!BR34 -> 0
C15: =CapEx!C11 -> All other | E15: =V15 -> 0 | F15: =AH15 -> 0 | G15: =AT15 -> 0 | H15: =BF15 -> 0 | I15: =BR15 -> 0 | K15: =CapEx!K35 -> 0 | L15: =CapEx!L35 -> 0 | M15: =CapEx!M35 -> 0 | N15: =CapEx!N35 -> 0 | O15: =CapEx!O35 -> 0 | P15: =CapEx!P35 -> 0 | Q15: =CapEx!Q35 -> 0 | R15: =CapEx!R35 -> 0 | ... BR15: =CapEx!BR35 -> 0
C16: Capital Expenses | E16: =V16 -> 150 | F16: =AH16 -> 50 | G16: =AT16 -> 50 | H16: =BF16 -> 50 | I16: =BR16 -> 0 | K16: =SUM(K10:K15) -> 40 | L16: =SUM(L10:L15) -> 40 | M16: =SUM(M10:M15) -> 90 | N16: =SUM(N10:N15) -> 90 | O16: =SUM(O10:O15) -> 90 | P16: =SUM(P10:P15) -> 190 | Q16: =SUM(Q10:Q15) -> 190 | R16: =SUM(R10:R15) -> 190 | ... BR16: =SUM(BR10:BR15) -> 0
C17: Accumulated Deprec | E17: =V17 -> -50 | F17: =AH17 -> 0 | G17: =AT17 -> 0 | H17: =BF17 -> 0 | I17: =BR17 -> 0 | K17: =CapEx!K28 -> -4 | L17: =CapEx!L28 -> -8 | M17: =CapEx!M28 -> -12 | N17: =CapEx!N28 -> -16 | O17: =CapEx!O28 -> -20 | P17: =CapEx!P28 -> -31.142857 | Q17: =CapEx!Q28 -> -42.285714 | R17: =CapEx!R28 -> -53.428571 | ... BR17: =CapEx!BR28 -> 0
C18: Salvage Value | E18: =V18 -> -50 | F18: =AH18 -> 0 | G18: =AT18 -> 0 | H18: =BF18 -> 0 | I18: =BR18 -> 0 | K18: =CapEx!K52-CapEx!K44 -> 0 | L18: =CapEx!L52-CapEx!L44 -> 0 | M18: =CapEx!M52-CapEx!M44 -> 0 | N18: =CapEx!N52-CapEx!N44 -> 0 | O18: =CapEx!O52-CapEx!O44 -> 0 | P18: =CapEx!P52-CapEx!P44 -> 0 | Q18: =CapEx!Q52-CapEx!Q44 -> 0 | R18: =CapEx!R52-CapEx!R44 -> 0 | ... BR18: =CapEx!BR52-CapEx!BR44 -> 0
C19: Net Fixed Assets | E19: =V19 -> 50 | F19: =AH19 -> 50 | G19: =AT19 -> 50 | H19: =BF19 -> 50 | I19: =BR19 -> 0 | K19: =SUM(K16:K18) -> 36 | L19: =SUM(L16:L18) -> 32 | M19: =SUM(M16:M18) -> 78 | N19: =SUM(N16:N18) -> 74 | O19: =SUM(O16:O18) -> 70 | P19: =SUM(P16:P18) -> 158.85714 | Q19: =SUM(Q16:Q18) -> 147.71429 | R19: =SUM(R16:R18) -> 136.57143 | ... BR19: =SUM(BR16:BR18) -> 0
C20: Assets | E20: =V20 -> 1125.1344 | F20: =AH20 -> 1422.1149 | G20: =AT20 -> 1865.7421 | H20: =BF20 -> 2405.3889 | I20: =BR20 -> 3057.7909 | K20: =SUM(K9,K19:K19) -> 807.66497 | L20: =SUM(L9,L19:L19) -> 1030.3787 | M20: =SUM(M9,M19:M19) -> 1106.0796 | N20: =SUM(N9,N19:N19) -> 1107.1635 | O20: =SUM(O9,O19:O19) -> 1108.2829 | P20: =SUM(P9,P19:P19) -> 1202.2953 | Q20: =SUM(Q9,Q19:Q19) -> 1196.3436 | R20: =SUM(R9,R19:R19) -> 1190.4282 | ... BR20: =SUM(BR9,BR19:BR19) -> 3057.7909
C21: Accounts Payable | E21: =V21 -> 595.71763 | F21: =AH21 -> 644.0568 | G21: =AT21 -> 696.31843 | H21: =BF21 -> 752.8208 | I21: =BR21 -> 813.90803 | K21: =SUM(Credit!K27:K28) -> 364.25391 | L21: =SUM(Credit!L27:L28) -> 539.17122 | M21: =SUM(Credit!M27:M28) -> 561.85942 | N21: =SUM(Credit!N27:N28) -> 565.52435 | O21: =SUM(Credit!O27:O28) -> 569.21318 | P21: =SUM(Credit!P27:P28) -> 572.92608 | Q21: =SUM(Credit!Q27:Q28) -> 576.6632 | R21: =SUM(Credit!R27:R28) -> 580.42469 | ... BR21: =SUM(Credit!BR27:BR28) -> 813.90803
C22: Line of credit | E22: =V22 -> 161.48959 | F22: =AH22 -> 0 | G22: =AT22 -> 0 | H22: =BF22 -> 0 | I22: =BR22 -> 0 | K22: =Credit!K45 -> 253.96897 | L22: =Credit!L45 -> 287.89263 | M22: =Credit!M45 -> 326.63484 | N22: =Credit!N45 -> 309.402 | O22: =Credit!O45 -> 291.55008 | P22: =Credit!P45 -> 328.72579 | Q22: =Credit!Q45 -> 307.10661 | R22: =Credit!R45 -> 284.83557 | ... BR22: =Credit!BR45 -> 0
C23: Short-term debt | E23: =V23 -> 100 | F23: =AH23 -> 120 | G23: =AT23 -> 120 | H23: =BF23 -> 120 | I23: =BR23 -> 120 | K23: =StartShort+Credit!K9 -> 100 | L23: =Credit!L9+K23 -> 100 | M23: =Credit!M9+L23 -> 100 | N23: =Credit!N9+M23 -> 100 | O23: =Credit!O9+N23 -> 100 | P23: =Credit!P9+O23 -> 100 | Q23: =Credit!Q9+P23 -> 100 | R23: =Credit!R9+Q23 -> 100 | S23: =Credit!S9+R23 -> 100 | ... BR23: =Credit!BR9+BQ23 -> 120
C24: Current Liabilities | E24: =V24 -> 857.20722 | F24: =AH24 -> 764.0568 | G24: =AT24 -> 816.31843 | H24: =BF24 -> 872.8208 | I24: =BR24 -> 933.90803 | K24: =SUM(K21:K23) -> 718.22289 | L24: =SUM(L21:L23) -> 927.06384 | M24: =SUM(M21:M23) -> 988.49426 | N24: =SUM(N21:N23) -> 974.92635 | O24: =SUM(O21:O23) -> 960.76326 | P24: =SUM(P21:P23) -> 1001.6519 | Q24: =SUM(Q21:Q23) -> 983.76981 | R24: =SUM(R21:R23) -> 965.26026 | ... BR24: =SUM(BR21:BR23) -> 933.90803
C25: Long-term debt | E25: =V25 -> 40 | F25: =AH25 -> 70 | G25: =AT25 -> 70 | H25: =BF25 -> 70 | I25: =BR25 -> 70 | K25: =StartLong+Credit!K10 -> 15 | L25: =Credit!L10+K25 -> 15 | M25: =Credit!M10+L25 -> 15 | N25: =Credit!N10+M25 -> 15 | O25: =Credit!O10+N25 -> 15 | P25: =Credit!P10+O25 -> 40 | Q25: =Credit!Q10+P25 -> 40 | R25: =Credit!R10+Q25 -> 40 | S25: =Credit!S10+R25 -> 40 | ... BR25: =Credit!BR10+BQ25 -> 70
C26: Liabilities | E26: =V26 -> 897.20722 | F26: =AH26 -> 834.0568 | G26: =AT26 -> 886.31843 | H26: =BF26 -> 942.8208 | I26: =BR26 -> 1003.908 | K26: =SUM(K24:K25) -> 733.22289 | L26: =SUM(L24:L25) -> 942.06384 | M26: =SUM(M24:M25) -> 1003.4943 | N26: =SUM(N24:N25) -> 989.92635 | O26: =SUM(O24:O25) -> 975.76326 | P26: =SUM(P24:P25) -> 1041.6519 | Q26: =SUM(Q24:Q25) -> 1023.7698 | R26: =SUM(R24:R25) -> 1005.2603 | ... BR26: =SUM(BR24:BR25) -> 1003.908
C27: Preferred stock | E27: =V27 -> 30 | F27: =AH27 -> 30 | G27: =AT27 -> 30 | H27: =BF27 -> 30 | I27: =BR27 -> 30 | K27: =StartPreferred+Credit!K7 -> 20 | L27: =Credit!L7+K27 -> 20 | M27: =Credit!M7+L27 -> 20 | N27: =Credit!N7+M27 -> 20 | O27: =Credit!O7+N27 -> 20 | P27: =Credit!P7+O27 -> 30 | Q27: =Credit!Q7+P27 -> 30 | R27: =Credit!R7+Q27 -> 30 | S27: =Credit!S7+R27 -> 30 | ... BR27: =Credit!BR7+BQ27 -> 30
C28: Common stock | E28: =V28 -> 55 | F28: =AH28 -> 115 | G28: =AT28 -> 115 | H28: =BF28 -> 115 | I28: =BR28 -> 115 | K28: =StartCommon+Credit!K8 -> 40 | L28: =Credit!L8+K28 -> 40 | M28: =Credit!M8+L28 -> 40 | N28: =Credit!N8+M28 -> 40 | O28: =Credit!O8+N28 -> 40 | P28: =Credit!P8+O28 -> 55 | Q28: =Credit!Q8+P28 -> 55 | R28: =Credit!R8+Q28 -> 55 | S28: =Credit!S8+R28 -> 55 | ... BR28: =Credit!BR8+BQ28 -> 115
C29: Retained Earnings | E29: =V29 -> 142.92714 | F29: =AH29 -> 443.05814 | G29: =AT29 -> 834.42369 | H29: =BF29 -> 1317.5681 | I29: =BR29 -> 1908.8828 | K29: =Income!K29 -> 14.442082 | L29: =Income!L29 -> 28.314811 | M29: =Income!M29 -> 42.585363 | N29: =Income!N29 -> 57.237171 | O29: =Income!O29 -> 72.519674 | P29: =Income!P29 -> 75.643384 | Q29: =Income!Q29 -> 87.573781 | R29: =Income!R29 -> 100.16793 | ... BR29: =Income!BR29 -> 1908.8828
C30: Equity | E30: =V30 -> 227.92714 | F30: =AH30 -> 588.05814 | G30: =AT30 -> 979.42369 | H30: =BF30 -> 1462.5681 | I30: =BR30 -> 2053.8828 | K30: =SUM(K27:K29) -> 74.442082 | L30: =SUM(L27:L29) -> 88.314811 | M30: =SUM(M27:M29) -> 102.58536 | N30: =SUM(N27:N29) -> 117.23717 | O30: =SUM(O27:O29) -> 132.51967 | P30: =SUM(P27:P29) -> 160.64338 | Q30: =SUM(Q27:Q29) -> 172.57378 | R30: =SUM(R27:R29) -> 185.16793 | ... BR30: =SUM(BR27:BR29) -> 2053.8828
C32: chk | E32: =IF(ABS(E20-E26-E30)<0.0001,"✔","✕") -> ✔ | F32: =IF(ABS(F20-F26-F30)<0.0001,"✔","✕") -> ✔ | G32: =IF(ABS(G20-G26-G30)<0.0001,"✔","✕") -> ✔ | H32: =IF(ABS(H20-H26-H30)<0.0001,"✔","✕") -> ✔ | I32: =IF(ABS(I20-I26-I30)<0.0001,"✔","✕") -> ✔ | K32: =IF(ABS(K20-K26-K30)<0.0001,"✔","✕") -> ✔ | L32: =IF(ABS(L20-L26-L30)<0.0001,"✔","✕") -> ✔ | M32: =IF(ABS(M20-M26-M30)<0.0001,"✔","✕") -> ✔ | N32: =IF(ABS(N20-N26-N30)<0.0001,"✔","✕") -> ✔ | O32: =IF(ABS(O20-O26-O30)<0.0001,"✔","✕") -> ✔ | P32: =IF(ABS(P20-P26-P30)<0.0001,"✔","✕") -> ✔ | Q32: =IF(ABS(Q20-Q26-Q30)<0.0001,"✔","✕") -> ✔ | R32: =IF(ABS(R20-R26-R30)<0.0001,"✔","✕") -> ✔ | ... BR32: =IF(ABS(BR20-BR26-BR30)<0.0001,"✔","✕") -> ✔

Sheet Cash
A1: info
C3: Cash Flow
E4: 1 | F4: 2 | G4: 3 | H4: 4 | I4: 5 | K4: 1 | L4: 2 | M4: 3 | N4: 4 | O4: 5 | P4: 6 | Q4: 7 | R4: 8 | S4: 9 | T4: 10 | U4: 11 | V4: 12 | W4: 13 | X4: 14 | Y4: 15 | Z4: 16 | AA4: 17 | AB4: 18 | AC4: 19 | AD4: 20 | AE4: 21 | AF4: 22 | AG4: 23 | AH4: 24 | AI4: 25 | AJ4: 26 | AK4: 27 | AL4: 28 | AM4: 29 | AN4: 30 | AO4: 31 | AP4: 32 | AQ4: 33 | AR4: 34 | AS4: 35 | AT4: 36 | AU4: 37 | AV4: 38 | AW4: 39 | AX4: 40 | AY4: 41 | AZ4: 42 | BA4: 43 | BB4: 44 | BC4: 45 | BD4: 46 | BE4: 47 | BF4: 48 | BG4: 49 | BH4: 50 | BI4: 51 | BJ4: 52 | BK4: 53 | BL4: 54 | BM4: 55 | BN4: 56 | BO4: 57 | BP4: 58 | BQ4: 59 | BR4: 60
C6: Net Income | E6: =SUM(K6:V6) -> 151.33196 | F6: =SUM(W6:AH6) -> 308.05871 | G6: =SUM(AI6:AT6) -> 391.36555 | H6: =SUM(AU6:BF6) -> 483.14439 | I6: =SUM(BG6:BR6) -> 591.31474 | K6: =Income!K26 -> 14.442082 | L6: =Income!L26 -> 13.872729 | M6: =Income!M26 -> 14.270552 | N6: =Income!N26 -> 14.651807 | O6: =Income!O26 -> 15.282503 | P6: =Income!P26 -> 11.52853 | Q6: =Income!Q26 -> 11.930398 | R6: =Income!R26 -> 12.594153 | ... BR6: =Income!BR26 -> 53.436563
C7: Depreciation | E7: =SUM(K7:V7) -> 90 | F7: =SUM(W7:AH7) -> 0 | G7: =SUM(AI7:AT7) -> 0 | H7: =SUM(AU7:BF7) -> 0 | I7: =SUM(BG7:BR7) -> 0 | K7: =Income!K21 -> 4 | L7: =Income!L21 -> 4 | M7: =Income!M21 -> 4 | N7: =Income!N21 -> 4 | O7: =Income!O21 -> 4 | P7: =Income!P21 -> 11.142857 | Q7: =Income!Q21 -> 11.142857 | R7: =Income!R21 -> 11.142857 | ... BR7: =Income!BR21 -> 0
C8: Asset sales gain/loss | K8: =-CapEx!K52 -> 0 | L8: =-CapEx!L52 -> 0 | M8: =-CapEx!M52 -> 0 | N8: =-CapEx!N52 -> 0 | O8: =-CapEx!O52 -> 0 | P8: =-CapEx!P52 -> 0 | Q8: =-CapEx!Q52 -> 0 | R8: =-CapEx!R52 -> 0 | ... BR8: =-CapEx!BR52 -> 0
C9: Adjustmts to Net Income | E9: =SUM(K9:V9) -> 273.33196 | F9: =SUM(W9:AH9) -> 308.05871 | G9: =SUM(AI9:AT9) -> 391.36555 | H9: =SUM(AU9:BF9) -> 483.14439 | I9: =SUM(BG9:BR9) -> 581.31474 | K9: =SUM(K6:K8) -> 18.442082 | L9: =SUM(L6:L8) -> 17.872729 | M9: =SUM(M6:M8) -> 18.270552 | N9: =SUM(N6:N8) -> 18.651807 | O9: =SUM(O6:O8) -> 19.282503 | P9: =SUM(P6:P8) -> 22.671387 | Q9: =SUM(Q6:Q8) -> 23.073255 | R9: =SUM(R6:R8) -> 23.73701 | ... BR9: =SUM(BR6:BR8) -> 53.436563
C10: Accounts Receivable | E10: =SUM(K10:V10) -> -697.43206 | F10: =SUM(W10:AH10) -> -61.201195 | G10: =SUM(AI10:AT10) -> -66.571734 | H10: =SUM(AU10:BF10) -> -72.41355 | I10: =SUM(BG10:BR10) -> -78.767998 | K10: =-Balance!K7 -> -424.15359 | L10: =Balance!K7-Balance!L7 -> -203.89838 | M10: =Balance!L7-Balance!M7 -> -26.741635 | N10: =Balance!M7-Balance!N7 -> -4.6058644 | O10: =Balance!N7-Balance!O7 -> -4.6382623 | P10: =Balance!O7-Balance!P7 -> -4.6708882 | Q10: =Balance!P7-Balance!Q7 -> -4.7037436 | R10: =Balance!Q7-Balance!R7 -> -4.73683 | S10: =Balance!R7-Balance!S7 -> -4.7701492 | ... BR10: =Balance!BQ7-Balance!BR7 -> -6.8199993
C11: Inventory | E11: =SUM(K11:V11) -> -77.7023 | F11: =SUM(W11:AH11) -> -6.3051096 | G11: =SUM(AI11:AT11) -> -6.8167342 | H11: =SUM(AU11:BF11) -> -7.3698743 | I11: =SUM(BG11:BR11) -> -7.9678986 | K11: =-Balance!K8 -> -47.51138 | L11: =Balance!K8-Balance!L8 -> -22.815301 | M11: =Balance!L8-Balance!M8 -> -2.9593301 | N11: =Balance!M8-Balance!N8 -> -0.47803444 | O11: =Balance!N8-Balance!O8 -> -0.4811526 | P11: =Balance!O8-Balance!P8 -> -0.48429109 | Q11: =Balance!P8-Balance!Q8 -> -0.48745005 | R11: =Balance!Q8-Balance!R8 -> -0.49062962 | S11: =Balance!R8-Balance!S8 -> -0.49382993 | ... BR11: =Balance!BQ8-Balance!BR8 -> -0.68799172
C12: Accounts Payable | E12: =SUM(K12:V12) -> 595.71763 | F12: =SUM(W12:AH12) -> 48.339174 | G12: =SUM(AI12:AT12) -> 52.261629 | H12: =SUM(AU12:BF12) -> 56.50237 | I12: =SUM(BG12:BR12) -> 61.087223 | K12: =Balance!K21 -> 364.25391 | L12: =Balance!L21-Balance!K21 -> 174.91731 | M12: =Balance!M21-Balance!L21 -> 22.688197 | N12: =Balance!N21-Balance!M21 -> 3.6649307 | O12: =Balance!O21-Balance!N21 -> 3.6888366 | P12: =Balance!P21-Balance!O21 -> 3.7128983 | Q12: =Balance!Q21-Balance!P21 -> 3.737117 | R12: =Balance!R21-Balance!Q21 -> 3.7614937 | S12: =Balance!S21-Balance!R21 -> 3.7860294 | ... BR12: =Balance!BR21-Balance!BQ21 -> 5.2746032
C13: in Wkg Capital | E13: =SUM(K13:V13) -> -179.41673 | F13: =SUM(W13:AH13) -> -19.16713 | G13: =SUM(AI13:AT13) -> -21.126839 | H13: =SUM(AU13:BF13) -> -23.281054 | I13: =SUM(BG13:BR13) -> -25.648673 | K13: =SUM(K10:K12) -> -107.41106 | L13: =SUM(L10:L12) -> -51.79638 | M13: =SUM(M10:M12) -> -7.0127677 | N13: =SUM(N10:N12) -> -1.4189681 | O13: =SUM(O10:O12) -> -1.4305784 | P13: =SUM(P10:P12) -> -1.442281 | Q13: =SUM(Q10:Q12) -> -1.4540766 | R13: =SUM(R10:R12) -> -1.4659659 | ... BR13: =SUM(BR10:BR12) -> -2.2333878
C14: Cash from Operations | E14: =SUM(K14:V14) -> 93.915229 | F14: =SUM(W14:AH14) -> 288.89158 | G14: =SUM(AI14:AT14) -> 370.23871 | H14: =SUM(AU14:BF14) -> 459.86334 | I14: =SUM(BG14:BR14) -> 555.66607 | K14: =SUM(K9,K13) -> -88.968974 | L14: =SUM(L9,L13) -> -33.923651 | M14: =SUM(M9,M13) -> 11.257784 | N14: =SUM(N9,N13) -> 17.232839 | O14: =SUM(O9,O13) -> 17.851925 | P14: =SUM(P9,P13) -> 21.229106 | Q14: =SUM(Q9,Q13) -> 21.619178 | R14: =SUM(R9,R13) -> 22.271044 | ... BR14: =SUM(BR9,BR13) -> 51.203176
C15: =CapEx!C6 -> Facility | E15: =SUM(K15:V15) -> 0 | F15: =SUM(W15:AH15) -> 0 | G15: =SUM(AI15:AT15) -> 0 | H15: =SUM(AU15:BF15) -> 0 | I15: =SUM(BG15:BR15) -> 0 | K15: =-CapEx!K6 -> 0 | L15: =-CapEx!L6 -> 0 | M15: =-CapEx!M6 -> 0 | N15: =-CapEx!N6 -> 0 | O15: =-CapEx!O6 -> 0 | P15: =-CapEx!P6 -> 0 | Q15: =-CapEx!Q6 -> 0 | R15: =-CapEx!R6 -> 0 | ... BR15: =-CapEx!BR6 -> 0
C16: =CapEx!C7 -> Equip | E16: =SUM(K16:V16) -> -40 | F16: =SUM(W16:AH16) -> 0 | G16: =SUM(AI16:AT16) -> 0 | H16: =SUM(AU16:BF16) -> 0 | I16: =SUM(BG16:BR16) -> 0 | K16: =-CapEx!K7 -> -40 | L16: =-CapEx!L7 -> 0 | M16: =-CapEx!M7 -> 0 | N16: =-CapEx!N7 -> 0 | O16: =-CapEx!O7 -> 0 | P16: =-CapEx!P7 -> 0 | Q16: =-CapEx!Q7 -> 0 | R16: =-CapEx!R7 -> 0 | ... BR16: =-CapEx!BR7 -> 0
C17: =CapEx!C8 -> Fixture | E17: =SUM(K17:V17) -> 0 | F17: =SUM(W17:AH17) -> 0 | G17: =SUM(AI17:AT17) -> 0 | H17: =SUM(AU17:BF17) -> 0 | I17: =SUM(BG17:BR17) -> 0 | K17: =-CapEx!K8 -> 0 | L17: =-CapEx!L8 -> 0 | M17: =-CapEx!M8 -> 0 | N17: =-CapEx!N8 -> 0 | O17: =-CapEx!O8 -> 0 | P17: =-CapEx!P8 -> 0 | Q17: =-CapEx!Q8 -> 0 | R17: =-CapEx!R8 -> 0 | ... BR17: =-CapEx!BR8 -> 0
C18: =CapEx!C9 -> Intang | E18: =SUM(K18:V18) -> -100 | F18: =SUM(W18:AH18) -> 0 | G18: =SUM(AI18:AT18) -> 0 | H18: =SUM(AU18:BF18) -> 0 | I18: =SUM(BG18:BR18) -> 0 | K18: =-CapEx!K9 -> 0 | L18: =-CapEx!L9 -> 0 | M18: =-CapEx!M9 -> 0 | N18: =-CapEx!N9 -> 0 | O18: =-CapEx!O9 -> 0 | P18: =-CapEx!P9 -> -100 | Q18: =-CapEx!Q9 -> 0 | R18: =-CapEx!R9 -> 0 | ... BR18: =-CapEx!BR9 -> 0
C19: =CapEx!C10 -> Land | E19: =SUM(K19:V19) -> -50 | F19: =SUM(W19:AH19) -> 0 | G19: =SUM(AI19:AT19) -> 0 | H19: =SUM(AU19:BF19) -> 0 | I19: =SUM(BG19:BR19) -> 0 | K19: =-CapEx!K10 -> 0 | L19: =-CapEx!L10 -> 0 | M19: =-CapEx!M10 -> -50 | N19: =-CapEx!N10 -> 0 | O19: =-CapEx!O10 -> 0 | P19: =-CapEx!P10 -> 0 | Q19: =-CapEx!Q10 -> 0 | R19: =-CapEx!R10 -> 0 | ... BR19: =-CapEx!BR10 -> 0
C20: =CapEx!C11 -> All other | E20: =SUM(K20:V20) -> 0 | F20: =SUM(W20:AH20) -> 0 | G20: =SUM(AI20:AT20) -> 0 | H20: =SUM(AU20:BF20) -> 0 | I20: =SUM(BG20:BR20) -> 0 | K20: =-CapEx!K11 -> 0 | L20: =-CapEx!L11 -> 0 | M20: =-CapEx!M11 -> 0 | N20: =-CapEx!N11 -> 0 | O20: =-CapEx!O11 -> 0 | P20: =-CapEx!P11 -> 0 | Q20: =-CapEx!Q11 -> 0 | R20: =-CapEx!R11 -> 0 | ... BR20: =-CapEx!BR11 -> 0
C21: Capital expenditures | E21: =SUM(K21:V21) -> -190 | F21: =SUM(W21:AH21) -> 0 | G21: =SUM(AI21:AT21) -> 0 | H21: =SUM(AU21:BF21) -> 0 | I21: =SUM(BG21:BR21) -> 0 | K21: =SUM(K15:K20) -> -40 | L21: =SUM(L15:L20) -> 0 | M21: =SUM(M15:M20) -> -50 | N21: =SUM(N15:N20) -> 0 | O21: =SUM(O15:O20) -> 0 | P21: =SUM(P15:P20) -> -100 | Q21: =SUM(Q15:Q20) -> 0 | R21: =SUM(R15:R20) -> 0 | ... BR21: =SUM(BR15:BR20) -> 0
C22: Asset sales | E22: =SUM(K22:V22) -> 18 | F22: =SUM(W22:AH22) -> 0 | G22: =SUM(AI22:AT22) -> 0 | H22: =SUM(AU22:BF22) -> 0 | I22: =SUM(BG22:BR22) -> 60 | K22: =CapEx!K44 -> 0 | L22: =CapEx!L44 -> 0 | M22: =CapEx!M44 -> 0 | N22: =CapEx!N44 -> 0 | O22: =CapEx!O44 -> 0 | P22: =CapEx!P44 -> 0 | Q22: =CapEx!Q44 -> 0 | R22: =CapEx!R44 -> 0 | ... BR22: =CapEx!BR44 -> 0
C23: Cash from Investing | E23: =SUM(K23:V23) -> -172 | F23: =SUM(W23:AH23) -> 0 | G23: =SUM(AI23:AT23) -> 0 | H23: =SUM(AU23:BF23) -> 0 | I23: =SUM(BG23:BR23) -> 60 | K23: =SUM(K21:K22) -> -40 | L23: =SUM(L21:L22) -> 0 | M23: =SUM(M21:M22) -> -50 | N23: =SUM(N21:N22) -> 0 | O23: =SUM(O21:O22) -> 0 | P23: =SUM(P21:P22) -> -100 | Q23: =SUM(Q21:Q22) -> 0 | R23: =SUM(R21:R22) -> 0 | ... BR23: =SUM(BR21:BR22) -> 0
C24: =Balance!$C$23 -> Short-term debt | E24: =SUM(K24:V24) -> 100 | F24: =SUM(W24:AH24) -> 20 | G24: =SUM(AI24:AT24) -> 0 | H24: =SUM(AU24:BF24) -> 0 | I24: =SUM(BG24:BR24) -> 0 | K24: =Balance!K23 -> 100 | L24: =Balance!L23-Balance!K23 -> 0 | M24: =Balance!M23-Balance!L23 -> 0 | N24: =Balance!N23-Balance!M23 -> 0 | O24: =Balance!O23-Balance!N23 -> 0 | P24: =Balance!P23-Balance!O23 -> 0 | Q24: =Balance!Q23-Balance!P23 -> 0 | R24: =Balance!R23-Balance!Q23 -> 0 | S24: =Balance!S23-Balance!R23 -> 0 | ... BR24: =Balance!BR23-Balance!BQ23 -> 0
C25: =Balance!$C$25 -> Long-term debt | E25: =SUM(K25:V25) -> 40 | F25: =SUM(W25:AH25) -> 30 | G25: =SUM(AI25:AT25) -> 0 | H25: =SUM(AU25:BF25) -> 0 | I25: =SUM(BG25:BR25) -> 0 | K25: =Balance!K25 -> 15 | L25: =Balance!L25-Balance!K25 -> 0 | M25: =Balance!M25-Balance!L25 -> 0 | N25: =Balance!N25-Balance!M25 -> 0 | O25: =Balance!O25-Balance!N25 -> 0 | P25: =Balance!P25-Balance!O25 -> 25 | Q25: =Balance!Q25-Balance!P25 -> 0 | R25: =Balance!R25-Balance!Q25 -> 0 | S25: =Balance!S25-Balance!R25 -> 0 | ... BR25: =Balance!BR25-Balance!BQ25 -> 0
C26: =Balance!$C$22 -> Line of credit | E26: =SUM(K26:V26) -> 161.48959 | F26: =SUM(W26:AH26) -> -161.48959 | G26: =SUM(AI26:AT26) -> 0 | H26: =SUM(AU26:BF26) -> 0 | I26: =SUM(BG26:BR26) -> 0 | K26: =Balance!K22 -> 253.96897 | L26: =Balance!L22-Balance!K22 -> 33.923651 | M26: =Balance!M22-Balance!L22 -> 38.742216 | N26: =Balance!N22-Balance!M22 -> -17.232839 | O26: =Balance!O22-Balance!N22 -> -17.851925 | P26: =Balance!P22-Balance!O22 -> 37.175714 | Q26: =Balance!Q22-Balance!P22 -> -21.619178 | R26: =Balance!R22-Balance!Q22 -> -22.271044 | S26: =Balance!S22-Balance!R22 -> -22.930365 | ... BR26: =Balance!BR22-Balance!BQ22 -> 0
C27: Cash from debt | E27: =SUM(K27:V27) -> 301.48959 | F27: =SUM(W27:AH27) -> -111.48959 | G27: =SUM(AI27:AT27) -> 0 | H27: =SUM(AU27:BF27) -> 0 | I27: =SUM(BG27:BR27) -> 0 | K27: =SUM(K24:K26) -> 368.96897 | L27: =SUM(L24:L26) -> 33.923651 | M27: =SUM(M24:M26) -> 38.742216 | N27: =SUM(N24:N26) -> -17.232839 | O27: =SUM(O24:O26) -> -17.851925 | P27: =SUM(P24:P26) -> 62.175714 | Q27: =SUM(Q24:Q26) -> -21.619178 | R27: =SUM(R24:R26) -> -22.271044 | ... BR27: =SUM(BR24:BR26) -> 0
C28: =Balance!C27 -> Preferred stock | E28: =SUM(K28:V28) -> 30 | F28: =SUM(W28:AH28) -> 0 | G28: =SUM(AI28:AT28) -> 0 | H28: =SUM(AU28:BF28) -> 0 | I28: =SUM(BG28:BR28) -> 0 | K28: =Balance!K27 -> 20 | L28: =Balance!L27-Balance!K27 -> 0 | M28: =Balance!M27-Balance!L27 -> 0 | N28: =Balance!N27-Balance!M27 -> 0 | O28: =Balance!O27-Balance!N27 -> 0 | P28: =Balance!P27-Balance!O27 -> 10 | Q28: =Balance!Q27-Balance!P27 -> 0 | R28: =Balance!R27-Balance!Q27 -> 0 | S28: =Balance!S27-Balance!R27 -> 0 | ... BR28: =Balance!BR27-Balance!BQ27 -> 0
C29: =Balance!C28 -> Common stock | E29: =SUM(K29:V29) -> 55 | F29: =SUM(W29:AH29) -> 60 | G29: =SUM(AI29:AT29) -> 0 | H29: =SUM(AU29:BF29) -> 0 | I29: =SUM(BG29:BR29) -> 0 | K29: =Balance!K28 -> 40 | L29: =Balance!L28-Balance!K28 -> 0 | M29: =Balance!M28-Balance!L28 -> 0 | N29: =Balance!N28-Balance!M28 -> 0 | O29: =Balance!O28-Balance!N28 -> 0 | P29: =Balance!P28-Balance!O28 -> 15 | Q29: =Balance!Q28-Balance!P28 -> 0 | R29: =Balance!R28-Balance!Q28 -> 0 | S29: =Balance!S28-Balance!R28 -> 0 | ... BR29: =Balance!BR28-Balance!BQ28 -> 0
C30: Dividends | E30: =SUM(K30:V30) -> -8.4048204 | F30: =SUM(W30:AH30) -> -7.9277066 | G30: =SUM(AI30:AT30) -> 0 | H30: =SUM(AU30:BF30) -> 0 | I30: =SUM(BG30:BR30) -> 0 | K30: =-Income!K28 -> 0 | L30: =-Income!L28 -> 0 | M30: =-Income!M28 -> 0 | N30: =-Income!N28 -> 0 | O30: =-Income!O28 -> 0 | P30: =-Income!P28 -> -8.4048204 | Q30: =-Income!Q28 -> 0 | R30: =-Income!R28 -> 0 | ... BR30: =-Income!BR28 -> 0
C31: Cash from equity | E31: =SUM(K31:V31) -> 76.59518 | F31: =SUM(W31:AH31) -> 52.072293 | G31: =SUM(AI31:AT31) -> 0 | H31: =SUM(AU31:BF31) -> 0 | I31: =SUM(BG31:BR31) -> 0 | K31: =SUM(K28:K30) -> 60 | L31: =SUM(L28:L30) -> 0 | M31: =SUM(M28:M30) -> 0 | N31: =SUM(N28:N30) -> 0 | O31: =SUM(O28:O30) -> 0 | P31: =SUM(P28:P30) -> 16.59518 | Q31: =SUM(Q28:Q30) -> 0 | R31: =SUM(R28:R30) -> 0 | ... BR31: =SUM(BR28:BR30) -> 0
C32: Cash from Financing | E32: =SUM(K32:V32) -> 378.08477 | F32: =SUM(W32:AH32) -> -59.417298 | G32: =SUM(AI32:AT32) -> 0 | H32: =SUM(AU32:BF32) -> 0 | I32: =SUM(BG32:BR32) -> 0 | K32: =K27+K31 -> 428.96897 | L32: =L27+L31 -> 33.923651 | M32: =M27+M31 -> 38.742216 | N32: =N27+N31 -> -17.232839 | O32: =O27+O31 -> -17.851925 | P32: =P27+P31 -> 78.770894 | Q32: =Q27+Q31 -> -21.619178 | R32: =R27+R31 -> -22.271044 | ... BR32: =BR27+BR31 -> 0
C33: Cash in/out | E33: =SUM(K33:V33) -> 300 | F33: =SUM(W33:AH33) -> 229.47428 | G33: =SUM(AI33:AT33) -> 370.23871 | H33: =SUM(AU33:BF33) -> 459.86334 | I33: =SUM(BG33:BR33) -> 615.66607 | K33: =IF(ABS(SUM(K32,K23,K14))<0.001,0,SUM(K32,K23,K14)) -> 300 | L33: =IF(ABS(SUM(L32,L23,L14))<0.001,0,SUM(L32,L23,L14)) -> 0 | M33: =IF(ABS(SUM(M32,M23,M14))<0.001,0,SUM(M32,M23,M14)) -> 0 | N33: =IF(ABS(SUM(N32,N23,N14))<0.001,0,SUM(N32,N23,N14)) -> 0 | O33: =IF(ABS(SUM(O32,O23,O14))<0.001,0,SUM(O32,O23,O14)) -> 0 | P33: =IF(ABS(SUM(P32,P23,P14))<0.001,0,SUM(P32,P23,P14)) -> 0 | Q33: =IF(ABS(SUM(Q32,Q23,Q14))<0.001,0,SUM(Q32,Q23,Q14)) -> 0 | R33: =IF(ABS(SUM(R32,R23,R14))<0.001,0,SUM(R32,R23,R14)) -> 0 | ... BR33: =IF(ABS(SUM(BR32,BR23,BR14))<0.001,0,SUM(BR32,BR23,BR14)) -> 51.203176
C35: Starting cash balance | E35: =K35 -> 0 | F35: =Balance!E6 -> 300 | G35: =Balance!F6 -> 529.47428 | H35: =Balance!G6 -> 899.71299 | I35: =Balance!H6 -> 1359.5763 | L35: =Balance!K6 -> 300 | M35: =Balance!L6 -> 300 | N35: =Balance!M6 -> 300 | O35: =Balance!N6 -> 300 | P35: =Balance!O6 -> 300 | Q35: =Balance!P6 -> 300 | R35: =Balance!Q6 -> 300 | S35: =Balance!R6 -> 300 | ... BR35: =Balance!BQ6 -> 1924.0392
C36: Ending cash balance | E36: =Balance!E6 -> 300 | F36: =Balance!F6 -> 529.47428 | G36: =Balance!G6 -> 899.71299 | H36: =Balance!H6 -> 1359.5763 | I36: =Balance!I6 -> 1975.2424 | K36: =Balance!K6 -> 300 | L36: =Balance!L6 -> 300 | M36: =Balance!M6 -> 300 | N36: =Balance!N6 -> 300 | O36: =Balance!O6 -> 300 | P36: =Balance!P6 -> 300 | Q36: =Balance!Q6 -> 300 | R36: =Balance!R6 -> 300 | ... BR36: =Balance!BR6 -> 1975.2424
C37: ∆ Balance Sheet | E37: =E36-E35 -> 300 | F37: =F36-F35 -> 229.47428 | G37: =G36-G35 -> 370.23871 | H37: =H36-H35 -> 459.86334 | I37: =I36-I35 -> 615.66607 | K37: =K36-K35 -> 300 | L37: =L36-L35 -> 0 | M37: =M36-M35 -> 0 | N37: =N36-N35 -> 0 | O37: =O36-O35 -> 0 | P37: =P36-P35 -> 0 | Q37: =Q36-Q35 -> 0 | R37: =R36-R35 -> 0 | ... BR37: =BR36-BR35 -> 51.203176
C39: chk | E39: =IF(ABS(E33-E37)<0.0001,"✔","✕") -> ✔ | F39: =IF(ABS(F33-F37)<0.0001,"✔","✕") -> ✔ | G39: =IF(ABS(G33-G37)<0.0001,"✔","✕") -> ✔ | H39: =IF(ABS(H33-H37)<0.0001,"✔","✕") -> ✔ | I39: =IF(ABS(I33-I37)<0.0001,"✔","✕") -> ✔ | K39: =IF(ROUND(K33-K37,10)=0,"ü","û") -> ü | L39: =IF(ABS(L33-L37)<0.0001,"✔","✕") -> ✔ | M39: =IF(ABS(M33-M37)<0.0001,"✔","✕") -> ✔ | N39: =IF(ABS(N33-N37)<0.0001,"✔","✕") -> ✔ | O39: =IF(ABS(O33-O37)<0.0001,"✔","✕") -> ✔ | P39: =IF(ABS(P33-P37)<0.0001,"✔","✕") -> ✔ | Q39: =IF(ABS(Q33-Q37)<0.0001,"✔","✕") -> ✔ | R39: =IF(ABS(R33-R37)<0.0001,"✔","✕") -> ✔ | S39: =IF(ABS(S33-S37)<0.0001,"✔","✕") -> ✔ | ... BR39: =IF(ABS(BR33-BR37)<0.0001,"✔","✕") -> ✔

Sheet Valuation
A1: info
C3: Valuation
E4: 1 | G4: 2 | I4: 3 | K4: 4 | M4: 5 | P4: 1 | Q4: 2 | R4: 3 | S4: 4 | T4: 5 | U4: 6 | V4: 7 | W4: 8 | X4: 9 | Y4: 10 | Z4: 11 | AA4: 12 | AB4: 13 | AC4: 14 | AD4: 15 | AE4: 16 | AF4: 17 | AG4: 18 | AH4: 19 | AI4: 20 | AJ4: 21 | AK4: 22 | AL4: 23 | AM4: 24 | AN4: 25 | AO4: 26 | AP4: 27 | AQ4: 28 | AR4: 29 | AS4: 30 | AT4: 31 | AU4: 32 | AV4: 33 | AW4: 34 | AX4: 35 | AY4: 36 | AZ4: 37 | BA4: 38 | BB4: 39 | BC4: 40 | BD4: 41 | BE4: 42 | BF4: 43 | BG4: 44 | BH4: 45 | BI4: 46 | BJ4: 47 | BK4: 48 | BL4: 49 | BM4: 50 | BN4: 51 | BO4: 52 | BP4: 53 | BQ4: 54 | BR4: 55 | BS4: 56 | BT4: 57 | BU4: 58 | BV4: 59 | BW4: 60
C6: Free Cash Flow | S6: =R44 -> 0
C7: EBIT | E7: =SUM(P7:AA7) -> 316.38219 | G7: =SUM(AB7:AM7) -> 529.37654 | I7: =SUM(AN7:AY7) -> 666.62592 | K7: =SUM(AZ7:BK7) -> 819.59065 | M7: =SUM(BL7:BW7) -> 989.87456 | P7: =Income!K22 -> 24.759721 | Q7: =Income!L22 -> 25.662656 | R7: =Income!M22 -> 26.573054 | S7: =Income!N22 -> 27.490975 | T7: =Income!O22 -> 28.416479 | U7: =Income!P22 -> 22.206769 | V7: =Income!Q22 -> 23.147622 | W7: =Income!R22 -> 24.096241 | ... BW7: =Income!BR22 -> 90.256772
C8: Taxes | E8: =SUM(P8:AA8) -> 126.55287 | G8: =SUM(AB8:AM8) -> 211.75061 | I8: =SUM(AN8:AY8) -> 266.65037 | K8: =SUM(AZ8:BK8) -> 327.83626 | M8: =SUM(BL8:BW8) -> 395.94983 | P8: =P7*Taxes -> 9.9038882 | Q8: =Q7*Taxes -> 10.265062 | R8: =R7*Taxes -> 10.629221 | S8: =S7*Taxes -> 10.99639 | T8: =T7*Taxes -> 11.366591 | U8: =U7*Taxes -> 8.8827077 | V8: =V7*Taxes -> 9.2590487 | W8: =W7*Taxes -> 9.6384964 | ... BW8: =BW7*Taxes -> 36.102709
C9: Taxed EBIT | E9: =SUM(P9:AA9) -> 189.82931 | G9: =SUM(AB9:AM9) -> 317.62592 | I9: =SUM(AN9:AY9) -> 399.97555 | K9: =SUM(AZ9:BK9) -> 491.75439 | M9: =SUM(BL9:BW9) -> 593.92474 | P9: =P7-P8 -> 14.855832 | Q9: =Q7-Q8 -> 15.397593 | R9: =R7-R8 -> 15.943832 | S9: =S7-S8 -> 16.494585 | T9: =T7-T8 -> 17.049887 | U9: =U7-U8 -> 13.324062 | V9: =V7-V8 -> 13.888573 | W9: =W7-W8 -> 14.457745 | ... BW9: =BW7-BW8 -> 54.154063
C10: + Depreciation | E10: =SUM(P10:AA10) -> 90 | G10: =SUM(AB10:AM10) -> 0 | I10: =SUM(AN10:AY10) -> 0 | K10: =SUM(AZ10:BK10) -> 0 | M10: =SUM(BL10:BW10) -> 0 | P10: =Income!K21 -> 4 | Q10: =Income!L21 -> 4 | R10: =Income!M21 -> 4 | S10: =Income!N21 -> 4 | T10: =Income!O21 -> 4 | U10: =Income!P21 -> 11.142857 | V10: =Income!Q21 -> 11.142857 | W10: =Income!R21 -> 11.142857 | ... BW10: =Income!BR21 -> 0
C11: - CapEx | E11: =SUM(P11:AA11) -> -190 | G11: =SUM(AB11:AM11) -> 0 | I11: =SUM(AN11:AY11) -> 0 | K11: =SUM(AZ11:BK11) -> 0 | M11: =SUM(BL11:BW11) -> 0 | P11: =-CapEx!K12 -> -40 | Q11: =-CapEx!L12 -> 0 | R11: =-CapEx!M12 -> -50 | S11: =-CapEx!N12 -> 0 | T11: =-CapEx!O12 -> 0 | U11: =-CapEx!P12 -> -100 | V11: =-CapEx!Q12 -> 0 | W11: =-CapEx!R12 -> 0 | ... BW11: =-CapEx!BR12 -> 0
C12: plus Current Assets | E12: =AA12 -> 1075.1344 | G12: =AM12 -> 1372.1149 | I12: =AY12 -> 1815.7421 | K12: =BK12 -> 2355.3889 | M12: =BW12 -> 3057.7909 | P12: =Balance!K9 -> 771.66497 | Q12: =Balance!L9 -> 998.37866 | R12: =Balance!M9 -> 1028.0796 | S12: =Balance!N9 -> 1033.1635 | T12: =Balance!O9 -> 1038.2829 | U12: =Balance!P9 -> 1043.4381 | V12: =Balance!Q9 -> 1048.6293 | W12: =Balance!R9 -> 1053.8568 | ... BW12: =Balance!BR9 -> 3057.7909
C13: minus Cash | E13: =SUM(P13:AA13) -> -3600 | G13: =SUM(AB13:AM13) -> -4729.9068 | I13: =SUM(AN13:AY13) -> -8663.9831 | K13: =SUM(AZ13:BK13) -> -13679.495 | M13: =SUM(BL13:BW13) -> -20030.671 | P13: =-Balance!K6 -> -300 | Q13: =-Balance!L6 -> -300 | R13: =-Balance!M6 -> -300 | S13: =-Balance!N6 -> -300 | T13: =-Balance!O6 -> -300 | U13: =-Balance!P6 -> -300 | V13: =-Balance!Q6 -> -300 | W13: =-Balance!R6 -> -300 | ... BW13: =-Balance!BR6 -> -1975.2424
C14: minus Curr Liabilities | E14: =AA14 -> -857.20722 | G14: =AM14 -> -764.0568 | I14: =AY14 -> -816.31843 | K14: =BK14 -> -872.8208 | M14: =BW14 -> -933.90803 | P14: =-Balance!K24 -> -718.22289 | Q14: =-Balance!L24 -> -927.06384 | R14: =-Balance!M24 -> -988.49426 | S14: =-Balance!N24 -> -974.92635 | T14: =-Balance!O24 -> -960.76326 | U14: =-Balance!P24 -> -1001.6519 | V14: =-Balance!Q24 -> -983.76981 | W14: =-Balance!R24 -> -965.26026 | ... BW14: =-Balance!BR24 -> -933.90803
C15: add back s/t debt | E15: =AA15 -> 100 | G15: =AM15 -> 120 | I15: =AY15 -> 120 | K15: =BK15 -> 120 | M15: =BW15 -> 120 | P15: =Balance!K23 -> 100 | Q15: =Balance!L23 -> 100 | R15: =Balance!M23 -> 100 | S15: =Balance!N23 -> 100 | T15: =Balance!O23 -> 100 | U15: =Balance!P23 -> 100 | V15: =Balance!Q23 -> 100 | W15: =Balance!R23 -> 100 | ... BW15: =Balance!BR23 -> 120
C16: Working capital | E16: =SUM(P16:AA16) -> -1273.3687 | G16: =SUM(AB16:AM16) -> 2218.4298 | I16: =SUM(AN16:AY16) -> 2518.2914 | K16: =SUM(AZ16:BK16) -> 2785.6136 | M16: =SUM(BL16:BW16) -> 3080.154 | P16: =SUM(P12:P15) -> -146.55792 | Q16: =SUM(Q12:Q15) -> -128.68519 | R16: =SUM(R12:R15) -> -160.41464 | S16: =SUM(S12:S15) -> -141.76283 | T16: =SUM(T12:T15) -> -122.48033 | U16: =SUM(U12:U15) -> -158.21376 | V16: =SUM(V12:V15) -> -135.1405 | W16: =SUM(W12:W15) -> -111.40349 | ... BW16: =SUM(BW12:BW15) -> 268.64043
C17: ∆ in working capital | E17: =SUM(P17:AA17) -> 17.92714 | G17: =SUM(AB17:AM17) -> 180.65672 | I17: =SUM(AN17:AY17) -> 21.126839 | K17: =SUM(AZ17:BK17) -> 23.281054 | M17: =SUM(BL17:BW17) -> 25.648673 | P17: =P16 -> -146.55792 | Q17: =Q16-P16 -> 17.872729 | R17: =R16-Q16 -> -31.729448 | S17: =S16-R16 -> 18.651807 | T17: =T16-S16 -> 19.282503 | U17: =U16-T16 -> -35.733433 | V17: =V16-U16 -> 23.073255 | W17: =W16-V16 -> 23.73701 | X17: =X16-W16 -> 24.408315 | ... BW17: =BW16-BV16 -> 2.2333878
C18: - ∆ in Wkg Cap | E18: =SUM(P18:AA18) -> -17.92714 | G18: =SUM(AB18:AM18) -> -180.65672 | I18: =SUM(AN18:AY18) -> -21.126839 | K18: =SUM(AZ18:BK18) -> -23.281054 | M18: =SUM(BL18:BW18) -> -25.648673 | P18: =-P17 -> 146.55792 | Q18: =-Q17 -> -17.872729 | R18: =-R17 -> 31.729448 | S18: =-S17 -> -18.651807 | T18: =-T17 -> -19.282503 | U18: =-U17 -> 35.733433 | V18: =-V17 -> -23.073255 | W18: =-W17 -> -23.73701 | ... BW18: =-BW17 -> -2.2333878
C19: Free Cash Flow | E19: =SUM(P19:AA19) -> 71.902172 | G19: =SUM(AB19:AM19) -> 136.9692 | I19: =SUM(AN19:AY19) -> 378.84871 | K19: =SUM(AZ19:BK19) -> 468.47334 | M19: =SUM(BL19:BW19) -> 568.27607 | P19: =SUM(P9:P11,P18) -> 125.41375 | Q19: =SUM(Q9:Q11,Q18) -> 1.5248643 | R19: =SUM(R9:R11,R18) -> 1.6732802 | S19: =SUM(S9:S11,S18) -> 1.8427774 | T19: =SUM(T9:T11,T18) -> 1.7673838 | U19: =SUM(U9:U11,U18) -> -39.799648 | V19: =SUM(V9:V11,V18) -> 1.9581753 | W19: =SUM(W9:W11,W18) -> 1.8635914 | ... BW19: =SUM(BW9:BW11,BW18) -> 51.920676
E21: Discounted Cash Flow | K21: Industry Comps
E23: PV FCF | H23: {=SUMPRODUCT(P19:BW19/(1+ValWACC)^(P4:BW4/12))} -> 1225.0546 | K23: EV/EBITDA | N23: =ValEvEbitda -> 5
E24: PV terminal | H24: =(SUM(BL19:BW19)*(1+ValTerminal) / (ValWACC-ValTerminal)) / (1+ValWACC)^(BW4/12) -> 5957.4379 | K24: EBITDA | N24: =Income!F15 -> 529.37654
E25: Enterprise value | H25: =SUM(H23:H24) -> 7182.4925 | K25: Enterprise value | N25: =N23*N24 -> 2646.8827
E26: - Debt y2 | H26: =-(Balance!F22+Balance!F23+Balance!F25) -> -190 | K26: Price/Earnings | N26: =ValPE -> 8
E27: + Cash y2 | H27: =Balance!F6 -> 529.47428 | K27: Earnings | N27: =Income!F26 -> 308.05871
E28: Equity value | H28: =SUM(H25,H26:I27) -> 7521.9667 | K28: Equity value | N28: =N26*N27 -> 2464.4697

Sheet Analysis
A1: info
C3: Analysis
C5: Indicators | N5: Value Drivers | Y5: Profitability
D7: Ratios: Compare 2 KPIs to measure health & performance | O7: Sensitivity: EBIT multiplier when a driver's value increases | Z7: Economic Profit: Marginal return after covering costs
D9: Measure | E9: Name | H9: Formula | K9: Calc | Z9: Term | AD9: Formula | AI9: Calc
D11: Liquidity | E11: Current Ratio | H11: Curr Assets / Curr Liabs | K11: =Balance!$F$9/Balance!$F$24 -> 1.7958284 | Z11: Taxed EBIT | AD11: EBIT * (1-Tax %) | AI11: =Income!$F$22*(1-Taxes) -> 317.62592
D14: Liquidity | E14: Cash Ratio | H14: Cash / Curr Liabilities | K14: =Balance!F6/Balance!F24 -> 0.69297764 | Z14: Invested capital | AD14: Assets - Current Liabilities | AI14: =Balance!$F$20-Balance!$F$24 -> 658.05814
D17: Efficiency | E17: Asset Turns | H17: Revenue / Assets | K17: =Income!$F$7/((Balance!$K$20+Balance!$W$20)/2) -> 6.2518639 | Z17: Return on Invested Capital | AD17: Taxed EBIT / Invesetd Cap | AI17: =AI11/AI14 -> 0.48267152
D20: Leverage | E20: Debt-Equity Ratio | H20: Debt / Equity | K20: =Balance!$F$26/Balance!$F$30 -> 1.4183237 | Z20: Weighted Avg Cost of Capital | AD20: WACC | AI20: =ValWACC -> 0.088875303
D23: Profitability | E23: Operating Margin | H23: Op Income / Sales | K23: =Income!F22/Income!F7 -> 0.087374338 | Z23: Excess Profit | AD23: ROIC - WACC | AI23: =AI17-AI20 -> 0.39379622
D26: Profitability | E26: Net Margin | H26: Earnings / Sales | K26: =Income!F26/Income!F7 -> 0.050845521 | Z26: Economic Profit | AD26: Excess Proft * Investd Cap | AI26: =AI23*AI14 -> 259.14081
D30: Distress: Use a composite metric to calculate default risk | O30: WACC: Return that covers the cost of capital from all sources | Z30: Breakeven: Volume necessary to achieve profitability
D32: Formula | F32: Mult | G32: Ratio | H32: Calc | I32: Assessment | AB32: Units | AF32: Revenue
I33: Range | J33: Score | K33: Risk
D34: Wkg Capital/Assets | F34: 1.2 | G34: =(Balance!$F$9-Balance!$F$6-Balance!$F$24)/Balance!$F$20 -> 0.055258446 | H34: =F34*G34 -> 0.066310135 | Z34: Formula | AB34: Fixed Costs | AF34: Breakeven units * Price
I36: <1.81 | J36: =IF(H50<=1.81,IF(H50=0,"0.0",H50),0) -> 0 | K36: High | AB36: Contribut'n margin
D37: Retained Earnings | F37: 1.4 | G37: =Balance!$F$29/Balance!$F$20 -> 0.31154876 | H37: =F37*G37 -> 0.43616826
I39: 1.81 - 2.99 | J39: =IF(AND(H50>1.81,H50<2.99),H50,0) -> 0 | K39: Med | Z39: Setup | AB39: Payroll+OH+Deprec | AF39: =TEXT(AB50,"0,0")&" Units"&" * "&TEXT(Income!F7/(SUM(Units)*(1+SUMPRODUCT(Units,UnitsCAGR)/SUM(Units))),"0.00")&" / Unit" -> 440 Units * 9.13 / Unit
D40: EBIT / Assets | F40: 3.3 | G40: =Income!$F$22/Balance!$F$20 -> 0.37224596 | H40: =F40*G40 -> 1.2284117
AB41: Price - Unit COGS
I42: >2.99 | J42: =IF(H50>=2.99,H50,0) -> 11.402366 | K42: Low
D43: MV Equity / Debt | F43: 0.6 | G43: =Valuation!$H$28/Balance!$F$26 -> 9.0185305 | H43: =F43*G43 -> 5.4111183
Z44: Calc | AC44: =Income!F14+Income!F21 -> 1045.1196 | AF44: =TEXT( AB50,"0")&" * "&TEXT(Income!F7/(SUM(Units)*(1+SUMPRODUCT(Units,UnitsCAGR)/SUM(Units))),"0.00") -> 440 * 9.13
D46: Sales / Total Assets | F46: 1 | G46: =Income!$F$7/Balance!$F$20 -> 4.2603579 | H46: =F46*G46 -> 4.2603579 | AC46: =TEXT( (Income!F7-Income!F8)/(SUM(Units)*(1+SUMPRODUCT(Units,UnitsCAGR)/SUM(Units))),"0.00") -> 2.37
D50: Sum ("Z-score") | H50: =SUM(H34:H47) -> 11.402366 | Z50: Brkeven | AB50: =SUM(Income!F14,Income!F21)/((Income!F7-Income!F8) / (SUM(Units)*(1+SUMPRODUCT(Units,UnitsCAGR)/SUM(Units)))) -> 440.41826 | AF50: =AB50*(Income!F7/(SUM(Units)*(1+SUMPRODUCT(Units,UnitsCAGR)/SUM(Units)))) -> 4021.6584
D52: Note: metrics use y2 values

Sheet Summary
A1: info
C3: 5-yr Summary
E4: y1 | G4: y2 | H4: y/y | I4: y/y % | K4: y3 | L4: y/y | M4: y/y % | O4: y4 | P4: y/y | Q4: y/y % | S4: y5 | T4: y/y | U4: y/y %
C6: Capital Expenditures | BB6: Sensitivity | BR6: Growth | BY6: WACC | CH6: P&L
C7: Expenditures | E7: =CapEx!E12 -> 190 | G7: =CapEx!F12 -> 0 | H7: =G7-E7 -> -190 | I7: =IFERROR( IF(G7/E7-1=-1, "n/a", IF( G7/E7-1 =-2,"repaid",G7/E7-1)), 0) -> n/a | K7: =CapEx!G12 -> 0 | L7: =K7-G7 -> 0 | M7: =IFERROR(IF(K7/G7-1=-1,"n/a",K7/G7-1),0) -> 0 | O7: =CapEx!H12 -> 0 | P7: =O7-K7 -> 0 | Q7: =IFERROR(IF(O7/K7-1=-1,"n/a",O7/K7-1),0) -> 0 | S7: =CapEx!I12 -> 0 | T7: =S7-O7 -> 0 | U7: =IFERROR(IF(S7/O7-1=-1,"n/a",S7/O7-1),0) -> 0 | BC7: ---- | BD7: --------- | BE7: ------------- | BG7: ------------- | BH7: ------- | BI7: ------- | BJ7: ------ | BL7: ------------- | BM7: ------- | BN7: ------- | BR7: --------- | BS7: ------- | BT7: ------- | BU7: ------ | BY7: ------------- | BZ7: ------- | CA7: ------------------- | CB7: ------- | CC7: ------------- | CD7: ----------- | CH7: --------- | CI7: ------ | CJ7: ------ | CK7: ------ | CL7: ------ | CM7: ------ | CO7: ------ | CP7: ------ | CQ7: ------ | CR7: ------ | CS7: ------ | CT7: ------ | CU7: ------ | CV7: ------ | CW7: ------ | CX7: ------ | CY7: ------ | CZ7: ------ | DA7: ------ | DB7: ------ | DC7: ------ | DD7: ------ | DE7: ------ | DF7: ------ | DG7: ------ | DH7: ------ | DI7: ------ | DJ7: ------ | DK7: ------ | DL7: ------ | DM7: ------ | DN7: ------ | DO7: ------ | DP7: ------ | DQ7: ------ | DR7: ------ | DS7: ------ | DT7: ------ | DU7: ------ | DV7: ------ | DW7: ------ | DX7: ------ | DY7: ------ | DZ7: ------ | EA7: ------ | EB7: ------ | EC7: ------ | ED7: ------ | EE7: ------ | EF7: ------ | EG7: ------ | EH7: ------ | EI7: ------ | EJ7: ------ | EK7: ------ | EL7: ------ | EM7: ------ | EN7: ------ | EO7: ------ | EP7: ------ | EQ7: ------ | ER7: ------ | ES7: ------ | ET7: ------ | EU7: ------ | EV7: ------
C8: Depreciation expense | E8: =CapEx!E20 -> 90 | G8: =CapEx!F20 -> 0 | H8: =G8-E8 -> -90 | I8: =IFERROR( IF(G8/E8-1=-1, "n/a", IF( G8/E8-1 =-2,"repaid",G8/E8-1)), 0) -> n/a | K8: =CapEx!G20 -> 0 | L8: =K8-G8 -> 0 | M8: =IFERROR(IF(K8/G8-1=-1,"n/a",K8/G8-1),0) -> 0 | O8: =CapEx!H20 -> 0 | P8: =O8-K8 -> 0 | Q8: =IFERROR(IF(O8/K8-1=-1,"n/a",O8/K8-1),0) -> 0 | S8: =CapEx!I20 -> 0 | T8: =S8-O8 -> 0 | U8: =IFERROR(IF(S8/O8-1=-1,"n/a",S8/O8-1),0) -> 0 | BB8: | | BC8: Drivers | BF8: | | BG8: Calculation | BK8: | | BL8: Graph | BO8: | | BQ8: | | BS8: Base | BT8: CMGR | BU8: CAGR | BV8: | | BX8: | | BZ8: WACC | CA8: Weighted cost | CB8: Cost | CC8: Pct of total | CE8: | | CG8: | | CI8: 1 | CJ8: 2 | CK8: 3 | CL8: 4 | CM8: 5 | CN8: | | CO8: 1 | CP8: 2 | CQ8: 3 | CR8: 4 | CS8: 5 | CT8: 6 | CU8: 7 | CV8: 8 | CW8: 9 | CX8: 10 | CY8: 11 | CZ8: 12 | DA8: 13 | DB8: 14 | DC8: 15 | DD8: 16 | DE8: 17 | DF8: 18 | DG8: 19 | DH8: 20 | DI8: 21 | DJ8: 22 | DK8: 23 | DL8: 24 | DM8: 25 | DN8: 26 | DO8: 27 | DP8: 28 | DQ8: 29 | DR8: 30 | DS8: 31 | DT8: 32 | DU8: 33 | DV8: 34 | DW8: 35 | DX8: 36 | DY8: 37 | DZ8: 38 | EA8: 39 | EB8: 40 | EC8: 41 | ED8: 42 | EE8: 43 | EF8: 44 | EG8: 45 | EH8: 46 | EI8: 47 | EJ8: 48 | EK8: 49 | EL8: 50 | EM8: 51 | EN8: 52 | EO8: 53 | EP8: 54 | EQ8: 55 | ER8: 56 | ES8: 57 | ET8: 58 | EU8: 59 | EV8: 60 | EW8: |
C9: Line of Credit | BB9: | | BD9: =BH17 -> 529.37654 | BE9: Units | BF9: | | BG9: Metric | BH9: Value | BI9: Slope | BJ9: Rank | BK9: | | BL9: Metric | BM9: Slope | BN9: Order | BO9: | | BQ9: | | BR9: Units | BS9: =SUM(Units) *((1+SUMPRODUCT(Units, UnitsCAGR)/SUM(Units))^(1/12)-1) /( (1+((1+SUMPRODUCT(Units, UnitsCAGR)/SUM(Units))^(1/12)-1))^12-1) -> 51.262336 | BT9: =((1+SUMPRODUCT(Units, UnitsCAGR)/SUM(Units))^(1/12)-1) -> 0.004326753 | BV9: | | BX9: | | BY9: Common | CA9: =CC9*CB9 -> 0.036044776 | CB9: =RateEquity -> 0.105 | CC9: =Balance!G28/ SUM(Balance!F$22,Balance!F$23,Balance!F$25,Balance!F$27,Balance!F$28) -> 0.34328358 | CD9: 20 | CE9: | | CG9: | | CH9: UNITS | CI9: =SUM(CO9:CZ9) -> 630 | CJ9: =SUM(DA9:DL9) -> 663.5 | CK9: =SUM(DM9:DX9) -> 698.78135 | CL9: =SUM(DY9:EJ9) -> 735.93877 | CM9: =SUM(EK9:EV9) -> 775.07202 | CN9: | | CO9: =unitsBase*(1+unitsCMGR)^(Income!K$4-1) -> 51.262336 | CP9: =unitsBase*(1+unitsCMGR)^(Income!L$4-1) -> 51.484136 | CQ9: =unitsBase*(1+unitsCMGR)^(Income!M$4-1) -> 51.706895 | CR9: =unitsBase*(1+unitsCMGR)^(Income!N$4-1) -> 51.930618 | CS9: =unitsBase*(1+unitsCMGR)^(Income!O$4-1) -> 52.155309 | CT9: =unitsBase*(1+unitsCMGR)^(Income!P$4-1) -> 52.380972 | CU9: =unitsBase*(1+unitsCMGR)^(Income!Q$4-1) -> 52.607612 | CV9: =unitsBase*(1+unitsCMGR)^(Income!R$4-1) -> 52.835232 | ... EV9: =unitsBase*(1+unitsCMGR)^(Income!BR$4-1) -> 66.134071 | EW9: |
C10: Cash in/out | E10: =SUM(Credit!$K41:$V41) -> -36.489591 | G10: =SUM(Credit!$W41:$AH41) -> 390.96387 | H10: =G10-E10 -> 427.45346 | I10: =IFERROR(IF(G10/E10-1=-1,"n/a",G10/E10-1),0) -> -11.714394 | K10: =SUM(Credit!$AI41:$AT41) -> 370.23871 | L10: =K10-G10 -> -20.725157 | M10: =IFERROR(IF(K10/G10-1=-1,"n/a",K10/G10-1),0) -> -0.053010415 | O10: =SUM(Credit!$AU41:$BF41) -> 459.86334 | P10: =O10-K10 -> 89.624623 | Q10: =IFERROR(IF(O10/K10-1=-1,"n/a",O10/K10-1),0) -> 0.24207253 | S10: =SUM(Credit!$BG41:$BR41) -> 615.66607 | T10: =S10-O10 -> 155.80273 | U10: =IFERROR(IF(S10/O10-1=-1,"n/a",S10/O10-1),0) -> 0.33880224 | BB10: | | BC10: 1 | BD10: 2019.7986 | BE10: =BD10/BD9 -> 3.8154289 | BF10: | | BG10: =BE9 -> Units | BH10: =SUM(Units)*(1+SUMPRODUCT(Units,UnitsCAGR)/SUM(Units)) * (1+BC9) -> 663.5 | BI10: =SLOPE(BE10:BE11,BC10:BC11) -> 2.9742461 | BJ10: =RANK(BI10,$BI$10:$BI$16) -> 2 | BK10: | | BL10: =INDEX(Summary!$BG$10:$BG$16,MATCH(BN10,Summary!$BJ$10:$BJ$16,0)) -> Price | BM10: =INDEX(Summary!$BI$10:$BI$16,MATCH(BN10,Summary!$BJ$10:$BJ$16,0)) -> 11.445008 | BN10: 1 | BO10: | | BQ10: | | BR10: Price | BS10: =(SUMPRODUCT(Price,Units)/SUM(Units)/(1+((1+SUMPRODUCT(PriceCAGR,Price)/SUM(Price))^(1/12)-1))^11) -> 8.7096589 | BT10: =(1 + SUMPRODUCT(PriceCAGR, Price)/SUM(Price))^(1/12) - 1 -> 0.002695654 | BV10: | | BX10: | | BY10: Preferred | CA10: =CC10*CB10 -> 0.0094029851 | CB10: =RateEquity -> 0.105 | CC10: =Balance!F27/ SUM(Balance!F$22,Balance!F$23,Balance!F$25,Balance!F$27,Balance!F$28) -> 0.089552239 | CD10: 20 | CE10: | | CG10: | | CH10: PRICE | CI10: =CZ10 -> 8.9714286 | CJ10: =DL10 -> 9.2659765 | CK10: =DX10 -> 9.570195 | CL10: =EJ10 -> 9.8844015 | CM10: =EV10 -> 10.208924 | CN10: | | CO10: =IF(Income!K$4=1,priceBase,OFFSET(CO10, 0, -1) * (1 + (1 + SUMPRODUCT(PriceCAGR, Price)/SUM(Price))^(1/12) - 1) ) -> 8.7096589 | CP10: =IF(Income!L$4=1,priceBase,OFFSET(CP10, 0, -1) * (1 + (1 + SUMPRODUCT(PriceCAGR, Price)/SUM(Price))^(1/12) - 1) ) -> 8.7331371 | CQ10: =IF(Income!M$4=1,priceBase,OFFSET(CQ10, 0, -1) * (1 + (1 + SUMPRODUCT(PriceCAGR, Price)/SUM(Price))^(1/12) - 1) ) -> 8.7566786 | CR10: =IF(Income!N$4=1,priceBase,OFFSET(CR10, 0, -1) * (1 + (1 + SUMPRODUCT(PriceCAGR, Price)/SUM(Price))^(1/12) - 1) ) -> 8.7802836 | CS10: =IF(Income!O$4=1,priceBase,OFFSET(CS10, 0, -1) * (1 + (1 + SUMPRODUCT(PriceCAGR, Price)/SUM(Price))^(1/12) - 1) ) -> 8.8039522 | CT10: =IF(Income!P$4=1,priceBase,OFFSET(CT10, 0, -1) * (1 + (1 + SUMPRODUCT(PriceCAGR, Price)/SUM(Price))^(1/12) - 1) ) -> 8.8276846 | CU10: =IF(Income!Q$4=1,priceBase,OFFSET(CU10, 0, -1) * (1 + (1 + SUMPRODUCT(PriceCAGR, Price)/SUM(Price))^(1/12) - 1) ) -> 8.851481 | CV10: =IF(Income!R$4=1,priceBase,OFFSET(CV10, 0, -1) * (1 + (1 + SUMPRODUCT(PriceCAGR, Price)/SUM(Price))^(1/12) - 1) ) -> 8.8753415 | ... EV10: =IF(Income!BR$4=1,priceBase,OFFSET(EV10, 0, -1) * (1 + (1 + SUMPRODUCT(PriceCAGR, Price)/SUM(Price))^(1/12) - 1) ) -> 10.208924 | EW10: |
C11: Cash borrowed/repaid | E11: =SUM(Credit!$K43:$V43) -> 161.48959 | G11: =SUM(Credit!$W43:$AH43) -> -161.48959 | H11: =G11-E11 -> -322.97918 | I11: =IFERROR( IF(G11/E11-1=-1, "n/a", IF( G11/E11-1 =-2,"repaid",G11/E11-1)), 0) -> repaid | K11: =SUM(Credit!$AI43:$AT43) -> 0 | L11: =K11-G11 -> 161.48959 | M11: =IFERROR( IF(K11/G11-1=-1, "n/a", IF( K11/G11-1 =-2,"repaid",K11/G11-1)), 0) -> n/a | O11: =SUM(Credit!$AU43:$BF43) -> 0 | P11: =O11-K11 -> 0 | Q11: =IFERROR( IF(O11/K11-1=-1, "n/a", IF( O11/K11-1 =-2,"repaid",O11/K11-1)), 0) -> 0 | S11: =SUM(Credit!$BG43:$BR43) -> 0 | T11: =S11-O11 -> 0 | U11: =IFERROR( IF(S11/O11-1=-1, "n/a", IF( S11/O11-1 =-2,"repaid",S11/O11-1)), 0) -> 0 | BB11: | | BC11: 2 | BD11: 3594.2946 | BE11: =BD11/BD9 -> 6.789675 | BF11: | | BG11: =BE12 -> Price | BH11: =Income!$F$7/ (SUM(Units)*(1+SUMPRODUCT(Units,UnitsCAGR)/SUM(Units)) ) *(1+BC12) -> 9.1314525 | BI11: =SLOPE(BE13:BE14,BC13:BC14) -> 11.445008 | BJ11: =RANK(BI11,$BI$10:$BI$16) -> 1 | BK11: | | BL11: =INDEX(Summary!$BG$10:$BG$16,MATCH(BN11,Summary!$BJ$10:$BJ$16,0)) -> Units | BM11: =INDEX(Summary!$BI$10:$BI$16,MATCH(BN11,Summary!$BJ$10:$BJ$16,0)) -> 2.9742461 | BN11: 2 | BO11: | | BQ11: | | BR11: COGS | BS11: =(SUMPRODUCT(COGS,Units)/SUM(Units)/(1+((1+SUMPRODUCT(CogsCAGR,COGS)/SUM(COGS))^(1/12)-1))^11) -> 6.5040577 | BT11: =(1 + SUMPRODUCT(CogsCAGR, COGS)/SUM(COGS))^(1/12) - 1 -> 0.0021866466 | BV11: | | BX11: | | BY11: L/T Debt | CA11: =CC11*CB11 -> 0.017761194 | CB11: =RateLong -> 0.085 | CC11: =Balance!F25/ SUM(Balance!F$22,Balance!F$23,Balance!F$25,Balance!F$27,Balance!F$28) -> 0.20895522 | CD11: 20 | CE11: | | CG11: | | CH11: COGS | CI11: =CZ11 -> 6.6622222 | CJ11: =DL11 -> 6.8391552 | CK11: =DX11 -> 7.020787 | CL11: =EJ11 -> 7.2072426 | CM11: =EV11 -> 7.39865 | CN11: | | CO11: =IF(Income!K$4=1,cogsBase,OFFSET(CO11, 0, -1) * (1 + (1 + SUMPRODUCT(CogsCAGR, COGS)/SUM(COGS))^(1/12) - 1) ) -> 6.5040577 | CP11: =IF(Income!L$4=1,cogsBase,OFFSET(CP11, 0, -1) * (1 + (1 + SUMPRODUCT(CogsCAGR, COGS)/SUM(COGS))^(1/12) - 1) ) -> 6.5182798 | CQ11: =IF(Income!M$4=1,cogsBase,OFFSET(CQ11, 0, -1) * (1 + (1 + SUMPRODUCT(CogsCAGR, COGS)/SUM(COGS))^(1/12) - 1) ) -> 6.5325329 | CR11: =IF(Income!N$4=1,cogsBase,OFFSET(CR11, 0, -1) * (1 + (1 + SUMPRODUCT(CogsCAGR, COGS)/SUM(COGS))^(1/12) - 1) ) -> 6.5468173 | CS11: =IF(Income!O$4=1,cogsBase,OFFSET(CS11, 0, -1) * (1 + (1 + SUMPRODUCT(CogsCAGR, COGS)/SUM(COGS))^(1/12) - 1) ) -> 6.5611329 | CT11: =IF(Income!P$4=1,cogsBase,OFFSET(CT11, 0, -1) * (1 + (1 + SUMPRODUCT(CogsCAGR, COGS)/SUM(COGS))^(1/12) - 1) ) -> 6.5754797 | CU11: =IF(Income!Q$4=1,cogsBase,OFFSET(CU11, 0, -1) * (1 + (1 + SUMPRODUCT(CogsCAGR, COGS)/SUM(COGS))^(1/12) - 1) ) -> 6.589858 | CV11: =IF(Income!R$4=1,cogsBase,OFFSET(CV11, 0, -1) * (1 + (1 + SUMPRODUCT(CogsCAGR, COGS)/SUM(COGS))^(1/12) - 1) ) -> 6.6042677 | ... EV11: =IF(Income!BR$4=1,cogsBase,OFFSET(EV11, 0, -1) * (1 + (1 + SUMPRODUCT(CogsCAGR, COGS)/SUM(COGS))^(1/12) - 1) ) -> 7.39865 | EW11: |
C12: Balance | E12: =Credit!$V45 -> 161.48959 | G12: =Credit!$AH45 -> 0 | H12: =G12-E12 -> -161.48959 | I12: =IFERROR(IF(G12/E12-1=-1,"n/a",G12/E12-1),0) -> n/a | K12: =Credit!$AT45 -> 0 | L12: =K12-G12 -> 0 | M12: =IFERROR(IF(K12/G12-1=-1,"n/a",K12/G12-1),0) -> 0 | O12: =Credit!$BF45 -> 0 | P12: =O12-K12 -> 0 | Q12: =IFERROR(IF(O12/K12-1=-1,"n/a",O12/K12-1),0) -> 0 | S12: =Credit!$BR45 -> 0 | T12: =S12-O12 -> 0 | U12: =IFERROR(IF(S12/O12-1=-1,"n/a",S12/O12-1),0) -> 0 | BB12: | | BD12: =BH17 -> 529.37654 | BE12: Price | BF12: | | BG12: =BE15 -> COGS | BH12: =Income!$F$8/ (SUM(Units)*(1+SUMPRODUCT(Units,UnitsCAGR)/SUM(Units)) ) *(1+BC15) -> 6.7584365 | BI12: =SLOPE(BE16:BE17,BC16:BC17) -> -8.4707619 | BJ12: =RANK(BI12,$BI$10:$BI$16) -> 7 | BK12: | | BL12: =INDEX(Summary!$BG$10:$BG$16,MATCH(BN12,Summary!$BJ$10:$BJ$16,0)) -> Depn | BM12: =INDEX(Summary!$BI$10:$BI$16,MATCH(BN12,Summary!$BJ$10:$BJ$16,0)) -> -0.15881715 | BN12: 3 | BO12: | | BQ12: | | BR12: OH | BU12: =SUMPRODUCT(Overhead,OverheadCAGR)/SUM(Overhead) -> 0.0282 | BV12: | | BX12: | | BY12: WACC = | BZ12: =ValWACC -> 0.088875303 | CE12: | | CH12: --------- | CI12: ------ | CJ12: ------ | CK12: ------ | CL12: ------ | CM12: ------ | CO12: ------ | CP12: ------ | CQ12: ------ | CR12: ------ | CS12: ------ | CT12: ------ | CU12: ------ | CV12: ------ | CW12: ------ | CX12: ------ | CY12: ------ | CZ12: ------ | DA12: ------ | DB12: ------ | DC12: ------ | DD12: ------ | DE12: ------ | DF12: ------ | DG12: ------ | DH12: ------ | DI12: ------ | DJ12: ------ | DK12: ------ | DL12: ------ | DM12: ------ | DN12: ------ | DO12: ------ | DP12: ------ | DQ12: ------ | DR12: ------ | DS12: ------ | DT12: ------ | DU12: ------ | DV12: ------ | DW12: ------ | DX12: ------ | DY12: ------ | DZ12: ------ | EA12: ------ | EB12: ------ | EC12: ------ | ED12: ------ | EE12: ------ | EF12: ------ | EG12: ------ | EH12: ------ | EI12: ------ | EJ12: ------ | EK12: ------ | EL12: ------ | EM12: ------ | EN12: ------ | EO12: ------ | EP12: ------ | EQ12: ------ | ER12: ------ | ES12: ------ | ET12: ------ | EU12: ------ | EV12: ------
C13: Income Statement | BB13: | | BC13: 1 | BD13: 6504.0212 | BE13: =BD13/BD12 -> 12.286191 | BF13: | | BG13: =BE18 -> Payroll | BH13: =Income!$F$11*(1+BC18) -> 409.84518 | BI13: =SLOPE(BE19:BE20,BC19:BC20) -> -0.77420352 | BJ13: =RANK(BI13,$BI$10:$BI$16) -> 5 | BK13: | | BL13: =INDEX(Summary!$BG$10:$BG$16,MATCH(BN13,Summary!$BJ$10:$BJ$16,0)) -> Cmsns | BM13: =INDEX(Summary!$BI$10:$BI$16,MATCH(BN13,Summary!$BJ$10:$BJ$16,0)) -> -0.22890016 | BN13: 4 | BO13: | | BQ13: | | BR13: salary | BS13: =SUMPRODUCT(PaySalary,PayFTE) -> 280 | BU13: =SUMPRODUCT(PayFTE,PaySalary,PayCAGR)/paySalaryWgtd -> 0.013214286 | BV13: | | BX13: | | BY13: S/T Debt | CA13: =CC13*CB13 -> 0.025074627 | CB13: =RateShort -> 0.07 | CC13: =Balance!F23/ SUM(Balance!F$22,Balance!F$23,Balance!F$25,Balance!F$27,Balance!F$28) -> 0.35820896 | CD13: 20 | CE13: |
C14: Revenue | E14: =SUM(Income!$K7:$V7) -> 5569.9439 | G14: =SUM(Income!$W7:$AH7) -> 6058.7187 | H14: =G14-E14 -> 488.77481 | I14: =IFERROR(IF(G14/E14-1=-1,"n/a",G14/E14-1),0) -> 0.087752196 | K14: =SUM(Income!$AI7:$AT7) -> 6590.3846 | L14: =K14-G14 -> 531.66587 | M14: =IFERROR(IF(K14/G14-1=-1,"n/a",K14/G14-1),0) -> 0.087752196 | O14: =SUM(Income!$AU7:$BF7) -> 7168.7053 | P14: =O14-K14 -> 578.32072 | Q14: =IFERROR(IF(O14/K14-1=-1,"n/a",O14/K14-1),0) -> 0.087752196 | S14: =SUM(Income!$BG7:$BR7) -> 7797.7749 | T14: =S14-O14 -> 629.06963 | U14: =IFERROR(IF(S14/O14-1=-1,"n/a",S14/O14-1),0) -> 0.087752196 | BB14: | | BC14: 2 | BD14: 12562.74 | BE14: =BD14/BD12 -> 23.731199 | BF14: | | BG14: =BE21 -> Overhead | BH14: =SUM(Overhead)*(1+SUMPRODUCT(Overhead,OverheadCAGR)/SUM(Overhead)) * (1+BC21) -> 514.1 | BI14: =SLOPE(BE22:BE23,BC22:BC23) -> -0.9711424 | BJ14: =RANK(BI14,$BI$10:$BI$16) -> 6 | BK14: | | BL14: =INDEX(Summary!$BG$10:$BG$16,MATCH(BN14,Summary!$BJ$10:$BJ$16,0)) -> Payroll | BM14: =INDEX(Summary!$BI$10:$BI$16,MATCH(BN14,Summary!$BJ$10:$BJ$16,0)) -> -0.77420352 | BN14: 5 | BO14: | | BQ14: | | BR14: bonus | BS14: =SUMPRODUCT(PaySalary,PayFTE,PayBonus)/SUMPRODUCT(PaySalary,PayFTE) -> 0.14464286 | BV14: | | BX14: | | BY14: Credit | CA14: =CC14*CB14 -> 0 | CB14: =RateCredit -> 0.0875 | CC14: =Balance!$F$22/ SUM(Balance!F$22,Balance!F$23,Balance!F$25,Balance!F$27,Balance!F$28) -> 0 | CD14: 20 | CE14: |
C15: Cost of Goods Sold | E15: =SUM(Income!$K8:$V8) -> 4147.6628 | G15: =SUM(Income!$W8:$AH8) -> 4484.2226 | H15: =G15-E15 -> 336.55978 | I15: =IFERROR(IF(G15/E15-1=-1,"n/a",G15/E15-1),0) -> 0.081144441 | K15: =SUM(Income!$AI8:$AT8) -> 4848.0924 | L15: =K15-G15 -> 363.86974 | M15: =IFERROR(IF(K15/G15-1=-1,"n/a",K15/G15-1),0) -> 0.081144441 | O15: =SUM(Income!$AU8:$BF8) -> 5241.4881 | P15: =O15-K15 -> 393.39574 | Q15: =IFERROR(IF(O15/K15-1=-1,"n/a",O15/K15-1),0) -> 0.081144441 | S15: =SUM(Income!$BG8:$BR8) -> 5666.8057 | T15: =S15-O15 -> 425.31762 | U15: =IFERROR(IF(S15/O15-1=-1,"n/a",S15/O15-1),0) -> 0.081144441 | BB15: | | BD15: =BH17 -> 529.37654 | BE15: COGS | BF15: | | BG15: Cmsns | BH15: =PayCommissions*Income!F7*(1+BC24) -> 121.17437 | BI15: =SLOPE(BE25:BE26,BC25:BC26) -> -0.22890016 | BJ15: =RANK(BI15,$BI$10:$BI$16) -> 4 | BK15: | | BL15: =INDEX(Summary!$BG$10:$BG$16,MATCH(BN15,Summary!$BJ$10:$BJ$16,0)) -> Overhead | BM15: =INDEX(Summary!$BI$10:$BI$16,MATCH(BN15,Summary!$BJ$10:$BJ$16,0)) -> -0.9711424 | BN15: 6 | BO15: | | BR15: --------- | BS15: ------- | BT15: ------- | BU15: ------ | BY15: ------------- | BZ15: ------- | CA15: ------------------- | CB15: ------- | CC15: ------------- | CD15: -----------
C16: Payroll expense | E16: =SUM(Income!$K11:$V11) -> 404.5 | G16: =SUM(Income!$W11:$AH11) -> 409.84518 | H16: =G16-E16 -> 5.3451786 | I16: =IFERROR(IF(G16/E16-1=-1,"n/a",G16/E16-1),0) -> 0.013214286 | K16: =SUM(Income!$AI11:$AT11) -> 415.26099 | L16: =K16-G16 -> 5.4158113 | M16: =IFERROR(IF(K16/G16-1=-1,"n/a",K16/G16-1),0) -> 0.013214286 | O16: =SUM(Income!$AU11:$BF11) -> 420.74837 | P16: =O16-K16 -> 5.4873774 | Q16: =IFERROR(IF(O16/K16-1=-1,"n/a",O16/K16-1),0) -> 0.013214286 | S16: =SUM(Income!$BG11:$BR11) -> 426.30826 | T16: =S16-O16 -> 5.5598891 | U16: =IFERROR(IF(S16/O16-1=-1,"n/a",S16/O16-1),0) -> 0.013214286 | BB16: | | BC16: 1 | BD16: -4038.9202 | BE16: =BD16/BD15 -> -7.6295791 | BF16: | | BG16: Depn | BH16: =CapEx!F20*(1+BC27) -> 0 | BI16: =SLOPE(BE28:BE29,BC28:BC29) -> -0.15881715 | BJ16: =RANK(BI16,$BI$10:$BI$16) -> 3 | BK16: | | BL16: =INDEX(Summary!$BG$10:$BG$16,MATCH(BN16,Summary!$BJ$10:$BJ$16,0)) -> COGS | BM16: =INDEX(Summary!$BI$10:$BI$16,MATCH(BN16,Summary!$BJ$10:$BJ$16,0)) -> -8.4707619 | BN16: 7 | BO16: |
C17: Overhead expense | E17: =SUM(Income!$K12:$V12) -> 500 | G17: =SUM(Income!$W12:$AH12) -> 514.1 | H17: =G17-E17 -> 14.1 | I17: =IFERROR(IF(G17/E17-1=-1,"n/a",G17/E17-1),0) -> 0.0282 | K17: =SUM(Income!$AI12:$AT12) -> 528.59762 | L17: =K17-G17 -> 14.49762 | M17: =IFERROR(IF(K17/G17-1=-1,"n/a",K17/G17-1),0) -> 0.0282 | O17: =SUM(Income!$AU12:$BF12) -> 543.50407 | P17: =O17-K17 -> 14.906453 | Q17: =IFERROR(IF(O17/K17-1=-1,"n/a",O17/K17-1),0) -> 0.0282 | S17: =SUM(Income!$BG12:$BR12) -> 558.83089 | T17: =S17-O17 -> 15.326815 | U17: =IFERROR(IF(S17/O17-1=-1,"n/a",S17/O17-1),0) -> 0.0282 | BB17: | | BC17: 2 | BD17: -8523.1428 | BE17: =BD17/BD15 -> -16.100341 | BF17: | | BG17: EBIT | BH17: =(BH11-BH12)*BH10-BH13-BH14- BH15-BH16 -> 529.37654 | BK17: | | BO17: |
C18: Interest expense | E18: =SUM(Income!$K24:$V24) -> 32.162252 | G18: =SUM(Income!$W24:$AH24) -> 15.945357 | H18: =G18-E18 -> -16.216895 | I18: =IFERROR(IF(G18/E18-1=-1,"n/a",G18/E18-1),0) -> -0.50422138 | K18: =SUM(Income!$AI24:$AT24) -> 14.35 | L18: =K18-G18 -> -1.5953571 | M18: =IFERROR(IF(K18/G18-1=-1,"n/a",K18/G18-1),0) -> -0.10005151 | O18: =SUM(Income!$AU24:$BF24) -> 14.35 | P18: =O18-K18 -> 0 | Q18: =IFERROR(IF(O18/K18-1=-1,"n/a",O18/K18-1),0) -> 0 | S18: =SUM(Income!$BG24:$BR24) -> 14.35 | T18: =S18-O18 -> 0 | U18: =IFERROR(IF(S18/O18-1=-1,"n/a",S18/O18-1),0) -> 0 | BB18: | | BD18: =BH17 -> 529.37654 | BE18: Payroll | BF18: | | BG18: ------------- | BH18: ------- | BI18: ------- | BJ18: ------ | BL18: ------------- | BM18: ------- | BN18: -------
C19: Net Earnings | E19: =SUM(Income!$K26:$V26) -> 151.33196 | G19: =SUM(Income!$W26:$AH26) -> 308.05871 | H19: =G19-E19 -> 156.72675 | I19: =IFERROR(IF(G19/E19-1=-1,"n/a",G19/E19-1),0) -> 1.0356487 | K19: =SUM(Income!$AI26:$AT26) -> 391.36555 | L19: =K19-G19 -> 83.306845 | M19: =IFERROR(IF(K19/G19-1=-1,"n/a",K19/G19-1),0) -> 0.27042522 | O19: =SUM(Income!$AU26:$BF26) -> 483.14439 | P19: =O19-K19 -> 91.778838 | Q19: =IFERROR(IF(O19/K19-1=-1,"n/a",O19/K19-1),0) -> 0.23450924 | S19: =SUM(Income!$BG26:$BR26) -> 591.31474 | T19: =S19-O19 -> 108.17035 | U19: =IFERROR(IF(S19/O19-1=-1,"n/a",S19/O19-1),0) -> 0.22388824 | BB19: | | BC19: 1 | BD19: 35.457285 | BE19: =BD19/BD18 -> 0.066979328 | BF19: |
C20: Balance Sheet | BB20: | | BC20: 2 | BD20: -374.38789 | BE20: =BD20/BD18 -> -0.70722419 | BF20: |
C21: Assets | E21: =Balance!$V20 -> 1125.1344 | G21: =Balance!$AH20 -> 1422.1149 | H21: =G21-E21 -> 296.98058 | I21: =IFERROR(IF(G21/E21-1=-1,"n/a",G21/E21-1),0) -> 0.26395122 | K21: =Balance!$AT20 -> 1865.7421 | L21: =K21-G21 -> 443.62718 | M21: =IFERROR(IF(K21/G21-1=-1,"n/a",K21/G21-1),0) -> 0.31194889 | O21: =Balance!$BF20 -> 2405.3889 | P21: =O21-K21 -> 539.64676 | Q21: =IFERROR(IF(O21/K21-1=-1,"n/a",O21/K21-1),0) -> 0.28923974 | S21: =Balance!$BR20 -> 3057.7909 | T21: =S21-O21 -> 652.40196 | U21: =IFERROR(IF(S21/O21-1=-1,"n/a",S21/O21-1),0) -> 0.27122515 | BB21: | | BD21: =BH17 -> 529.37654 | BE21: Overhead | BF21: |
C22: Liabilities | E22: =Balance!$V26 -> 897.20722 | G22: =Balance!$AH26 -> 834.0568 | H22: =G22-E22 -> -63.150418 | I22: =IFERROR(IF(G22/E22-1=-1,"n/a",G22/E22-1),0) -> -0.070385543 | K22: =Balance!$AT26 -> 886.31843 | L22: =K22-G22 -> 52.261629 | M22: =IFERROR(IF(K22/G22-1=-1,"n/a",K22/G22-1),0) -> 0.062659556 | O22: =Balance!$BF26 -> 942.8208 | P22: =O22-K22 -> 56.50237 | Q22: =IFERROR(IF(O22/K22-1=-1,"n/a",O22/K22-1),0) -> 0.063749514 | S22: =Balance!$BR26 -> 1003.908 | T22: =S22-O22 -> 61.087223 | U22: =IFERROR(IF(S22/O22-1=-1,"n/a",S22/O22-1),0) -> 0.064791976 | BB22: | | BC22: 1 | BD22: -68.797537 | BE22: =BD22/BD21 -> -0.12995955 | BF22: |
C23: Equity | E23: =Balance!$V30 -> 227.92714 | G23: =Balance!$AH30 -> 588.05814 | H23: =G23-E23 -> 360.131 | I23: =IFERROR(IF(G23/E23-1=-1,"n/a",G23/E23-1),0) -> 1.5800269 | K23: =Balance!$AT30 -> 979.42369 | L23: =K23-G23 -> 391.36555 | M23: =IFERROR(IF(K23/G23-1=-1,"n/a",K23/G23-1),0) -> 0.66552187 | O23: =Balance!$BF30 -> 1462.5681 | P23: =O23-K23 -> 483.14439 | Q23: =IFERROR(IF(O23/K23-1=-1,"n/a",O23/K23-1),0) -> 0.49329457 | S23: =Balance!$BR30 -> 2053.8828 | T23: =S23-O23 -> 591.31474 | U23: =IFERROR(IF(S23/O23-1=-1,"n/a",S23/O23-1),0) -> 0.40429895 | BB23: | | BC23: 2 | BD23: -582.89754 | BE23: =BD23/BD21 -> -1.1011019 | BF23: |
C24: Cash Flow Statement | BB24: | | BD24: =BH17 -> 529.37654 | BE24: Comsn | BF24: |
C25: Cash from Operations | E25: =SUM(Cash!$K14:$V14) -> 93.915229 | G25: =SUM(Cash!$W14:$AH14) -> 288.89158 | H25: =G25-E25 -> 194.97635 | I25: =IFERROR(IF(G25/E25-1=-1,"n/a",G25/E25-1),0) -> 2.0760887 | K25: =SUM(Cash!$AI14:$AT14) -> 370.23871 | L25: =K25-G25 -> 81.347136 | M25: =IFERROR(IF(K25/G25-1=-1,"n/a",K25/G25-1),0) -> 0.28158362 | O25: =SUM(Cash!$AU14:$BF14) -> 459.86334 | P25: =O25-K25 -> 89.624623 | Q25: =IFERROR(IF(O25/K25-1=-1,"n/a",O25/K25-1),0) -> 0.24207253 | S25: =SUM(Cash!$BG14:$BR14) -> 555.66607 | T25: =S25-O25 -> 95.802729 | U25: =IFERROR(IF(S25/O25-1=-1,"n/a",S25/O25-1),0) -> 0.20832869 | BB25: | | BC25: 1 | BD25: 324.12809 | BE25: =BD25/BD24 -> 0.61228269 | BF25: |
C26: Cash from Investing | E26: =SUM(Cash!$K23:$V23) -> -172 | G26: =SUM(Cash!$W23:$AH23) -> 0 | H26: =G26-E26 -> 172 | I26: =IFERROR(IF(G26/E26-1=-1,"n/a",G26/E26-1),0) -> n/a | K26: =SUM(Cash!$AI23:$AT23) -> 0 | L26: =K26-G26 -> 0 | M26: =IFERROR(IF(K26/G26-1=-1,"n/a",K26/G26-1),0) -> 0 | O26: =SUM(Cash!$AU23:$BF23) -> 0 | P26: =O26-K26 -> 0 | Q26: =IFERROR(IF(O26/K26-1=-1,"n/a",O26/K26-1),0) -> 0 | S26: =SUM(Cash!$BG23:$BR23) -> 60 | T26: =S26-O26 -> 60 | U26: =IFERROR(IF(S26/O26-1=-1,"n/a",S26/O26-1),0) -> 0 | BB26: | | BC26: 2 | BD26: 202.95371 | BE26: =BD26/BD24 -> 0.38338253 | BF26: |
C27: Cash from Financing | E27: =SUM(Cash!$K32:$V32) -> 378.08477 | G27: =SUM(Cash!$W32:$AH32) -> -59.417298 | H27: =G27-E27 -> -437.50207 | I27: =IFERROR(IF(G27/E27-1=-1,"n/a",G27/E27-1),0) -> -1.1571534 | K27: =SUM(Cash!$AI32:$AT32) -> 0 | L27: =K27-G27 -> 59.417298 | M27: =IFERROR(IF(K27/G27-1=-1,"n/a",K27/G27-1),0) -> n/a | O27: =SUM(Cash!$AU32:$BF32) -> 0 | P27: =O27-K27 -> 0 | Q27: =IFERROR(IF(O27/K27-1=-1,"n/a",O27/K27-1),0) -> 0 | S27: =SUM(Cash!$BG32:$BR32) -> 0 | T27: =S27-O27 -> 0 | U27: =IFERROR(IF(S27/O27-1=-1,"n/a",S27/O27-1),0) -> 0 | BB27: | | BD27: =BH17 -> 529.37654 | BE27: Depn | BF27: |
C28: Valuation | BB28: | | BC28: 1 | BD28: 361.22839 | BE28: =BD28/BD27 -> 0.6823657 | BF28: |
C29: Discounted Cash Flow | E29: Enterprise | G29: =Valuation!$H$25 -> 7182.4925 | BB29: | | BC29: 2 | BD29: 277.15432 | BE29: =BD29/BD27 -> 0.52354854 | BF29: |
E30: Equity | G30: =Valuation!$H$28 -> 7521.9667 | BC30: ---- | BD30: --------- | BE30: -------------
C32: Industry Multiple | E32: EV/EBITDA | G32: =Valuation!$N$25 -> 2646.8827
E33: P/E ratio | G33: =Valuation!$N$28 -> 2464.4697
